Workbook
Name _______AD1: #REF!
Name _______AD2: #REF!
Name ______AD1: #REF!
Name ______AD2: #REF!
Name _____AD1: #REF!
Name _____AD2: #REF!
Name _____KS1: #REF!
Name _____KS2: #REF!
Name _____KS3: #REF!
Name ____AD1: #REF!
Name ____AD2: #REF!
Name ____KS1: #REF!
Name ____KS2: #REF!
Name ____KS3: #REF!
Name ____lea95: #REF!
Name ____lea96: #REF!
Name ____lea97: #REF!
Name ____lea98: #REF!
Name ____lu9495: #REF!
Name ____lu9596: #REF!
Name ____lu9697: #REF!
Name ____Num2: #REF!
Name ____pup1: #REF!
Name ____pup2: #REF!
Name ____RO1: #REF!
Name ___AD1: #REF!
Name ___AD2: #REF!
Name ___KS1: #REF!
Name ___KS2: #REF!
Name ___KS3: #REF!
Name ___lea95: #REF!
Name ___lea96: #REF!
Name ___lea97: #REF!
Name ___lea98: #REF!
Name ___lu9495: #REF!
Name ___lu9596: #REF!
Name ___lu9697: #REF!
Name ___Num2: #REF!
Name ___pup1: #REF!
Name ___pup2: #REF!
Name ___RO1: #REF!
Name __AD1: #REF!
Name __AD2: #REF!
Name __KS1: #REF!
Name __KS2: #REF!
Name __KS3: #REF!
Name __lea95: #REF!
Name __lea96: #REF!
Name __lea97: #REF!
Name __lea98: #REF!
Name __lu9495: #REF!
Name __lu9596: #REF!
Name __lu9697: #REF!
Name __Num2: #REF!
Name __pup1: #REF!
Name __pup2: #REF!
Name __RO1: #REF!
Name _AD1: #REF!
Name _AD2: #REF!
Name _KS1: #REF!

Sheet Benchmarking Ratio's Comparison
A1: Local Benchmarking Data for Barnet Schools - As per Income and Expenditure in 2025-26 | AD1: =VLOOKUP(C2,'All Schools Data view only'!A:EC,61,0) -> #N/A
B2: DfE Number | C2: =VLOOKUP(C3,$B$422:$C$537,2,0) -> 9999 | D2: =VLOOKUP(D3,$B$422:$C$537,2,0) -> 9999 | E2: =VLOOKUP(E3,$B$422:$C$537,2,0) -> 9999 | F2: =VLOOKUP(F3,$B$422:$C$537,2,0) -> 9999 | AC2: nursery | AD2: primary | AE2: secondary | AF2: special | AG2: pru
A3: Please select a School | C3: Please choose a school | D3: Please choose a school | E3: Please choose a school | F3: Please choose a school | AC3: 1999 | AD3: 5999 | AE3: 6999 | AF3: 7999 | AG3: 8999
B5: Pupil Numbers | C5: =VLOOKUP(C2,'All Schools Data view only'!$A$4:$EC$94,65,0) -> #N/A | D5: =VLOOKUP(D2,'All Schools Data view only'!$A$4:$EC$94,65,0) -> #N/A | E5: =VLOOKUP(E2,'All Schools Data view only'!$A$4:$EC$94,65,0) -> #N/A | F5: =VLOOKUP(F2,'All Schools Data view only'!$A$4:$EC$94,65,0) -> #N/A
G6: Sector Averages
A7: Area | B7: Key Ratios | C7: School Data | D7: School Data | E7: School Data | F7: School Data | G7: Nursery | H7: Primary | I7: Secondary | J7: Special | K7: Pupil Referral Unit
A8: Income
A9: I01 - Funds Delegated by LA | B9: As % of Total Revenue Income | C9: =IF(ISERROR(VLOOKUP(C$2,'All Schools Data view only'!$A:$EC,68,0)),"",VLOOKUP(C$2,'All Schools Data view only'!$A:$EC,68,0)) | D9: =IF(ISERROR(VLOOKUP(D$2,'All Schools Data view only'!$A:$EC,68,0)),"",VLOOKUP(D$2,'All Schools Data view only'!$A:$EC,68,0)) | E9: =IF(ISERROR(VLOOKUP(E$2,'All Schools Data view only'!$A:$EC,68,0)),"",VLOOKUP(E$2,'All Schools Data view only'!$A:$EC,68,0)) | F9: =IF(ISERROR(VLOOKUP(F$2,'All Schools Data view only'!$A:$EC,68,0)),"",VLOOKUP(F$2,'All Schools Data view only'!$A:$EC,68,0)) | G9: =VLOOKUP(AC$3,'All Schools Data view only'!$A:$EC,68,0) -> 0.35657546 | H9: =VLOOKUP(AD$3,'All Schools Data view only'!$A:$EC,68,0) -> 0.74955796 | I9: =VLOOKUP(AE$3,'All Schools Data view only'!$A:$EC,68,0) -> 0.66841363 | J9: =VLOOKUP(AF$3,'All Schools Data view only'!$A:$EC,68,0) -> 0.36669039 | K9: =VLOOKUP(AG$3,'All Schools Data view only'!$A:$EC,68,0) -> 0.58120447
B10: Income per pupil | C10: =IF(ISERROR(VLOOKUP(C$2,'All Schools Data view only'!$A:$EC,69,0)),"",VLOOKUP(C$2,'All Schools Data view only'!$A:$EC,69,0)) | D10: =IF(ISERROR(VLOOKUP(D$2,'All Schools Data view only'!$A:$EC,69,0)),"",VLOOKUP(D$2,'All Schools Data view only'!$A:$EC,69,0)) | E10: =IF(ISERROR(VLOOKUP(E$2,'All Schools Data view only'!$A:$EC,69,0)),"",VLOOKUP(E$2,'All Schools Data view only'!$A:$EC,69,0)) | F10: =IF(ISERROR(VLOOKUP(F$2,'All Schools Data view only'!$A:$EC,69,0)),"",VLOOKUP(F$2,'All Schools Data view only'!$A:$EC,69,0)) | G10: =VLOOKUP(AC$3,'All Schools Data view only'!$A:$EC,69,0) -> 3882.8578 | H10: =VLOOKUP(AD$3,'All Schools Data view only'!$A:$EC,69,0) -> 6789.9642 | I10: =VLOOKUP(AE$3,'All Schools Data view only'!$A:$EC,69,0) -> 7913.3043 | J10: =VLOOKUP(AF$3,'All Schools Data view only'!$A:$EC,69,0) -> 17896.647 | K10: =VLOOKUP(AG$3,'All Schools Data view only'!$A:$EC,69,0) -> 67338.054
A12: I02 - Sixth form funding | B12: As % of Total Revenue Income | C12: =IF(ISERROR(VLOOKUP(C$2,'All Schools Data view only'!$A:$EC,70,0)),"",VLOOKUP(C$2,'All Schools Data view only'!$A:$EC,70,0)) | D12: =IF(ISERROR(VLOOKUP(D$2,'All Schools Data view only'!$A:$EC,70,0)),"",VLOOKUP(D$2,'All Schools Data view only'!$A:$EC,70,0)) | E12: =IF(ISERROR(VLOOKUP(E$2,'All Schools Data view only'!$A:$EC,70,0)),"",VLOOKUP(E$2,'All Schools Data view only'!$A:$EC,70,0)) | F12: =IF(ISERROR(VLOOKUP(F$2,'All Schools Data view only'!$A:$EC,70,0)),"",VLOOKUP(F$2,'All Schools Data view only'!$A:$EC,70,0)) | G12: =VLOOKUP(AC$3,'All Schools Data view only'!$A:$EC,70,0) -> 0 | H12: =VLOOKUP(AD$3,'All Schools Data view only'!$A:$EC,70,0) -> 0 | I12: =VLOOKUP(AE$3,'All Schools Data view only'!$A:$EC,70,0) -> 0.14137275 | J12: =VLOOKUP(AF$3,'All Schools Data view only'!$A:$EC,70,0) -> 0.00027897353 | K12: =VLOOKUP(AG$3,'All Schools Data view only'!$A:$EC,70,0) -> 0
B13: Income per pupil | C13: =IF(ISERROR(VLOOKUP(C$2,'All Schools Data view only'!$A:$EC,71,0)),"",VLOOKUP(C$2,'All Schools Data view only'!$A:$EC,71,0)) | D13: =IF(ISERROR(VLOOKUP(D$2,'All Schools Data view only'!$A:$EC,71,0)),"",VLOOKUP(D$2,'All Schools Data view only'!$A:$EC,71,0)) | E13: =IF(ISERROR(VLOOKUP(E$2,'All Schools Data view only'!$A:$EC,71,0)),"",VLOOKUP(E$2,'All Schools Data view only'!$A:$EC,71,0)) | F13: =IF(ISERROR(VLOOKUP(F$2,'All Schools Data view only'!$A:$EC,71,0)),"",VLOOKUP(F$2,'All Schools Data view only'!$A:$EC,71,0)) | G13: =VLOOKUP(AC$3,'All Schools Data view only'!$A:$EC,71,0) -> 0 | H13: =VLOOKUP(AD$3,'All Schools Data view only'!$A:$EC,71,0) -> 0 | I13: =VLOOKUP(AE$3,'All Schools Data view only'!$A:$EC,71,0) -> 1726.091 | J13: =VLOOKUP(AF$3,'All Schools Data view only'!$A:$EC,71,0) -> 18.638356 | K13: =VLOOKUP(AG$3,'All Schools Data view only'!$A:$EC,71,0) -> 0
A15: I03 - SEN Funding | B15: As % of Total Revenue Income | C15: =IF(ISERROR(VLOOKUP(C$2,'All Schools Data view only'!$A:$EC,72,0)),"",VLOOKUP(C$2,'All Schools Data view only'!$A:$EC,72,0)) | D15: =IF(ISERROR(VLOOKUP(D$2,'All Schools Data view only'!$A:$EC,72,0)),"",VLOOKUP(D$2,'All Schools Data view only'!$A:$EC,72,0)) | E15: =IF(ISERROR(VLOOKUP(E$2,'All Schools Data view only'!$A:$EC,72,0)),"",VLOOKUP(E$2,'All Schools Data view only'!$A:$EC,72,0)) | F15: =IF(ISERROR(VLOOKUP(F$2,'All Schools Data view only'!$A:$EC,72,0)),"",VLOOKUP(F$2,'All Schools Data view only'!$A:$EC,72,0)) | G15: =VLOOKUP(AC$3,'All Schools Data view only'!$A:$EC,72,0) -> 0.012045215 | H15: =VLOOKUP(AD$3,'All Schools Data view only'!$A:$EC,72,0) -> 0.070161525 | I15: =VLOOKUP(AE$3,'All Schools Data view only'!$A:$EC,72,0) -> 0.049360681 | J15: =VLOOKUP(AF$3,'All Schools Data view only'!$A:$EC,72,0) -> 0.56352359 | K15: =VLOOKUP(AG$3,'All Schools Data view only'!$A:$EC,72,0) -> 0.17374829
B16: Income per pupil | C16: =IF(ISERROR(VLOOKUP(C$2,'All Schools Data view only'!$A:$EC,73,0)),"",VLOOKUP(C$2,'All Schools Data view only'!$A:$EC,73,0)) | D16: =IF(ISERROR(VLOOKUP(D$2,'All Schools Data view only'!$A:$EC,73,0)),"",VLOOKUP(D$2,'All Schools Data view only'!$A:$EC,73,0)) | E16: =IF(ISERROR(VLOOKUP(E$2,'All Schools Data view only'!$A:$EC,73,0)),"",VLOOKUP(E$2,'All Schools Data view only'!$A:$EC,73,0)) | F16: =IF(ISERROR(VLOOKUP(F$2,'All Schools Data view only'!$A:$EC,73,0)),"",VLOOKUP(F$2,'All Schools Data view only'!$A:$EC,73,0)) | G16: =VLOOKUP(AC$3,'All Schools Data view only'!$A:$EC,73,0) -> 130.07018 | H16: =VLOOKUP(AD$3,'All Schools Data view only'!$A:$EC,73,0) -> 669.97914 | I16: =VLOOKUP(AE$3,'All Schools Data view only'!$A:$EC,73,0) -> 649.46559 | J16: =VLOOKUP(AF$3,'All Schools Data view only'!$A:$EC,73,0) -> 28747.553 | K16: =VLOOKUP(AG$3,'All Schools Data view only'!$A:$EC,73,0) -> 16406.781
A18: I05 - Pupil Premium | B18: As % of Total Revenue Income | C18: =IF(ISERROR(VLOOKUP(C$2,'All Schools Data view only'!$A:$EC,76,0)),"",VLOOKUP(C$2,'All Schools Data view only'!$A:$EC,76,0)) | D18: =IF(ISERROR(VLOOKUP(D$2,'All Schools Data view only'!$A:$EC,76,0)),"",VLOOKUP(D$2,'All Schools Data view only'!$A:$EC,76,0)) | E18: =IF(ISERROR(VLOOKUP(E$2,'All Schools Data view only'!$A:$EC,76,0)),"",VLOOKUP(E$2,'All Schools Data view only'!$A:$EC,76,0)) | F18: =IF(ISERROR(VLOOKUP(F$2,'All Schools Data view only'!$A:$EC,76,0)),"",VLOOKUP(F$2,'All Schools Data view only'!$A:$EC,76,0)) | G18: =VLOOKUP(AC$3,'All Schools Data view only'!$A:$EC,76,0) -> 0 | H18: =VLOOKUP(AD$3,'All Schools Data view only'!$A:$EC,76,0) -> 0.034005077 | I18: =VLOOKUP(AE$3,'All Schools Data view only'!$A:$EC,76,0) -> 0.018695049 | J18: =VLOOKUP(AF$3,'All Schools Data view only'!$A:$EC,76,0) -> 0.013853899 | K18: =VLOOKUP(AG$3,'All Schools Data view only'!$A:$EC,76,0) -> 0.0071038858
B19: Income per pupil | C19: =IF(ISERROR(VLOOKUP(C$2,'All Schools Data view only'!$A:$EC,77,0)),"",VLOOKUP(C$2,'All Schools Data view only'!$A:$EC,77,0)) | D19: =IF(ISERROR(VLOOKUP(D$2,'All Schools Data view only'!$A:$EC,77,0)),"",VLOOKUP(D$2,'All Schools Data view only'!$A:$EC,77,0)) | E19: =IF(ISERROR(VLOOKUP(E$2,'All Schools Data view only'!$A:$EC,77,0)),"",VLOOKUP(E$2,'All Schools Data view only'!$A:$EC,77,0)) | F19: =IF(ISERROR(VLOOKUP(F$2,'All Schools Data view only'!$A:$EC,77,0)),"",VLOOKUP(F$2,'All Schools Data view only'!$A:$EC,77,0)) | G19: =VLOOKUP(AC$3,'All Schools Data view only'!$A:$EC,77,0) -> 0 | H19: =VLOOKUP(AD$3,'All Schools Data view only'!$A:$EC,77,0) -> 309.47883 | I19: =VLOOKUP(AE$3,'All Schools Data view only'!$A:$EC,77,0) -> 205.13395 | J19: =VLOOKUP(AF$3,'All Schools Data view only'!$A:$EC,77,0) -> 642.72264 | K19: =VLOOKUP(AG$3,'All Schools Data view only'!$A:$EC,77,0) -> 753.16964
A21: I06 - Other Gov. Grants | B21: As % of Total Revenue Income | C21: =IF(ISERROR(VLOOKUP(C$2,'All Schools Data view only'!$A:$EC,78,0)),"",VLOOKUP(C$2,'All Schools Data view only'!$A:$EC,78,0)) | D21: =IF(ISERROR(VLOOKUP(D$2,'All Schools Data view only'!$A:$EC,78,0)),"",VLOOKUP(D$2,'All Schools Data view only'!$A:$EC,78,0)) | E21: =IF(ISERROR(VLOOKUP(E$2,'All Schools Data view only'!$A:$EC,78,0)),"",VLOOKUP(E$2,'All Schools Data view only'!$A:$EC,78,0)) | F21: =IF(ISERROR(VLOOKUP(F$2,'All Schools Data view only'!$A:$EC,78,0)),"",VLOOKUP(F$2,'All Schools Data view only'!$A:$EC,78,0)) | G21: =VLOOKUP(AC$3,'All Schools Data view only'!$A:$EC,78,0) -> 0 | H21: =VLOOKUP(AD$3,'All Schools Data view only'!$A:$EC,78,0) -> 0.028753972 | I21: =VLOOKUP(AE$3,'All Schools Data view only'!$A:$EC,78,0) -> 0.0061767172 | J21: =VLOOKUP(AF$3,'All Schools Data view only'!$A:$EC,78,0) -> 0.0060097131 | K21: =VLOOKUP(AG$3,'All Schools Data view only'!$A:$EC,78,0) -> -0.001611257
B22: Income per pupil | C22: =IF(ISERROR(VLOOKUP(C$2,'All Schools Data view only'!$A:$EC,79,0)),"",VLOOKUP(C$2,'All Schools Data view only'!$A:$EC,79,0)) | D22: =IF(ISERROR(VLOOKUP(D$2,'All Schools Data view only'!$A:$EC,79,0)),"",VLOOKUP(D$2,'All Schools Data view only'!$A:$EC,79,0)) | E22: =IF(ISERROR(VLOOKUP(E$2,'All Schools Data view only'!$A:$EC,79,0)),"",VLOOKUP(E$2,'All Schools Data view only'!$A:$EC,79,0)) | F22: =IF(ISERROR(VLOOKUP(F$2,'All Schools Data view only'!$A:$EC,79,0)),"",VLOOKUP(F$2,'All Schools Data view only'!$A:$EC,79,0)) | G22: =VLOOKUP(AC$3,'All Schools Data view only'!$A:$EC,79,0) -> 0 | H22: =VLOOKUP(AD$3,'All Schools Data view only'!$A:$EC,79,0) -> 264.84914 | I22: =VLOOKUP(AE$3,'All Schools Data view only'!$A:$EC,79,0) -> 85.102308 | J22: =VLOOKUP(AF$3,'All Schools Data view only'!$A:$EC,79,0) -> 394.71735 | K22: =VLOOKUP(AG$3,'All Schools Data view only'!$A:$EC,79,0) -> -132.76839
A24: I07 - Other Grants & Payments | B24: As % of Total Revenue Income | C24: =IF(ISERROR(VLOOKUP(C$2,'All Schools Data view only'!$A:$EC,80,0)),"",VLOOKUP(C$2,'All Schools Data view only'!$A:$EC,80,0)) | D24: =IF(ISERROR(VLOOKUP(D$2,'All Schools Data view only'!$A:$EC,80,0)),"",VLOOKUP(D$2,'All Schools Data view only'!$A:$EC,80,0)) | E24: =IF(ISERROR(VLOOKUP(E$2,'All Schools Data view only'!$A:$EC,80,0)),"",VLOOKUP(E$2,'All Schools Data view only'!$A:$EC,80,0)) | F24: =IF(ISERROR(VLOOKUP(F$2,'All Schools Data view only'!$A:$EC,80,0)),"",VLOOKUP(F$2,'All Schools Data view only'!$A:$EC,80,0)) | G24: =VLOOKUP(AC$3,'All Schools Data view only'!$A:$EC,80,0) -> 0.0020469809 | H24: =VLOOKUP(AD$3,'All Schools Data view only'!$A:$EC,80,0) -> 0.034148446 | I24: =VLOOKUP(AE$3,'All Schools Data view only'!$A:$EC,80,0) -> 0.00091502792 | J24: =VLOOKUP(AF$3,'All Schools Data view only'!$A:$EC,80,0) -> 0.0056868899 | K24: =VLOOKUP(AG$3,'All Schools Data view only'!$A:$EC,80,0) -> 0.0086298043
B25: Income per pupil | C25: =IF(ISERROR(VLOOKUP(C$2,'All Schools Data view only'!$A:$EC,81,0)),"",VLOOKUP(C$2,'All Schools Data view only'!$A:$EC,81,0)) | D25: =IF(ISERROR(VLOOKUP(D$2,'All Schools Data view only'!$A:$EC,81,0)),"",VLOOKUP(D$2,'All Schools Data view only'!$A:$EC,81,0)) | E25: =IF(ISERROR(VLOOKUP(E$2,'All Schools Data view only'!$A:$EC,81,0)),"",VLOOKUP(E$2,'All Schools Data view only'!$A:$EC,81,0)) | F25: =IF(ISERROR(VLOOKUP(F$2,'All Schools Data view only'!$A:$EC,81,0)),"",VLOOKUP(F$2,'All Schools Data view only'!$A:$EC,81,0)) | G25: =VLOOKUP(AC$3,'All Schools Data view only'!$A:$EC,81,0) -> 21.103835 | H25: =VLOOKUP(AD$3,'All Schools Data view only'!$A:$EC,81,0) -> 303.19416 | I25: =VLOOKUP(AE$3,'All Schools Data view only'!$A:$EC,81,0) -> 9.9653788 | J25: =VLOOKUP(AF$3,'All Schools Data view only'!$A:$EC,81,0) -> 293.5421 | K25: =VLOOKUP(AG$3,'All Schools Data view only'!$A:$EC,81,0) -> 793.45204
A27: I08a & I08b - Income from Facilities & Services | B27: As % of Total Revenue Income | C27: =IF(ISERROR(VLOOKUP(C$2,'All Schools Data view only'!$A:$EC,82,0)),"",VLOOKUP(C$2,'All Schools Data view only'!$A:$EC,82,0)) | D27: =IF(ISERROR(VLOOKUP(D$2,'All Schools Data view only'!$A:$EC,82,0)),"",VLOOKUP(D$2,'All Schools Data view only'!$A:$EC,82,0)) | E27: =IF(ISERROR(VLOOKUP(E$2,'All Schools Data view only'!$A:$EC,82,0)),"",VLOOKUP(E$2,'All Schools Data view only'!$A:$EC,82,0)) | F27: =IF(ISERROR(VLOOKUP(F$2,'All Schools Data view only'!$A:$EC,82,0)),"",VLOOKUP(F$2,'All Schools Data view only'!$A:$EC,82,0)) | G27: =VLOOKUP(AC$3,'All Schools Data view only'!$A:$EC,82,0) -> 0.0022814002 | H27: =VLOOKUP(AD$3,'All Schools Data view only'!$A:$EC,82,0) -> 0.027342238 | I27: =VLOOKUP(AE$3,'All Schools Data view only'!$A:$EC,82,0) -> 0.0033384904 | J27: =VLOOKUP(AF$3,'All Schools Data view only'!$A:$EC,82,0) -> 0.040867532 | K27: =VLOOKUP(AG$3,'All Schools Data view only'!$A:$EC,82,0) -> 0.23033844
B28: Income per pupil | C28: =IF(ISERROR(VLOOKUP(C$2,'All Schools Data view only'!$A:$EC,83,0)),"",VLOOKUP(C$2,'All Schools Data view only'!$A:$EC,83,0)) | D28: =IF(ISERROR(VLOOKUP(D$2,'All Schools Data view only'!$A:$EC,83,0)),"",VLOOKUP(D$2,'All Schools Data view only'!$A:$EC,83,0)) | E28: =IF(ISERROR(VLOOKUP(E$2,'All Schools Data view only'!$A:$EC,83,0)),"",VLOOKUP(E$2,'All Schools Data view only'!$A:$EC,83,0)) | F28: =IF(ISERROR(VLOOKUP(F$2,'All Schools Data view only'!$A:$EC,83,0)),"",VLOOKUP(F$2,'All Schools Data view only'!$A:$EC,83,0)) | G28: =VLOOKUP(AC$3,'All Schools Data view only'!$A:$EC,83,0) -> 23.318527 | H28: =VLOOKUP(AD$3,'All Schools Data view only'!$A:$EC,83,0) -> 244.91195 | I28: =VLOOKUP(AE$3,'All Schools Data view only'!$A:$EC,83,0) -> 38.897457 | J28: =VLOOKUP(AF$3,'All Schools Data view only'!$A:$EC,83,0) -> 1911.3499 | K28: =VLOOKUP(AG$3,'All Schools Data view only'!$A:$EC,83,0) -> 33286.399
A30: I12 - Income from Contributions | B30: As % of Total Revenue Income | C30: =IF(ISERROR(VLOOKUP(C$2,'All Schools Data view only'!$A:$EC,84,0)),"",VLOOKUP(C$2,'All Schools Data view only'!$A:$EC,84,0)) | D30: =IF(ISERROR(VLOOKUP(D$2,'All Schools Data view only'!$A:$EC,84,0)),"",VLOOKUP(D$2,'All Schools Data view only'!$A:$EC,84,0)) | E30: =IF(ISERROR(VLOOKUP(E$2,'All Schools Data view only'!$A:$EC,84,0)),"",VLOOKUP(E$2,'All Schools Data view only'!$A:$EC,84,0)) | F30: =IF(ISERROR(VLOOKUP(F$2,'All Schools Data view only'!$A:$EC,84,0)),"",VLOOKUP(F$2,'All Schools Data view only'!$A:$EC,84,0)) | G30: =VLOOKUP(AC$3,'All Schools Data view only'!$A:$EC,84,0) -> 0.12002526 | H30: =VLOOKUP(AD$3,'All Schools Data view only'!$A:$EC,84,0) -> 0.01786117 | I30: =VLOOKUP(AE$3,'All Schools Data view only'!$A:$EC,84,0) -> 0.025524925 | J30: =VLOOKUP(AF$3,'All Schools Data view only'!$A:$EC,84,0) -> 0.00024037401 | K30: =VLOOKUP(AG$3,'All Schools Data view only'!$A:$EC,84,0) -> 0.00014598698
B31: Income per pupil | C31: =IF(ISERROR(VLOOKUP(C$2,'All Schools Data view only'!$A:$EC,85,0)),"",VLOOKUP(C$2,'All Schools Data view only'!$A:$EC,85,0)) | D31: =IF(ISERROR(VLOOKUP(D$2,'All Schools Data view only'!$A:$EC,85,0)),"",VLOOKUP(D$2,'All Schools Data view only'!$A:$EC,85,0)) | E31: =IF(ISERROR(VLOOKUP(E$2,'All Schools Data view only'!$A:$EC,85,0)),"",VLOOKUP(E$2,'All Schools Data view only'!$A:$EC,85,0)) | F31: =IF(ISERROR(VLOOKUP(F$2,'All Schools Data view only'!$A:$EC,85,0)),"",VLOOKUP(F$2,'All Schools Data view only'!$A:$EC,85,0)) | G31: =VLOOKUP(AC$3,'All Schools Data view only'!$A:$EC,85,0) -> 1337.5022 | H31: =VLOOKUP(AD$3,'All Schools Data view only'!$A:$EC,85,0) -> 161.34342 | I31: =VLOOKUP(AE$3,'All Schools Data view only'!$A:$EC,85,0) -> 400.24165 | J31: =VLOOKUP(AF$3,'All Schools Data view only'!$A:$EC,85,0) -> 13.638983 | K31: =VLOOKUP(AG$3,'All Schools Data view only'!$A:$EC,85,0) -> 21.25744
A33: I13 - Donations | B33: As % of Total Revenue Income | C33: =IF(ISERROR(VLOOKUP(C$2,'All Schools Data view only'!$A:$EC,86,0)),"",VLOOKUP(C$2,'All Schools Data view only'!$A:$EC,86,0)) | D33: =IF(ISERROR(VLOOKUP(D$2,'All Schools Data view only'!$A:$EC,86,0)),"",VLOOKUP(D$2,'All Schools Data view only'!$A:$EC,86,0)) | E33: =IF(ISERROR(VLOOKUP(E$2,'All Schools Data view only'!$A:$EC,86,0)),"",VLOOKUP(E$2,'All Schools Data view only'!$A:$EC,86,0)) | F33: =IF(ISERROR(VLOOKUP(F$2,'All Schools Data view only'!$A:$EC,86,0)),"",VLOOKUP(F$2,'All Schools Data view only'!$A:$EC,86,0)) | G33: =VLOOKUP(AC$3,'All Schools Data view only'!$A:$EC,86,0) -> 0.0019006978 | H33: =VLOOKUP(AD$3,'All Schools Data view only'!$A:$EC,86,0) -> 0.032728283 | I33: =VLOOKUP(AE$3,'All Schools Data view only'!$A:$EC,86,0) -> 0.069406448 | J33: =VLOOKUP(AF$3,'All Schools Data view only'!$A:$EC,86,0) -> 0.0018971469 | K33: =VLOOKUP(AG$3,'All Schools Data view only'!$A:$EC,86,0) -> 0.00014378609
B34: Income per pupil | C34: =IF(ISERROR(VLOOKUP(C$2,'All Schools Data view only'!$A:$EC,87,0)),"",VLOOKUP(C$2,'All Schools Data view only'!$A:$EC,87,0)) | D34: =IF(ISERROR(VLOOKUP(D$2,'All Schools Data view only'!$A:$EC,87,0)),"",VLOOKUP(D$2,'All Schools Data view only'!$A:$EC,87,0)) | E34: =IF(ISERROR(VLOOKUP(E$2,'All Schools Data view only'!$A:$EC,87,0)),"",VLOOKUP(E$2,'All Schools Data view only'!$A:$EC,87,0)) | F34: =IF(ISERROR(VLOOKUP(F$2,'All Schools Data view only'!$A:$EC,87,0)),"",VLOOKUP(F$2,'All Schools Data view only'!$A:$EC,87,0)) | G34: =VLOOKUP(AC$3,'All Schools Data view only'!$A:$EC,87,0) -> 21.253124 | H34: =VLOOKUP(AD$3,'All Schools Data view only'!$A:$EC,87,0) -> 335.36901 | I34: =VLOOKUP(AE$3,'All Schools Data view only'!$A:$EC,87,0) -> 964.56061 | J34: =VLOOKUP(AF$3,'All Schools Data view only'!$A:$EC,87,0) -> 102.48052 | K34: =VLOOKUP(AG$3,'All Schools Data view only'!$A:$EC,87,0) -> 12.605655
A36: Expenditure
A37: E01,E02 & E26 - Teaching Staff | B37: As % of Final Budget Share | C37: =IF(ISERROR(VLOOKUP(C$2,'All Schools Data view only'!$A:$EC,88,0)),"",VLOOKUP(C$2,'All Schools Data view only'!$A:$EC,88,0)) | D37: =IF(ISERROR(VLOOKUP(D$2,'All Schools Data view only'!$A:$EC,88,0)),"",VLOOKUP(D$2,'All Schools Data view only'!$A:$EC,88,0)) | E37: =IF(ISERROR(VLOOKUP(E$2,'All Schools Data view only'!$A:$EC,88,0)),"",VLOOKUP(E$2,'All Schools Data view only'!$A:$EC,88,0)) | F37: =IF(ISERROR(VLOOKUP(F$2,'All Schools Data view only'!$A:$EC,88,0)),"",VLOOKUP(F$2,'All Schools Data view only'!$A:$EC,88,0)) | G37: =VLOOKUP(AC$3,'All Schools Data view only'!$A:$EC,88,0) -> 0.15325403 | H37: =VLOOKUP(AD$3,'All Schools Data view only'!$A:$EC,88,0) -> 0.57800268 | I37: =VLOOKUP(AE$3,'All Schools Data view only'!$A:$EC,88,0) -> 0.73243075 | J37: =VLOOKUP(AF$3,'All Schools Data view only'!$A:$EC,88,0) -> 0.36575714 | K37: =VLOOKUP(AG$3,'All Schools Data view only'!$A:$EC,88,0) -> 0.81291906
B38: As % of Total Rev. Income | C38: =IF(ISERROR(VLOOKUP(C$2,'All Schools Data view only'!$A:$EC,89,0)),"",VLOOKUP(C$2,'All Schools Data view only'!$A:$EC,89,0)) | D38: =IF(ISERROR(VLOOKUP(D$2,'All Schools Data view only'!$A:$EC,89,0)),"",VLOOKUP(D$2,'All Schools Data view only'!$A:$EC,89,0)) | E38: =IF(ISERROR(VLOOKUP(E$2,'All Schools Data view only'!$A:$EC,89,0)),"",VLOOKUP(E$2,'All Schools Data view only'!$A:$EC,89,0)) | F38: =IF(ISERROR(VLOOKUP(F$2,'All Schools Data view only'!$A:$EC,89,0)),"",VLOOKUP(F$2,'All Schools Data view only'!$A:$EC,89,0)) | G38: =VLOOKUP(AC$3,'All Schools Data view only'!$A:$EC,89,0) -> 0.10941076 | H38: =VLOOKUP(AD$3,'All Schools Data view only'!$A:$EC,89,0) -> 0.47108862 | I38: =VLOOKUP(AE$3,'All Schools Data view only'!$A:$EC,89,0) -> 0.62349898 | J38: =VLOOKUP(AF$3,'All Schools Data view only'!$A:$EC,89,0) -> 0.33863462 | K38: =VLOOKUP(AG$3,'All Schools Data view only'!$A:$EC,89,0) -> 0.59526218
B39: As % of Total Rev. Expenditure | C39: =IF(ISERROR(VLOOKUP(C$2,'All Schools Data view only'!$A:$EC,90,0)),"",VLOOKUP(C$2,'All Schools Data view only'!$A:$EC,90,0)) | D39: =IF(ISERROR(VLOOKUP(D$2,'All Schools Data view only'!$A:$EC,90,0)),"",VLOOKUP(D$2,'All Schools Data view only'!$A:$EC,90,0)) | E39: =IF(ISERROR(VLOOKUP(E$2,'All Schools Data view only'!$A:$EC,90,0)),"",VLOOKUP(E$2,'All Schools Data view only'!$A:$EC,90,0)) | F39: =IF(ISERROR(VLOOKUP(F$2,'All Schools Data view only'!$A:$EC,90,0)),"",VLOOKUP(F$2,'All Schools Data view only'!$A:$EC,90,0)) | G39: =VLOOKUP(AC$3,'All Schools Data view only'!$A:$EC,90,0) -> 0.10897944 | H39: =VLOOKUP(AD$3,'All Schools Data view only'!$A:$EC,90,0) -> 0.4603559 | I39: =VLOOKUP(AE$3,'All Schools Data view only'!$A:$EC,90,0) -> 0.61780603 | J39: =VLOOKUP(AF$3,'All Schools Data view only'!$A:$EC,90,0) -> 0.34088111 | K39: =VLOOKUP(AG$3,'All Schools Data view only'!$A:$EC,90,0) -> 0.5953273
B40: Cost / Expenditure per pupil | C40: =IF(ISERROR(VLOOKUP(C$2,'All Schools Data view only'!$A:$EC,91,0)),"",VLOOKUP(C$2,'All Schools Data view only'!$A:$EC,91,0)) | D40: =IF(ISERROR(VLOOKUP(D$2,'All Schools Data view only'!$A:$EC,91,0)),"",VLOOKUP(D$2,'All Schools Data view only'!$A:$EC,91,0)) | E40: =IF(ISERROR(VLOOKUP(E$2,'All Schools Data view only'!$A:$EC,91,0)),"",VLOOKUP(E$2,'All Schools Data view only'!$A:$EC,91,0)) | F40: =IF(ISERROR(VLOOKUP(F$2,'All Schools Data view only'!$A:$EC,91,0)),"",VLOOKUP(F$2,'All Schools Data view only'!$A:$EC,91,0)) | G40: =VLOOKUP(AC$3,'All Schools Data view only'!$A:$EC,91,0) -> 1219.9381 | H40: =VLOOKUP(AD$3,'All Schools Data view only'!$A:$EC,91,0) -> 4270.4618 | I40: =VLOOKUP(AE$3,'All Schools Data view only'!$A:$EC,91,0) -> 7514.352 | J40: =VLOOKUP(AF$3,'All Schools Data view only'!$A:$EC,91,0) -> 17054.563 | K40: =VLOOKUP(AG$3,'All Schools Data view only'!$A:$EC,91,0) -> 69270.684
A42: E03 - Education Support Staff | B42: As % of Final Budget Share | C42: =IF(ISERROR(VLOOKUP(C$2,'All Schools Data view only'!$A:$EC,92,0)),"",VLOOKUP(C$2,'All Schools Data view only'!$A:$EC,92,0)) | D42: =IF(ISERROR(VLOOKUP(D$2,'All Schools Data view only'!$A:$EC,92,0)),"",VLOOKUP(D$2,'All Schools Data view only'!$A:$EC,92,0)) | E42: =IF(ISERROR(VLOOKUP(E$2,'All Schools Data view only'!$A:$EC,92,0)),"",VLOOKUP(E$2,'All Schools Data view only'!$A:$EC,92,0)) | F42: =IF(ISERROR(VLOOKUP(F$2,'All Schools Data view only'!$A:$EC,92,0)),"",VLOOKUP(F$2,'All Schools Data view only'!$A:$EC,92,0)) | G42: =VLOOKUP(AC$3,'All Schools Data view only'!$A:$EC,92,0) -> 0.31334396 | H42: =VLOOKUP(AD$3,'All Schools Data view only'!$A:$EC,92,0) -> 0.25323717 | I42: =VLOOKUP(AE$3,'All Schools Data view only'!$A:$EC,92,0) -> 0.12485186 | J42: =VLOOKUP(AF$3,'All Schools Data view only'!$A:$EC,92,0) -> 0.41586935 | K42: =VLOOKUP(AG$3,'All Schools Data view only'!$A:$EC,92,0) -> 0.10926647
B43: As % of Total Rev. Income | C43: =IF(ISERROR(VLOOKUP(C$2,'All Schools Data view only'!$A:$EC,93,0)),"",VLOOKUP(C$2,'All Schools Data view only'!$A:$EC,93,0)) | D43: =IF(ISERROR(VLOOKUP(D$2,'All Schools Data view only'!$A:$EC,93,0)),"",VLOOKUP(D$2,'All Schools Data view only'!$A:$EC,93,0)) | E43: =IF(ISERROR(VLOOKUP(E$2,'All Schools Data view only'!$A:$EC,93,0)),"",VLOOKUP(E$2,'All Schools Data view only'!$A:$EC,93,0)) | F43: =IF(ISERROR(VLOOKUP(F$2,'All Schools Data view only'!$A:$EC,93,0)),"",VLOOKUP(F$2,'All Schools Data view only'!$A:$EC,93,0)) | G43: =VLOOKUP(AC$3,'All Schools Data view only'!$A:$EC,93,0) -> 0.23267723 | H43: =VLOOKUP(AD$3,'All Schools Data view only'!$A:$EC,93,0) -> 0.20532144 | I43: =VLOOKUP(AE$3,'All Schools Data view only'!$A:$EC,93,0) -> 0.10737954 | J43: =VLOOKUP(AF$3,'All Schools Data view only'!$A:$EC,93,0) -> 0.3873466 | K43: =VLOOKUP(AG$3,'All Schools Data view only'!$A:$EC,93,0) -> 0.08884614
B44: As % of Total Rev. Expenditure | C44: =IF(ISERROR(VLOOKUP(C$2,'All Schools Data view only'!$A:$EC,94,0)),"",VLOOKUP(C$2,'All Schools Data view only'!$A:$EC,94,0)) | D44: =IF(ISERROR(VLOOKUP(D$2,'All Schools Data view only'!$A:$EC,94,0)),"",VLOOKUP(D$2,'All Schools Data view only'!$A:$EC,94,0)) | E44: =IF(ISERROR(VLOOKUP(E$2,'All Schools Data view only'!$A:$EC,94,0)),"",VLOOKUP(E$2,'All Schools Data view only'!$A:$EC,94,0)) | F44: =IF(ISERROR(VLOOKUP(F$2,'All Schools Data view only'!$A:$EC,94,0)),"",VLOOKUP(F$2,'All Schools Data view only'!$A:$EC,94,0)) | G44: =VLOOKUP(AC$3,'All Schools Data view only'!$A:$EC,94,0) -> 0.23676466 | H44: =VLOOKUP(AD$3,'All Schools Data view only'!$A:$EC,94,0) -> 0.20044463 | I44: =VLOOKUP(AE$3,'All Schools Data view only'!$A:$EC,94,0) -> 0.10582887 | J44: =VLOOKUP(AF$3,'All Schools Data view only'!$A:$EC,94,0) -> 0.38893856 | K44: =VLOOKUP(AG$3,'All Schools Data view only'!$A:$EC,94,0) -> 0.088677844
B45: Cost / Expenditure per pupil | C45: =IF(ISERROR(VLOOKUP(C$2,'All Schools Data view only'!$A:$EC,95,0)),"",VLOOKUP(C$2,'All Schools Data view only'!$A:$EC,95,0)) | D45: =IF(ISERROR(VLOOKUP(D$2,'All Schools Data view only'!$A:$EC,95,0)),"",VLOOKUP(D$2,'All Schools Data view only'!$A:$EC,95,0)) | E45: =IF(ISERROR(VLOOKUP(E$2,'All Schools Data view only'!$A:$EC,95,0)),"",VLOOKUP(E$2,'All Schools Data view only'!$A:$EC,95,0)) | F45: =IF(ISERROR(VLOOKUP(F$2,'All Schools Data view only'!$A:$EC,95,0)),"",VLOOKUP(F$2,'All Schools Data view only'!$A:$EC,95,0)) | G45: =VLOOKUP(AC$3,'All Schools Data view only'!$A:$EC,95,0) -> 2519.5439 | H45: =VLOOKUP(AD$3,'All Schools Data view only'!$A:$EC,95,0) -> 1914.589 | I45: =VLOOKUP(AE$3,'All Schools Data view only'!$A:$EC,95,0) -> 1302.8311 | J45: =VLOOKUP(AF$3,'All Schools Data view only'!$A:$EC,95,0) -> 19731.06 | K45: =VLOOKUP(AG$3,'All Schools Data view only'!$A:$EC,95,0) -> 8739.6765
A47: E04 - Premises Staff | B47: As % of Final Budget Share | C47: =IF(ISERROR(VLOOKUP(C$2,'All Schools Data view only'!$A:$EC,96,0)),"",VLOOKUP(C$2,'All Schools Data view only'!$A:$EC,96,0)) | D47: =IF(ISERROR(VLOOKUP(D$2,'All Schools Data view only'!$A:$EC,96,0)),"",VLOOKUP(D$2,'All Schools Data view only'!$A:$EC,96,0)) | E47: =IF(ISERROR(VLOOKUP(E$2,'All Schools Data view only'!$A:$EC,96,0)),"",VLOOKUP(E$2,'All Schools Data view only'!$A:$EC,96,0)) | F47: =IF(ISERROR(VLOOKUP(F$2,'All Schools Data view only'!$A:$EC,96,0)),"",VLOOKUP(F$2,'All Schools Data view only'!$A:$EC,96,0)) | G47: =VLOOKUP(AC$3,'All Schools Data view only'!$A:$EC,96,0) -> 0.023175417 | H47: =VLOOKUP(AD$3,'All Schools Data view only'!$A:$EC,96,0) -> 0.028317638 | I47: =VLOOKUP(AE$3,'All Schools Data view only'!$A:$EC,96,0) -> 0.016316658 | J47: =VLOOKUP(AF$3,'All Schools Data view only'!$A:$EC,96,0) -> 0.015512955 | K47: =VLOOKUP(AG$3,'All Schools Data view only'!$A:$EC,96,0) -> 0.0076024123
B48: As % of Total Rev. Income | C48: =IF(ISERROR(VLOOKUP(C$2,'All Schools Data view only'!$A:$EC,97,0)),"",VLOOKUP(C$2,'All Schools Data view only'!$A:$EC,97,0)) | D48: =IF(ISERROR(VLOOKUP(D$2,'All Schools Data view only'!$A:$EC,97,0)),"",VLOOKUP(D$2,'All Schools Data view only'!$A:$EC,97,0)) | E48: =IF(ISERROR(VLOOKUP(E$2,'All Schools Data view only'!$A:$EC,97,0)),"",VLOOKUP(E$2,'All Schools Data view only'!$A:$EC,97,0)) | F48: =IF(ISERROR(VLOOKUP(F$2,'All Schools Data view only'!$A:$EC,97,0)),"",VLOOKUP(F$2,'All Schools Data view only'!$A:$EC,97,0)) | G48: =VLOOKUP(AC$3,'All Schools Data view only'!$A:$EC,97,0) -> 0.016637343 | H48: =VLOOKUP(AD$3,'All Schools Data view only'!$A:$EC,97,0) -> 0.023370893 | I48: =VLOOKUP(AE$3,'All Schools Data view only'!$A:$EC,97,0) -> 0.013956643 | J48: =VLOOKUP(AF$3,'All Schools Data view only'!$A:$EC,97,0) -> 0.014671388 | K48: =VLOOKUP(AG$3,'All Schools Data view only'!$A:$EC,97,0) -> 0.0069067673
B49: As % of Total Rev. Expenditure | C49: =IF(ISERROR(VLOOKUP(C$2,'All Schools Data view only'!$A:$EC,98,0)),"",VLOOKUP(C$2,'All Schools Data view only'!$A:$EC,98,0)) | D49: =IF(ISERROR(VLOOKUP(D$2,'All Schools Data view only'!$A:$EC,98,0)),"",VLOOKUP(D$2,'All Schools Data view only'!$A:$EC,98,0)) | E49: =IF(ISERROR(VLOOKUP(E$2,'All Schools Data view only'!$A:$EC,98,0)),"",VLOOKUP(E$2,'All Schools Data view only'!$A:$EC,98,0)) | F49: =IF(ISERROR(VLOOKUP(F$2,'All Schools Data view only'!$A:$EC,98,0)),"",VLOOKUP(F$2,'All Schools Data view only'!$A:$EC,98,0)) | G49: =VLOOKUP(AC$3,'All Schools Data view only'!$A:$EC,98,0) -> 0.016623056 | H49: =VLOOKUP(AD$3,'All Schools Data view only'!$A:$EC,98,0) -> 0.022839226 | I49: =VLOOKUP(AE$3,'All Schools Data view only'!$A:$EC,98,0) -> 0.013802367 | J49: =VLOOKUP(AF$3,'All Schools Data view only'!$A:$EC,98,0) -> 0.014639295 | K49: =VLOOKUP(AG$3,'All Schools Data view only'!$A:$EC,98,0) -> 0.0068805273
B50: Cost / Expenditure per pupil | C50: =IF(ISERROR(VLOOKUP(C$2,'All Schools Data view only'!$A:$EC,99,0)),"",VLOOKUP(C$2,'All Schools Data view only'!$A:$EC,99,0)) | D50: =IF(ISERROR(VLOOKUP(D$2,'All Schools Data view only'!$A:$EC,99,0)),"",VLOOKUP(D$2,'All Schools Data view only'!$A:$EC,99,0)) | E50: =IF(ISERROR(VLOOKUP(E$2,'All Schools Data view only'!$A:$EC,99,0)),"",VLOOKUP(E$2,'All Schools Data view only'!$A:$EC,99,0)) | F50: =IF(ISERROR(VLOOKUP(F$2,'All Schools Data view only'!$A:$EC,99,0)),"",VLOOKUP(F$2,'All Schools Data view only'!$A:$EC,99,0)) | G50: =VLOOKUP(AC$3,'All Schools Data view only'!$A:$EC,99,0) -> 184.74061 | H50: =VLOOKUP(AD$3,'All Schools Data view only'!$A:$EC,99,0) -> 210.59851 | I50: =VLOOKUP(AE$3,'All Schools Data view only'!$A:$EC,99,0) -> 168.36014 | J50: =VLOOKUP(AF$3,'All Schools Data view only'!$A:$EC,99,0) -> 818.47316 | K50: =VLOOKUP(AG$3,'All Schools Data view only'!$A:$EC,99,0) -> 561.2025
A52: E05 - Admin & Clerical Staff | B52: As % of Final Budget Share | C52: =IF(ISERROR(VLOOKUP(C$2,'All Schools Data view only'!$A:$EC,100,0)),"",VLOOKUP(C$2,'All Schools Data view only'!$A:$EC,100,0)) | D52: =IF(ISERROR(VLOOKUP(D$2,'All Schools Data view only'!$A:$EC,100,0)),"",VLOOKUP(D$2,'All Schools Data view only'!$A:$EC,100,0)) | E52: =IF(ISERROR(VLOOKUP(E$2,'All Schools Data view only'!$A:$EC,100,0)),"",VLOOKUP(E$2,'All Schools Data view only'!$A:$EC,100,0)) | F52: =IF(ISERROR(VLOOKUP(F$2,'All Schools Data view only'!$A:$EC,100,0)),"",VLOOKUP(F$2,'All Schools Data view only'!$A:$EC,100,0)) | G52: =VLOOKUP(AC$3,'All Schools Data view only'!$A:$EC,100,0) -> 0.044686838 | H52: =VLOOKUP(AD$3,'All Schools Data view only'!$A:$EC,100,0) -> 0.051902375 | I52: =VLOOKUP(AE$3,'All Schools Data view only'!$A:$EC,100,0) -> 0.074298882 | J52: =VLOOKUP(AF$3,'All Schools Data view only'!$A:$EC,100,0) -> 0.035918837 | K52: =VLOOKUP(AG$3,'All Schools Data view only'!$A:$EC,100,0) -> 0.054986912
B53: As % of Total Rev. Income | C53: =IF(ISERROR(VLOOKUP(C$2,'All Schools Data view only'!$A:$EC,101,0)),"",VLOOKUP(C$2,'All Schools Data view only'!$A:$EC,101,0)) | D53: =IF(ISERROR(VLOOKUP(D$2,'All Schools Data view only'!$A:$EC,101,0)),"",VLOOKUP(D$2,'All Schools Data view only'!$A:$EC,101,0)) | E53: =IF(ISERROR(VLOOKUP(E$2,'All Schools Data view only'!$A:$EC,101,0)),"",VLOOKUP(E$2,'All Schools Data view only'!$A:$EC,101,0)) | F53: =IF(ISERROR(VLOOKUP(F$2,'All Schools Data view only'!$A:$EC,101,0)),"",VLOOKUP(F$2,'All Schools Data view only'!$A:$EC,101,0)) | G53: =VLOOKUP(AC$3,'All Schools Data view only'!$A:$EC,101,0) -> 0.031966396 | H53: =VLOOKUP(AD$3,'All Schools Data view only'!$A:$EC,101,0) -> 0.041920049 | I53: =VLOOKUP(AE$3,'All Schools Data view only'!$A:$EC,101,0) -> 0.063703577 | J53: =VLOOKUP(AF$3,'All Schools Data view only'!$A:$EC,101,0) -> 0.033859425 | K53: =VLOOKUP(AG$3,'All Schools Data view only'!$A:$EC,101,0) -> 0.041959778
B54: As % of Total Rev. Expenditure | C54: =IF(ISERROR(VLOOKUP(C$2,'All Schools Data view only'!$A:$EC,102,0)),"",VLOOKUP(C$2,'All Schools Data view only'!$A:$EC,102,0)) | D54: =IF(ISERROR(VLOOKUP(D$2,'All Schools Data view only'!$A:$EC,102,0)),"",VLOOKUP(D$2,'All Schools Data view only'!$A:$EC,102,0)) | E54: =IF(ISERROR(VLOOKUP(E$2,'All Schools Data view only'!$A:$EC,102,0)),"",VLOOKUP(E$2,'All Schools Data view only'!$A:$EC,102,0)) | F54: =IF(ISERROR(VLOOKUP(F$2,'All Schools Data view only'!$A:$EC,102,0)),"",VLOOKUP(F$2,'All Schools Data view only'!$A:$EC,102,0)) | G54: =VLOOKUP(AC$3,'All Schools Data view only'!$A:$EC,102,0) -> 0.031875881 | H54: =VLOOKUP(AD$3,'All Schools Data view only'!$A:$EC,102,0) -> 0.041050336 | I54: =VLOOKUP(AE$3,'All Schools Data view only'!$A:$EC,102,0) -> 0.062705485 | J54: =VLOOKUP(AF$3,'All Schools Data view only'!$A:$EC,102,0) -> 0.033827208 | K54: =VLOOKUP(AG$3,'All Schools Data view only'!$A:$EC,102,0) -> 0.041930208
B55: Cost / Expenditure per pupil | C55: =IF(ISERROR(VLOOKUP(C$2,'All Schools Data view only'!$A:$EC,103,0)),"",VLOOKUP(C$2,'All Schools Data view only'!$A:$EC,103,0)) | D55: =IF(ISERROR(VLOOKUP(D$2,'All Schools Data view only'!$A:$EC,103,0)),"",VLOOKUP(D$2,'All Schools Data view only'!$A:$EC,103,0)) | E55: =IF(ISERROR(VLOOKUP(E$2,'All Schools Data view only'!$A:$EC,103,0)),"",VLOOKUP(E$2,'All Schools Data view only'!$A:$EC,103,0)) | F55: =IF(ISERROR(VLOOKUP(F$2,'All Schools Data view only'!$A:$EC,103,0)),"",VLOOKUP(F$2,'All Schools Data view only'!$A:$EC,103,0)) | G55: =VLOOKUP(AC$3,'All Schools Data view only'!$A:$EC,103,0) -> 355.89687 | H55: =VLOOKUP(AD$3,'All Schools Data view only'!$A:$EC,103,0) -> 381.58138 | I55: =VLOOKUP(AE$3,'All Schools Data view only'!$A:$EC,103,0) -> 770.39683 | J55: =VLOOKUP(AF$3,'All Schools Data view only'!$A:$EC,103,0) -> 1668.8903 | K55: =VLOOKUP(AG$3,'All Schools Data view only'!$A:$EC,103,0) -> 4575.9571
A57: Total Employee Costs | B57: As % of Final Budget Share | C57: =IF(ISERROR(VLOOKUP(C$2,'All Schools Data view only'!$A:$EC,104,0)),"",VLOOKUP(C$2,'All Schools Data view only'!$A:$EC,104,0)) | D57: =IF(ISERROR(VLOOKUP(D$2,'All Schools Data view only'!$A:$EC,104,0)),"",VLOOKUP(D$2,'All Schools Data view only'!$A:$EC,104,0)) | E57: =IF(ISERROR(VLOOKUP(E$2,'All Schools Data view only'!$A:$EC,104,0)),"",VLOOKUP(E$2,'All Schools Data view only'!$A:$EC,104,0)) | F57: =IF(ISERROR(VLOOKUP(F$2,'All Schools Data view only'!$A:$EC,104,0)),"",VLOOKUP(F$2,'All Schools Data view only'!$A:$EC,104,0)) | G57: =VLOOKUP(AC$3,'All Schools Data view only'!$A:$EC,104,0) -> 0.55663495 | H57: =VLOOKUP(AD$3,'All Schools Data view only'!$A:$EC,104,0) -> 0.91044613 | I57: =VLOOKUP(AE$3,'All Schools Data view only'!$A:$EC,104,0) -> 0.94445001 | J57: =VLOOKUP(AF$3,'All Schools Data view only'!$A:$EC,104,0) -> 0.83716287 | K57: =VLOOKUP(AG$3,'All Schools Data view only'!$A:$EC,104,0) -> 0.94302384
B58: As % of Total Rev. Income | C58: =IF(ISERROR(VLOOKUP(C$2,'All Schools Data view only'!$A:$EC,105,0)),"",VLOOKUP(C$2,'All Schools Data view only'!$A:$EC,105,0)) | D58: =IF(ISERROR(VLOOKUP(D$2,'All Schools Data view only'!$A:$EC,105,0)),"",VLOOKUP(D$2,'All Schools Data view only'!$A:$EC,105,0)) | E58: =IF(ISERROR(VLOOKUP(E$2,'All Schools Data view only'!$A:$EC,105,0)),"",VLOOKUP(E$2,'All Schools Data view only'!$A:$EC,105,0)) | F58: =IF(ISERROR(VLOOKUP(F$2,'All Schools Data view only'!$A:$EC,105,0)),"",VLOOKUP(F$2,'All Schools Data view only'!$A:$EC,105,0)) | G58: =VLOOKUP(AC$3,'All Schools Data view only'!$A:$EC,105,0) -> 0.40639882 | H58: =VLOOKUP(AD$3,'All Schools Data view only'!$A:$EC,105,0) -> 0.7408475 | I58: =VLOOKUP(AE$3,'All Schools Data view only'!$A:$EC,105,0) -> 0.80509184 | J58: =VLOOKUP(AF$3,'All Schools Data view only'!$A:$EC,105,0) -> 0.7778634 | K58: =VLOOKUP(AG$3,'All Schools Data view only'!$A:$EC,105,0) -> 0.70101898
B59: As % of Total Rev. Expenditure | C59: =IF(ISERROR(VLOOKUP(C$2,'All Schools Data view only'!$A:$EC,106,0)),"",VLOOKUP(C$2,'All Schools Data view only'!$A:$EC,106,0)) | D59: =IF(ISERROR(VLOOKUP(D$2,'All Schools Data view only'!$A:$EC,106,0)),"",VLOOKUP(D$2,'All Schools Data view only'!$A:$EC,106,0)) | E59: =IF(ISERROR(VLOOKUP(E$2,'All Schools Data view only'!$A:$EC,106,0)),"",VLOOKUP(E$2,'All Schools Data view only'!$A:$EC,106,0)) | F59: =IF(ISERROR(VLOOKUP(F$2,'All Schools Data view only'!$A:$EC,106,0)),"",VLOOKUP(F$2,'All Schools Data view only'!$A:$EC,106,0)) | G59: =VLOOKUP(AC$3,'All Schools Data view only'!$A:$EC,106,0) -> 0.40981917 | H59: =VLOOKUP(AD$3,'All Schools Data view only'!$A:$EC,106,0) -> 0.72375698 | I59: =VLOOKUP(AE$3,'All Schools Data view only'!$A:$EC,106,0) -> 0.79664415 | J59: =VLOOKUP(AF$3,'All Schools Data view only'!$A:$EC,106,0) -> 0.78185263 | K59: =VLOOKUP(AG$3,'All Schools Data view only'!$A:$EC,106,0) -> 0.70088437
B60: Cost / Expenditure per pupil | C60: =IF(ISERROR(VLOOKUP(C$2,'All Schools Data view only'!$A:$EC,107,0)),"",VLOOKUP(C$2,'All Schools Data view only'!$A:$EC,107,0)) | D60: =IF(ISERROR(VLOOKUP(D$2,'All Schools Data view only'!$A:$EC,107,0)),"",VLOOKUP(D$2,'All Schools Data view only'!$A:$EC,107,0)) | E60: =IF(ISERROR(VLOOKUP(E$2,'All Schools Data view only'!$A:$EC,107,0)),"",VLOOKUP(E$2,'All Schools Data view only'!$A:$EC,107,0)) | F60: =IF(ISERROR(VLOOKUP(F$2,'All Schools Data view only'!$A:$EC,107,0)),"",VLOOKUP(F$2,'All Schools Data view only'!$A:$EC,107,0)) | G60: =VLOOKUP(AC$3,'All Schools Data view only'!$A:$EC,107,0) -> 4456.2869 | H60: =VLOOKUP(AD$3,'All Schools Data view only'!$A:$EC,107,0) -> 6768.688 | I60: =VLOOKUP(AE$3,'All Schools Data view only'!$A:$EC,107,0) -> 9723.7993 | J60: =VLOOKUP(AF$3,'All Schools Data view only'!$A:$EC,107,0) -> 39577.053 | K60: =VLOOKUP(AG$3,'All Schools Data view only'!$A:$EC,107,0) -> 79679.264
A62: E12 - Building Maintenance | B62: As % of Final Budget Share | C62: =IF(ISERROR(VLOOKUP(C$2,'All Schools Data view only'!$A:$EC,108,0)),"",VLOOKUP(C$2,'All Schools Data view only'!$A:$EC,108,0)) | D62: =IF(ISERROR(VLOOKUP(D$2,'All Schools Data view only'!$A:$EC,108,0)),"",VLOOKUP(D$2,'All Schools Data view only'!$A:$EC,108,0)) | E62: =IF(ISERROR(VLOOKUP(E$2,'All Schools Data view only'!$A:$EC,108,0)),"",VLOOKUP(E$2,'All Schools Data view only'!$A:$EC,108,0)) | F62: =IF(ISERROR(VLOOKUP(F$2,'All Schools Data view only'!$A:$EC,108,0)),"",VLOOKUP(F$2,'All Schools Data view only'!$A:$EC,108,0)) | G62: =VLOOKUP(AC$3,'All Schools Data view only'!$A:$EC,108,0) -> 0.0087458043 | H62: =VLOOKUP(AD$3,'All Schools Data view only'!$A:$EC,108,0) -> 0.016709067 | I62: =VLOOKUP(AE$3,'All Schools Data view only'!$A:$EC,108,0) -> 0.014801813 | J62: =VLOOKUP(AF$3,'All Schools Data view only'!$A:$EC,108,0) -> 0.01259637 | K62: =VLOOKUP(AG$3,'All Schools Data view only'!$A:$EC,108,0) -> 0.00092972107
B63: As % of Total Rev. Expenditure | C63: =IF(ISERROR(VLOOKUP(C$2,'All Schools Data view only'!$A:$EC,109,0)),"",VLOOKUP(C$2,'All Schools Data view only'!$A:$EC,109,0)) | D63: =IF(ISERROR(VLOOKUP(D$2,'All Schools Data view only'!$A:$EC,109,0)),"",VLOOKUP(D$2,'All Schools Data view only'!$A:$EC,109,0)) | E63: =IF(ISERROR(VLOOKUP(E$2,'All Schools Data view only'!$A:$EC,109,0)),"",VLOOKUP(E$2,'All Schools Data view only'!$A:$EC,109,0)) | F63: =IF(ISERROR(VLOOKUP(F$2,'All Schools Data view only'!$A:$EC,109,0)),"",VLOOKUP(F$2,'All Schools Data view only'!$A:$EC,109,0)) | G63: =VLOOKUP(AC$3,'All Schools Data view only'!$A:$EC,109,0) -> 0.0064466112 | H63: =VLOOKUP(AD$3,'All Schools Data view only'!$A:$EC,109,0) -> 0.012810619 | I63: =VLOOKUP(AE$3,'All Schools Data view only'!$A:$EC,109,0) -> 0.012162797 | J63: =VLOOKUP(AF$3,'All Schools Data view only'!$A:$EC,109,0) -> 0.011843491 | K63: =VLOOKUP(AG$3,'All Schools Data view only'!$A:$EC,109,0) -> 0.00076694202
B64: Cost / Expenditure per pupil | C64: =IF(ISERROR(VLOOKUP(C$2,'All Schools Data view only'!$A:$EC,110,0)),"",VLOOKUP(C$2,'All Schools Data view only'!$A:$EC,110,0)) | D64: =IF(ISERROR(VLOOKUP(D$2,'All Schools Data view only'!$A:$EC,110,0)),"",VLOOKUP(D$2,'All Schools Data view only'!$A:$EC,110,0)) | E64: =IF(ISERROR(VLOOKUP(E$2,'All Schools Data view only'!$A:$EC,110,0)),"",VLOOKUP(E$2,'All Schools Data view only'!$A:$EC,110,0)) | F64: =IF(ISERROR(VLOOKUP(F$2,'All Schools Data view only'!$A:$EC,110,0)),"",VLOOKUP(F$2,'All Schools Data view only'!$A:$EC,110,0)) | G64: =VLOOKUP(AC$3,'All Schools Data view only'!$A:$EC,110,0) -> 70.030526 | H64: =VLOOKUP(AD$3,'All Schools Data view only'!$A:$EC,110,0) -> 122.17856 | I64: =VLOOKUP(AE$3,'All Schools Data view only'!$A:$EC,110,0) -> 153.79286 | J64: =VLOOKUP(AF$3,'All Schools Data view only'!$A:$EC,110,0) -> 609.38782 | K64: =VLOOKUP(AG$3,'All Schools Data view only'!$A:$EC,110,0) -> 73.545446
A66: E15 - Water | B66: As % of Total Rev. Expenditure | C66: =IF(ISERROR(VLOOKUP(C$2,'All Schools Data view only'!$A:$EC,111,0)),"",VLOOKUP(C$2,'All Schools Data view only'!$A:$EC,111,0)) | D66: =IF(ISERROR(VLOOKUP(D$2,'All Schools Data view only'!$A:$EC,111,0)),"",VLOOKUP(D$2,'All Schools Data view only'!$A:$EC,111,0)) | E66: =IF(ISERROR(VLOOKUP(E$2,'All Schools Data view only'!$A:$EC,111,0)),"",VLOOKUP(E$2,'All Schools Data view only'!$A:$EC,111,0)) | F66: =IF(ISERROR(VLOOKUP(F$2,'All Schools Data view only'!$A:$EC,111,0)),"",VLOOKUP(F$2,'All Schools Data view only'!$A:$EC,111,0)) | G66: =VLOOKUP(AC$3,'All Schools Data view only'!$A:$EC,111,0) -> 0.00089572241 | H66: =VLOOKUP(AD$3,'All Schools Data view only'!$A:$EC,111,0) -> 0.0028623365 | I66: =VLOOKUP(AE$3,'All Schools Data view only'!$A:$EC,111,0) -> 0.0013420745 | J66: =VLOOKUP(AF$3,'All Schools Data view only'!$A:$EC,111,0) -> 0.0016406289 | K66: =VLOOKUP(AG$3,'All Schools Data view only'!$A:$EC,111,0) -> 8.5729073e-05
B67: Cost / Expenditure per pupil | C67: =IF(ISERROR(VLOOKUP(C$2,'All Schools Data view only'!$A:$EC,112,0)),"",VLOOKUP(C$2,'All Schools Data view only'!$A:$EC,112,0)) | D67: =IF(ISERROR(VLOOKUP(D$2,'All Schools Data view only'!$A:$EC,112,0)),"",VLOOKUP(D$2,'All Schools Data view only'!$A:$EC,112,0)) | E67: =IF(ISERROR(VLOOKUP(E$2,'All Schools Data view only'!$A:$EC,112,0)),"",VLOOKUP(E$2,'All Schools Data view only'!$A:$EC,112,0)) | F67: =IF(ISERROR(VLOOKUP(F$2,'All Schools Data view only'!$A:$EC,112,0)),"",VLOOKUP(F$2,'All Schools Data view only'!$A:$EC,112,0)) | G67: =VLOOKUP(AC$3,'All Schools Data view only'!$A:$EC,112,0) -> 9.52982 | H67: =VLOOKUP(AD$3,'All Schools Data view only'!$A:$EC,112,0) -> 27.13812 | I67: =VLOOKUP(AE$3,'All Schools Data view only'!$A:$EC,112,0) -> 15.955171 | J67: =VLOOKUP(AF$3,'All Schools Data view only'!$A:$EC,112,0) -> 77.612839 | K67: =VLOOKUP(AG$3,'All Schools Data view only'!$A:$EC,112,0) -> 6.9923958
A69: E16 - Energy | B69: As % of Final Budget Share | C69: =IF(ISERROR(VLOOKUP(C$2,'All Schools Data view only'!$A:$EC,113,0)),"",VLOOKUP(C$2,'All Schools Data view only'!$A:$EC,113,0)) | D69: =IF(ISERROR(VLOOKUP(D$2,'All Schools Data view only'!$A:$EC,113,0)),"",VLOOKUP(D$2,'All Schools Data view only'!$A:$EC,113,0)) | E69: =IF(ISERROR(VLOOKUP(E$2,'All Schools Data view only'!$A:$EC,113,0)),"",VLOOKUP(E$2,'All Schools Data view only'!$A:$EC,113,0)) | F69: =IF(ISERROR(VLOOKUP(F$2,'All Schools Data view only'!$A:$EC,113,0)),"",VLOOKUP(F$2,'All Schools Data view only'!$A:$EC,113,0)) | G69: =VLOOKUP(AC$3,'All Schools Data view only'!$A:$EC,113,0) -> 0.0094117835 | H69: =VLOOKUP(AD$3,'All Schools Data view only'!$A:$EC,113,0) -> 0.018001937 | I69: =VLOOKUP(AE$3,'All Schools Data view only'!$A:$EC,113,0) -> 0.020127577 | J69: =VLOOKUP(AF$3,'All Schools Data view only'!$A:$EC,113,0) -> 0.0086800735 | K69: =VLOOKUP(AG$3,'All Schools Data view only'!$A:$EC,113,0) -> 0.0082007225
B70: As % of Total Rev. Expenditure | C70: =IF(ISERROR(VLOOKUP(C$2,'All Schools Data view only'!$A:$EC,114,0)),"",VLOOKUP(C$2,'All Schools Data view only'!$A:$EC,114,0)) | D70: =IF(ISERROR(VLOOKUP(D$2,'All Schools Data view only'!$A:$EC,114,0)),"",VLOOKUP(D$2,'All Schools Data view only'!$A:$EC,114,0)) | E70: =IF(ISERROR(VLOOKUP(E$2,'All Schools Data view only'!$A:$EC,114,0)),"",VLOOKUP(E$2,'All Schools Data view only'!$A:$EC,114,0)) | F70: =IF(ISERROR(VLOOKUP(F$2,'All Schools Data view only'!$A:$EC,114,0)),"",VLOOKUP(F$2,'All Schools Data view only'!$A:$EC,114,0)) | G70: =VLOOKUP(AC$3,'All Schools Data view only'!$A:$EC,114,0) -> 0.0066379248 | H70: =VLOOKUP(AD$3,'All Schools Data view only'!$A:$EC,114,0) -> 0.01437527 | I70: =VLOOKUP(AE$3,'All Schools Data view only'!$A:$EC,114,0) -> 0.01729211 | J70: =VLOOKUP(AF$3,'All Schools Data view only'!$A:$EC,114,0) -> 0.0081473221 | K70: =VLOOKUP(AG$3,'All Schools Data view only'!$A:$EC,114,0) -> 0.0074220251
B71: Cost / Expenditure per pupil | C71: =IF(ISERROR(VLOOKUP(C$2,'All Schools Data view only'!$A:$EC,115,0)),"",VLOOKUP(C$2,'All Schools Data view only'!$A:$EC,115,0)) | D71: =IF(ISERROR(VLOOKUP(D$2,'All Schools Data view only'!$A:$EC,115,0)),"",VLOOKUP(D$2,'All Schools Data view only'!$A:$EC,115,0)) | E71: =IF(ISERROR(VLOOKUP(E$2,'All Schools Data view only'!$A:$EC,115,0)),"",VLOOKUP(E$2,'All Schools Data view only'!$A:$EC,115,0)) | F71: =IF(ISERROR(VLOOKUP(F$2,'All Schools Data view only'!$A:$EC,115,0)),"",VLOOKUP(F$2,'All Schools Data view only'!$A:$EC,115,0)) | G71: =VLOOKUP(AC$3,'All Schools Data view only'!$A:$EC,115,0) -> 74.820724 | H71: =VLOOKUP(AD$3,'All Schools Data view only'!$A:$EC,115,0) -> 133.63726 | I71: =VLOOKUP(AE$3,'All Schools Data view only'!$A:$EC,115,0) -> 208.91143 | J71: =VLOOKUP(AF$3,'All Schools Data view only'!$A:$EC,115,0) -> 397.8567 | K71: =VLOOKUP(AG$3,'All Schools Data view only'!$A:$EC,115,0) -> 605.36917
A73: E14 - Contract Cleaning | B73: As % of Total Rev. Expenditure | C73: =IF(ISERROR(VLOOKUP(C$2,'All Schools Data view only'!$A:$EC,131,0)),"",VLOOKUP(C$2,'All Schools Data view only'!$A:$EC,131,0)) | D73: =IF(ISERROR(VLOOKUP(D$2,'All Schools Data view only'!$A:$EC,131,0)),"",VLOOKUP(D$2,'All Schools Data view only'!$A:$EC,131,0)) | E73: =IF(ISERROR(VLOOKUP(E$2,'All Schools Data view only'!$A:$EC,131,0)),"",VLOOKUP(E$2,'All Schools Data view only'!$A:$EC,131,0)) | F73: =IF(ISERROR(VLOOKUP(F$2,'All Schools Data view only'!$A:$EC,131,0)),"",VLOOKUP(F$2,'All Schools Data view only'!$A:$EC,131,0)) | G73: =VLOOKUP(AC$3,'All Schools Data view only'!$A:$EC,131,0) -> 0.0047750915 | H73: =VLOOKUP(AD$3,'All Schools Data view only'!$A:$EC,131,0) -> 0.013710091 | I73: =VLOOKUP(AE$3,'All Schools Data view only'!$A:$EC,131,0) -> 0.016604801 | J73: =VLOOKUP(AF$3,'All Schools Data view only'!$A:$EC,131,0) -> 0.0072236855 | K73: =VLOOKUP(AG$3,'All Schools Data view only'!$A:$EC,131,0) -> 0.0051391033
B74: Cost / Expenditure per pupil | C74: =IF(ISERROR(VLOOKUP(C$2,'All Schools Data view only'!$A:$EC,132,0)),"",VLOOKUP(C$2,'All Schools Data view only'!$A:$EC,132,0)) | D74: =IF(ISERROR(VLOOKUP(D$2,'All Schools Data view only'!$A:$EC,132,0)),"",VLOOKUP(D$2,'All Schools Data view only'!$A:$EC,132,0)) | E74: =IF(ISERROR(VLOOKUP(E$2,'All Schools Data view only'!$A:$EC,132,0)),"",VLOOKUP(E$2,'All Schools Data view only'!$A:$EC,132,0)) | F74: =IF(ISERROR(VLOOKUP(F$2,'All Schools Data view only'!$A:$EC,132,0)),"",VLOOKUP(F$2,'All Schools Data view only'!$A:$EC,132,0)) | G74: =VLOOKUP(AC$3,'All Schools Data view only'!$A:$EC,132,0) -> 56.45492 | H74: =VLOOKUP(AD$3,'All Schools Data view only'!$A:$EC,132,0) -> 129.49472 | I74: =VLOOKUP(AE$3,'All Schools Data view only'!$A:$EC,132,0) -> 200.56573 | J74: =VLOOKUP(AF$3,'All Schools Data view only'!$A:$EC,132,0) -> 296.19631 | K74: =VLOOKUP(AG$3,'All Schools Data view only'!$A:$EC,132,0) -> 419.63308
A76: E25 - Catering Supplies | B76: As % of Total Rev. Expenditure | C76: =IF(ISERROR(VLOOKUP(C$2,'All Schools Data view only'!$A:$EC,124,0)),"",VLOOKUP(C$2,'All Schools Data view only'!$A:$EC,124,0)) | D76: =IF(ISERROR(VLOOKUP(D$2,'All Schools Data view only'!$A:$EC,124,0)),"",VLOOKUP(D$2,'All Schools Data view only'!$A:$EC,124,0)) | E76: =IF(ISERROR(VLOOKUP(E$2,'All Schools Data view only'!$A:$EC,124,0)),"",VLOOKUP(E$2,'All Schools Data view only'!$A:$EC,124,0)) | F76: =IF(ISERROR(VLOOKUP(F$2,'All Schools Data view only'!$A:$EC,124,0)),"",VLOOKUP(F$2,'All Schools Data view only'!$A:$EC,124,0)) | G76: =VLOOKUP(AC$3,'All Schools Data view only'!$A:$EC,124,0) -> 0.002571202 | H76: =VLOOKUP(AD$3,'All Schools Data view only'!$A:$EC,124,0) -> 0.0036708547 | I76: =VLOOKUP(AE$3,'All Schools Data view only'!$A:$EC,124,0) -> 0.0058348626 | J76: =VLOOKUP(AF$3,'All Schools Data view only'!$A:$EC,124,0) -> 0.00179602 | K76: =VLOOKUP(AG$3,'All Schools Data view only'!$A:$EC,124,0) -> 0.0056793636
B77: Cost / Expenditure per pupil | C77: =IF(ISERROR(VLOOKUP(C$2,'All Schools Data view only'!$A:$EC,125,0)),"",VLOOKUP(C$2,'All Schools Data view only'!$A:$EC,125,0)) | D77: =IF(ISERROR(VLOOKUP(D$2,'All Schools Data view only'!$A:$EC,125,0)),"",VLOOKUP(D$2,'All Schools Data view only'!$A:$EC,125,0)) | E77: =IF(ISERROR(VLOOKUP(E$2,'All Schools Data view only'!$A:$EC,125,0)),"",VLOOKUP(E$2,'All Schools Data view only'!$A:$EC,125,0)) | F77: =IF(ISERROR(VLOOKUP(F$2,'All Schools Data view only'!$A:$EC,125,0)),"",VLOOKUP(F$2,'All Schools Data view only'!$A:$EC,125,0)) | G77: =VLOOKUP(AC$3,'All Schools Data view only'!$A:$EC,125,0) -> 27.400473 | H77: =VLOOKUP(AD$3,'All Schools Data view only'!$A:$EC,125,0) -> 33.442402 | I77: =VLOOKUP(AE$3,'All Schools Data view only'!$A:$EC,125,0) -> 69.250771 | J77: =VLOOKUP(AF$3,'All Schools Data view only'!$A:$EC,125,0) -> 91.249359 | K77: =VLOOKUP(AG$3,'All Schools Data view only'!$A:$EC,125,0) -> 623.7069
A79: E18 - Other Occupation Costs | B79: As % of Final Budget Share | C79: =IF(ISERROR(VLOOKUP(C$2,'All Schools Data view only'!$A:$EC,116,0)),"",VLOOKUP(C$2,'All Schools Data view only'!$A:$EC,116,0)) | D79: =IF(ISERROR(VLOOKUP(D$2,'All Schools Data view only'!$A:$EC,116,0)),"",VLOOKUP(D$2,'All Schools Data view only'!$A:$EC,116,0)) | E79: =IF(ISERROR(VLOOKUP(E$2,'All Schools Data view only'!$A:$EC,116,0)),"",VLOOKUP(E$2,'All Schools Data view only'!$A:$EC,116,0)) | F79: =IF(ISERROR(VLOOKUP(F$2,'All Schools Data view only'!$A:$EC,116,0)),"",VLOOKUP(F$2,'All Schools Data view only'!$A:$EC,116,0)) | G79: =VLOOKUP(AC$3,'All Schools Data view only'!$A:$EC,116,0) -> 0.0037919485 | H79: =VLOOKUP(AD$3,'All Schools Data view only'!$A:$EC,116,0) -> 0.013247009 | I79: =VLOOKUP(AE$3,'All Schools Data view only'!$A:$EC,116,0) -> 0.012796752 | J79: =VLOOKUP(AF$3,'All Schools Data view only'!$A:$EC,116,0) -> 0.0056350338 | K79: =VLOOKUP(AG$3,'All Schools Data view only'!$A:$EC,116,0) -> 0.22902695
B80: As % of Total Rev. Expenditure | C80: =IF(ISERROR(VLOOKUP(C$2,'All Schools Data view only'!$A:$EC,117,0)),"",VLOOKUP(C$2,'All Schools Data view only'!$A:$EC,117,0)) | D80: =IF(ISERROR(VLOOKUP(D$2,'All Schools Data view only'!$A:$EC,117,0)),"",VLOOKUP(D$2,'All Schools Data view only'!$A:$EC,117,0)) | E80: =IF(ISERROR(VLOOKUP(E$2,'All Schools Data view only'!$A:$EC,117,0)),"",VLOOKUP(E$2,'All Schools Data view only'!$A:$EC,117,0)) | F80: =IF(ISERROR(VLOOKUP(F$2,'All Schools Data view only'!$A:$EC,117,0)),"",VLOOKUP(F$2,'All Schools Data view only'!$A:$EC,117,0)) | G80: =VLOOKUP(AC$3,'All Schools Data view only'!$A:$EC,117,0) -> 0.0028547535 | H80: =VLOOKUP(AD$3,'All Schools Data view only'!$A:$EC,117,0) -> 0.0097719044 | I80: =VLOOKUP(AE$3,'All Schools Data view only'!$A:$EC,117,0) -> 0.010326429 | J80: =VLOOKUP(AF$3,'All Schools Data view only'!$A:$EC,117,0) -> 0.0052780064 | K80: =VLOOKUP(AG$3,'All Schools Data view only'!$A:$EC,117,0) -> 0.13876177
B81: Cost / Expenditure per pupil | C81: =IF(ISERROR(VLOOKUP(C$2,'All Schools Data view only'!$A:$EC,118,0)),"",VLOOKUP(C$2,'All Schools Data view only'!$A:$EC,118,0)) | D81: =IF(ISERROR(VLOOKUP(D$2,'All Schools Data view only'!$A:$EC,118,0)),"",VLOOKUP(D$2,'All Schools Data view only'!$A:$EC,118,0)) | E81: =IF(ISERROR(VLOOKUP(E$2,'All Schools Data view only'!$A:$EC,118,0)),"",VLOOKUP(E$2,'All Schools Data view only'!$A:$EC,118,0)) | F81: =IF(ISERROR(VLOOKUP(F$2,'All Schools Data view only'!$A:$EC,118,0)),"",VLOOKUP(F$2,'All Schools Data view only'!$A:$EC,118,0)) | G81: =VLOOKUP(AC$3,'All Schools Data view only'!$A:$EC,118,0) -> 30.471439 | H81: =VLOOKUP(AD$3,'All Schools Data view only'!$A:$EC,118,0) -> 96.514506 | I81: =VLOOKUP(AE$3,'All Schools Data view only'!$A:$EC,118,0) -> 131.21518 | J81: =VLOOKUP(AF$3,'All Schools Data view only'!$A:$EC,118,0) -> 244.25555 | K81: =VLOOKUP(AG$3,'All Schools Data view only'!$A:$EC,118,0) -> 21426.448
A83: E19 - Learning Resources | B83: As % of Final Budget Share | C83: =IF(ISERROR(VLOOKUP(C$2,'All Schools Data view only'!$A:$EC,119,0)),"",VLOOKUP(C$2,'All Schools Data view only'!$A:$EC,119,0)) | D83: =IF(ISERROR(VLOOKUP(D$2,'All Schools Data view only'!$A:$EC,119,0)),"",VLOOKUP(D$2,'All Schools Data view only'!$A:$EC,119,0)) | E83: =IF(ISERROR(VLOOKUP(E$2,'All Schools Data view only'!$A:$EC,119,0)),"",VLOOKUP(E$2,'All Schools Data view only'!$A:$EC,119,0)) | F83: =IF(ISERROR(VLOOKUP(F$2,'All Schools Data view only'!$A:$EC,119,0)),"",VLOOKUP(F$2,'All Schools Data view only'!$A:$EC,119,0)) | G83: =VLOOKUP(AC$3,'All Schools Data view only'!$A:$EC,119,0) -> 0.0071462586 | H83: =VLOOKUP(AD$3,'All Schools Data view only'!$A:$EC,119,0) -> 0.035890983 | I83: =VLOOKUP(AE$3,'All Schools Data view only'!$A:$EC,119,0) -> 0.03088621 | J83: =VLOOKUP(AF$3,'All Schools Data view only'!$A:$EC,119,0) -> 0.013074094 | K83: =VLOOKUP(AG$3,'All Schools Data view only'!$A:$EC,119,0) -> 0.014924453
B84: As % of Total Rev. Income | C84: =IF(ISERROR(VLOOKUP(C$2,'All Schools Data view only'!$A:$EC,120,0)),"",VLOOKUP(C$2,'All Schools Data view only'!$A:$EC,120,0)) | D84: =IF(ISERROR(VLOOKUP(D$2,'All Schools Data view only'!$A:$EC,120,0)),"",VLOOKUP(D$2,'All Schools Data view only'!$A:$EC,120,0)) | E84: =IF(ISERROR(VLOOKUP(E$2,'All Schools Data view only'!$A:$EC,120,0)),"",VLOOKUP(E$2,'All Schools Data view only'!$A:$EC,120,0)) | F84: =IF(ISERROR(VLOOKUP(F$2,'All Schools Data view only'!$A:$EC,120,0)),"",VLOOKUP(F$2,'All Schools Data view only'!$A:$EC,120,0)) | G84: =VLOOKUP(AC$3,'All Schools Data view only'!$A:$EC,120,0) -> 0.005372816 | H84: =VLOOKUP(AD$3,'All Schools Data view only'!$A:$EC,120,0) -> 0.028611262 | I84: =VLOOKUP(AE$3,'All Schools Data view only'!$A:$EC,120,0) -> 0.025467516 | J84: =VLOOKUP(AF$3,'All Schools Data view only'!$A:$EC,120,0) -> 0.012059551 | K84: =VLOOKUP(AG$3,'All Schools Data view only'!$A:$EC,120,0) -> 0.011494178
B85: As % of Total Rev. Expenditure | C85: =IF(ISERROR(VLOOKUP(C$2,'All Schools Data view only'!$A:$EC,121,0)),"",VLOOKUP(C$2,'All Schools Data view only'!$A:$EC,121,0)) | D85: =IF(ISERROR(VLOOKUP(D$2,'All Schools Data view only'!$A:$EC,121,0)),"",VLOOKUP(D$2,'All Schools Data view only'!$A:$EC,121,0)) | E85: =IF(ISERROR(VLOOKUP(E$2,'All Schools Data view only'!$A:$EC,121,0)),"",VLOOKUP(E$2,'All Schools Data view only'!$A:$EC,121,0)) | F85: =IF(ISERROR(VLOOKUP(F$2,'All Schools Data view only'!$A:$EC,121,0)),"",VLOOKUP(F$2,'All Schools Data view only'!$A:$EC,121,0)) | G85: =VLOOKUP(AC$3,'All Schools Data view only'!$A:$EC,121,0) -> 0.0055027312 | H85: =VLOOKUP(AD$3,'All Schools Data view only'!$A:$EC,121,0) -> 0.028144127 | I85: =VLOOKUP(AE$3,'All Schools Data view only'!$A:$EC,121,0) -> 0.025256823 | J85: =VLOOKUP(AF$3,'All Schools Data view only'!$A:$EC,121,0) -> 0.012158987 | K85: =VLOOKUP(AG$3,'All Schools Data view only'!$A:$EC,121,0) -> 0.011484038
B86: Cost / Expenditure per pupil | C86: =IF(ISERROR(VLOOKUP(C$2,'All Schools Data view only'!$A:$EC,122,0)),"",VLOOKUP(C$2,'All Schools Data view only'!$A:$EC,122,0)) | D86: =IF(ISERROR(VLOOKUP(D$2,'All Schools Data view only'!$A:$EC,122,0)),"",VLOOKUP(D$2,'All Schools Data view only'!$A:$EC,122,0)) | E86: =IF(ISERROR(VLOOKUP(E$2,'All Schools Data view only'!$A:$EC,122,0)),"",VLOOKUP(E$2,'All Schools Data view only'!$A:$EC,122,0)) | F86: =IF(ISERROR(VLOOKUP(F$2,'All Schools Data view only'!$A:$EC,122,0)),"",VLOOKUP(F$2,'All Schools Data view only'!$A:$EC,122,0)) | G86: =VLOOKUP(AC$3,'All Schools Data view only'!$A:$EC,122,0) -> 57.648285 | H86: =VLOOKUP(AD$3,'All Schools Data view only'!$A:$EC,122,0) -> 259.62405 | I86: =VLOOKUP(AE$3,'All Schools Data view only'!$A:$EC,122,0) -> 339.58945 | J86: =VLOOKUP(AF$3,'All Schools Data view only'!$A:$EC,122,0) -> 625.10054 | K86: =VLOOKUP(AG$3,'All Schools Data view only'!$A:$EC,122,0) -> 1235.1766
A88: E22 - Administrative Supplies | B88: As % of Final Budget Share | C88: =IF(ISERROR(VLOOKUP(C$2,'All Schools Data view only'!$A:$EC,123,0)),"",VLOOKUP(C$2,'All Schools Data view only'!$A:$EC,123,0)) | D88: =IF(ISERROR(VLOOKUP(D$2,'All Schools Data view only'!$A:$EC,123,0)),"",VLOOKUP(D$2,'All Schools Data view only'!$A:$EC,123,0)) | E88: =IF(ISERROR(VLOOKUP(E$2,'All Schools Data view only'!$A:$EC,123,0)),"",VLOOKUP(E$2,'All Schools Data view only'!$A:$EC,123,0)) | F88: =IF(ISERROR(VLOOKUP(F$2,'All Schools Data view only'!$A:$EC,123,0)),"",VLOOKUP(F$2,'All Schools Data view only'!$A:$EC,123,0)) | G88: =VLOOKUP(AC$3,'All Schools Data view only'!$A:$EC,123,0) -> 0.0034086614 | H88: =VLOOKUP(AD$3,'All Schools Data view only'!$A:$EC,123,0) -> 0.0046484411 | I88: =VLOOKUP(AE$3,'All Schools Data view only'!$A:$EC,123,0) -> 0.0068343867 | J88: =VLOOKUP(AF$3,'All Schools Data view only'!$A:$EC,123,0) -> 0.0019572647 | K88: =VLOOKUP(AG$3,'All Schools Data view only'!$A:$EC,123,0) -> 0.0074770964
B89: As % of Total Rev. Expenditure | C89: =IF(ISERROR(VLOOKUP(C$2,'All Schools Data view only'!$A:$EC,124,0)),"",VLOOKUP(C$2,'All Schools Data view only'!$A:$EC,124,0)) | D89: =IF(ISERROR(VLOOKUP(D$2,'All Schools Data view only'!$A:$EC,124,0)),"",VLOOKUP(D$2,'All Schools Data view only'!$A:$EC,124,0)) | E89: =IF(ISERROR(VLOOKUP(E$2,'All Schools Data view only'!$A:$EC,124,0)),"",VLOOKUP(E$2,'All Schools Data view only'!$A:$EC,124,0)) | F89: =IF(ISERROR(VLOOKUP(F$2,'All Schools Data view only'!$A:$EC,124,0)),"",VLOOKUP(F$2,'All Schools Data view only'!$A:$EC,124,0)) | G89: =VLOOKUP(AC$3,'All Schools Data view only'!$A:$EC,124,0) -> 0.002571202 | H89: =VLOOKUP(AD$3,'All Schools Data view only'!$A:$EC,124,0) -> 0.0036708547 | I89: =VLOOKUP(AE$3,'All Schools Data view only'!$A:$EC,124,0) -> 0.0058348626 | J89: =VLOOKUP(AF$3,'All Schools Data view only'!$A:$EC,124,0) -> 0.00179602 | K89: =VLOOKUP(AG$3,'All Schools Data view only'!$A:$EC,124,0) -> 0.0056793636
B90: Cost / Expenditure per pupil | C90: =IF(ISERROR(VLOOKUP(C$2,'All Schools Data view only'!$A:$EC,125,0)),"",VLOOKUP(C$2,'All Schools Data view only'!$A:$EC,125,0)) | D90: =IF(ISERROR(VLOOKUP(D$2,'All Schools Data view only'!$A:$EC,125,0)),"",VLOOKUP(D$2,'All Schools Data view only'!$A:$EC,125,0)) | E90: =IF(ISERROR(VLOOKUP(E$2,'All Schools Data view only'!$A:$EC,125,0)),"",VLOOKUP(E$2,'All Schools Data view only'!$A:$EC,125,0)) | F90: =IF(ISERROR(VLOOKUP(F$2,'All Schools Data view only'!$A:$EC,125,0)),"",VLOOKUP(F$2,'All Schools Data view only'!$A:$EC,125,0)) | G90: =VLOOKUP(AC$3,'All Schools Data view only'!$A:$EC,125,0) -> 27.400473 | H90: =VLOOKUP(AD$3,'All Schools Data view only'!$A:$EC,125,0) -> 33.442402 | I90: =VLOOKUP(AE$3,'All Schools Data view only'!$A:$EC,125,0) -> 69.250771 | J90: =VLOOKUP(AF$3,'All Schools Data view only'!$A:$EC,125,0) -> 91.249359 | K90: =VLOOKUP(AG$3,'All Schools Data view only'!$A:$EC,125,0) -> 623.7069
A92: E27 - Bought in Prof Services Curriculum | B92: As % of Final Budget Share | C92: =IF(ISERROR(VLOOKUP(C$2,'All Schools Data view only'!$A:$EC,126,0)),"",VLOOKUP(C$2,'All Schools Data view only'!$A:$EC,126,0)) | D92: =IF(ISERROR(VLOOKUP(D$2,'All Schools Data view only'!$A:$EC,126,0)),"",VLOOKUP(D$2,'All Schools Data view only'!$A:$EC,126,0)) | E92: =IF(ISERROR(VLOOKUP(E$2,'All Schools Data view only'!$A:$EC,126,0)),"",VLOOKUP(E$2,'All Schools Data view only'!$A:$EC,126,0)) | F92: =IF(ISERROR(VLOOKUP(F$2,'All Schools Data view only'!$A:$EC,126,0)),"",VLOOKUP(F$2,'All Schools Data view only'!$A:$EC,126,0)) | G92: =VLOOKUP(AC$3,'All Schools Data view only'!$A:$EC,126,0) -> 0.016797429 | H92: =VLOOKUP(AD$3,'All Schools Data view only'!$A:$EC,126,0) -> 0.077507958 | I92: =VLOOKUP(AE$3,'All Schools Data view only'!$A:$EC,126,0) -> 0.020009969 | J92: =VLOOKUP(AF$3,'All Schools Data view only'!$A:$EC,126,0) -> 0.11758748 | K92: =VLOOKUP(AG$3,'All Schools Data view only'!$A:$EC,126,0) -> 0.039767017
B93: As % of Total Rev. Expenditure | C93: =IF(ISERROR(VLOOKUP(C$2,'All Schools Data view only'!$A:$EC,127,0)),"",VLOOKUP(C$2,'All Schools Data view only'!$A:$EC,127,0)) | D93: =IF(ISERROR(VLOOKUP(D$2,'All Schools Data view only'!$A:$EC,127,0)),"",VLOOKUP(D$2,'All Schools Data view only'!$A:$EC,127,0)) | E93: =IF(ISERROR(VLOOKUP(E$2,'All Schools Data view only'!$A:$EC,127,0)),"",VLOOKUP(E$2,'All Schools Data view only'!$A:$EC,127,0)) | F93: =IF(ISERROR(VLOOKUP(F$2,'All Schools Data view only'!$A:$EC,127,0)),"",VLOOKUP(F$2,'All Schools Data view only'!$A:$EC,127,0)) | G93: =VLOOKUP(AC$3,'All Schools Data view only'!$A:$EC,127,0) -> 0.011038778 | H93: =VLOOKUP(AD$3,'All Schools Data view only'!$A:$EC,127,0) -> 0.062229375 | I93: =VLOOKUP(AE$3,'All Schools Data view only'!$A:$EC,127,0) -> 0.016988296 | J93: =VLOOKUP(AF$3,'All Schools Data view only'!$A:$EC,127,0) -> 0.10941467 | K93: =VLOOKUP(AG$3,'All Schools Data view only'!$A:$EC,127,0) -> 0.034054946
B94: Cost / Expenditure per pupil | C94: =IF(ISERROR(VLOOKUP(C$2,'All Schools Data view only'!$A:$EC,128,0)),"",VLOOKUP(C$2,'All Schools Data view only'!$A:$EC,128,0)) | D94: =IF(ISERROR(VLOOKUP(D$2,'All Schools Data view only'!$A:$EC,128,0)),"",VLOOKUP(D$2,'All Schools Data view only'!$A:$EC,128,0)) | E94: =IF(ISERROR(VLOOKUP(E$2,'All Schools Data view only'!$A:$EC,128,0)),"",VLOOKUP(E$2,'All Schools Data view only'!$A:$EC,128,0)) | F94: =IF(ISERROR(VLOOKUP(F$2,'All Schools Data view only'!$A:$EC,128,0)),"",VLOOKUP(F$2,'All Schools Data view only'!$A:$EC,128,0)) | G94: =VLOOKUP(AC$3,'All Schools Data view only'!$A:$EC,128,0) -> 132.07095 | H94: =VLOOKUP(AD$3,'All Schools Data view only'!$A:$EC,128,0) -> 599.03294 | I94: =VLOOKUP(AE$3,'All Schools Data view only'!$A:$EC,128,0) -> 211.67708 | J94: =VLOOKUP(AF$3,'All Schools Data view only'!$A:$EC,128,0) -> 4986.756 | K94: =VLOOKUP(AG$3,'All Schools Data view only'!$A:$EC,128,0) -> 3063.2734
A96: Pupil Premium Free School Meals | B96: Pupil Numbers | C96: =VLOOKUP(C2,'All Schools Data view only'!$A$4:$EC$95,133,0) -> #N/A | D96: =VLOOKUP(D2,'All Schools Data view only'!$A$4:$EC$95,133,0) -> #N/A | E96: =VLOOKUP(E2,'All Schools Data view only'!$A$4:$EC$95,133,0) -> #N/A | F96: =VLOOKUP(F2,'All Schools Data view only'!$A$4:$EC$95,133,0) -> #N/A | G96: =VLOOKUP(AC$3,'All Schools Data view only'!$A:$EC,133,0) -> 0 | H96: =VLOOKUP(AD$3,'All Schools Data view only'!$A:$EC,133,0) -> 61.971831 | I96: =VLOOKUP(AE$3,'All Schools Data view only'!$A:$EC,133,0) -> 147.16667 | J96: =VLOOKUP(AF$3,'All Schools Data view only'!$A:$EC,133,0) -> 57.666667 | K96: =VLOOKUP(AG$3,'All Schools Data view only'!$A:$EC,133,0) -> 19
B422: Please choose a school | C422: 9999 | D422: 9999 | E422: 9999 | F422: 9999
B424: BEYA | C424: 1000 | D424: 1000 | E424: 1000 | F424: 1000
B425: Moss Hall Nursery School | C425: 1002 | D425: 1002 | E425: 1002 | F425: 1002
B427: Akiva | C427: 3520 | D427: 3520 | E427: 3520 | F427: 3520
B428: All Saints' CE School (N20) | C428: 3317 | D428: 3317 | E428: 3317 | F428: 3317
B429: All Saints' CE School (NW2) | C429: 3300 | D429: 3300 | E429: 3300 | F429: 3300
B430: Annunciation RC Infant School | C430: 3500 | D430: 3500 | E430: 3500 | F430: 3500
B431: Annunciation RC Junior School | C431: 3514 | D431: 3514 | E431: 3514 | F431: 3514
B432: Barnfield School | C432: 2002 | D432: 2002 | E432: 2002 | F432: 2002
B433: Beis Yaakov | C433: 2079 | D433: 2079 | E433: 2079 | F433: 2079
B434: Beit Shvidler | C434: 3524 | D434: 3524 | E434: 3524 | F434: 3524
B435: Bell Lane School | C435: 2003 | D435: 2003 | E435: 2003 | F435: 2003
... B515: Pavilion Study Centre | C515: 1100 | D515: 1100 | E515: 1100 | F515: 1100

Sheet All Schools Data view only
A1: 1 | B1: 2 | C1: 3 | D1: 4 | E1: 5 | F1: 6 | G1: 7 | H1: 8 | I1: 9 | J1: 10 | K1: 11 | L1: 12 | M1: 13 | N1: 14 | O1: 15 | P1: 16 | Q1: 17 | R1: 18 | S1: 19 | T1: 20 | U1: 21 | V1: 22 | W1: 23 | X1: 24 | Y1: 25 | Z1: 26 | AA1: 27 | AB1: 28 | AC1: 29 | AD1: 30 | AE1: 31 | AF1: 32 | AG1: 33 | AH1: 34 | AI1: 35 | AJ1: 36 | AK1: 37 | AL1: 38 | AM1: 39 | AN1: 40 | AO1: 41 | AP1: 42 | AQ1: 43 | AR1: 44 | AS1: 45 | AT1: 46 | AU1: 47 | AV1: 48 | AW1: 49 | AX1: 50 | AY1: 51 | AZ1: 52 | BA1: 53 | BB1: 54 | BC1: 55 | BD1: 56 | BE1: 57 | BF1: 58 | BG1: 59 | BH1: 60 | BI1: 61 | BJ1: 62 | BK1: 63 | BL1: 64 | BM1: 65 | BN1: 66 | BO1: 67 | BP1: 68 | BQ1: 69 | BR1: 70 | BS1: 71 | BT1: 72 | BU1: 73 | BV1: 74 | BW1: 75 | BX1: 76 | BY1: 77 | BZ1: 78 | CA1: 79 | CB1: 80 | CC1: 81 | CD1: 82 | CE1: 83 | CF1: 84 | CG1: 85 | CH1: 86 | CI1: 87 | CJ1: 88 | CK1: 89 | CL1: 90 | CM1: 91 | CN1: 92 | CO1: 93 | CP1: 94 | CQ1: 95 | CR1: 96 | CS1: 97 | CT1: 98 | CU1: 99 | CV1: 100 | CW1: 101 | CX1: 102 | CY1: 103 | CZ1: 104 | DA1: 105 | DB1: 106 | DC1: 107 | DD1: 108 | DE1: 109 | DF1: 110 | DG1: 111 | DH1: 112 | DI1: 113 | DJ1: 114 | DK1: 115 | DL1: 116 | DM1: 117 | DN1: 118 | DO1: 119 | DP1: 120 | DQ1: 121 | DR1: 122 | DS1: 123 | DT1: 124 | DU1: 125 | DV1: 126 | DW1: 127 | DX1: 128 | DY1: 129 | DZ1: 130 | EA1: 131 | EB1: 132 | EC1: 133
A2: 2025-26 CFR Data Return to DfE | BH2: Excludes Community Focussed Extended Schools Income | BI2: Excludes Community Focussed Extended Schools Expenditure | BK2: Excl Community Focussed Revenue Balance | BL2: Excl Community Focussed Revenue Balance | BP2: I01 - Funds Del. By LA | BR2: I02 - Sixth form funding | BT2: I03 - SEN Funding | BV2: I04 - Ethnic Minority | BX2: I05 - Pupil Premium | BZ2: I06 - Other Gov. Grants | CB2: I07 - Other Grants & Payments | CD2: I08a &b Inc. from Lettings & Other Facilities & Services | CF2: I12 Inc. from Contributions | CH2: I13 Donations / Voluntary Funds | CJ2: E01, E02, E26 - Teaching Staff | CN2: E03 Education Support Staff | CR2: E04 Premises Staff | CV2: E05 Admin & Clerical Staff | CZ2: Total Employee Costs | DD2: E12 Building Maintenance & Improvement | DG2: E15 Water | DI2: E16 Energy | DL2: E18 Other Occupation Costs | DO2: E19 Learning Resources | DS2: E22 Administrative Supplies | DV2: E27 Brought in Prof Services- Curriculum | DY2: E25 Catering Supplies | EA2: E14 Contract Cleaning | EC2: Pupil Premium Free School Meals Data 2025/26
A3: DfE No | B3: Cost Centre | C3: School | D3: I01 - Funds Del. By LA | E3: I02 - Sixth form funding | F3: I03 - SEN Funding | G3: I04 - Ethnic Minority | H3: I05 - Pupil Premium | I3: I06 - Other Gov. Grants | J3: I07 - Other Grants & Payments | K3: I08a - Income from Lettings | L3: I08b - Income from other Facilities & Services | M3: I09 - Income from Catering | N3: I10 - Supply teacher ins claims | O3: I11 - receipts from other ins claims | P3: I12 - Income from Contributions | Q3: I13 - Donations | R3: I15 - Pupil Focussed Extended School Funding and/or Grants | S3: I16 - Community Focussed Extended School Funding and/or Grants | T3: I17 - Community Focussed Extended School Facilities Income | U3: E01 - Teaching Staff | V3: E02 - Supply Staff | W3: E03 - Educ Support Staff | X3: E04 - Premises Staff | Y3: E05 -Admin & Clerical | Z3: E06 - Catering Staff | AA3: E07 - Cost of Other Staff | AB3: E08 - Indirect Employee Exp | AC3: E09 - Staff Dev & Training | AD3: E10 - Supply Teacher Ins | AE3: E11 - Staff Related Ins | AF3: E12 - Building Maint & Imp | AG3: E13 - Grounds Maint & Impt | AH3: E14 - Contract Cleaning | AI3: E15 - Water | AJ3: E16 - Energy | AK3: E17 - Rates | AL3: E18 - Other Occup. Costs | AM3: E19 - Learning Resources | AN3: E20a - Connectivity | AO3: E20b - Onsite Servers | AP3: E20c - IT Learning Resources | AQ3: E20d - Admin, Software & Systems | AR3: E20e - Laptops, Desktops & Tablets | AS3: E20f - Other Hardware | AT3: E20g - IT Support | AU3: E21 - Exam fees | AV3: E22 - Admin Supplies | AW3: E23 - Other Ins Premiums | AX3: E24 - Special Facilities | AY3: E25 - Catering Supplies | AZ3: E26 - Agency Supply Staff | BA3: E27 - Bought in Proff. Services (Curric) | BB3: E28a - Bought in Prof Services (other) | BC3: E28b - Bought in Prof Services (PFI) | BD3: E29 - Loan Interest | BE3: E30 - RCCO | BF3: E31 - Community Focussed Extended School Staff | BG3: E32 - Community Focussed Extended School Costs | BH3: Total Revenue Income | BI3: Total Revenue Expenditure | BJ3: Net in Year Rev Inc / (Exp) | BK3: Rev Balance b/fwd from 2024-25 | BL3: Rev Balance C/fwd to 2026-27 | BM3: Pupil Nos 2025-26 | BN3: Final Budget Share 2025-26 | BP3: As % of Total Revenue Income | BQ3: Income Per Pupil | BR3: As % of Total Revenue Income | BS3: Income Per Pupil | BT3: As % of Total Revenue Income | BU3: Income Per Pupil | BV3: As % of Total Revenue Income | BW3: Income Per Pupil | BX3: As % of Total Revenue Income | BY3: Income Per Pupil | BZ3: As % of Total Revenue Income | CA3: Income Per Pupil | CB3: As % of Total Revenue Income | CC3: Income Per Pupil | CD3: As % of Total Revenue Income | CE3: Income Per Pupil | CF3: As % of Total Revenue Income | CG3: Income Per Pupil | CH3: As % of Total Revenue Income | CI3: Income Per Pupil | CJ3: As % of Final Budget Share | CK3: As % of Total Revenue Income | CL3: As % of Total Rev Expenditure | CM3: Cost per Pupil | CN3: As % of Final Budget Share | CO3: As % of Total Revenue Income | CP3: As % of Total Rev Expenditure | CQ3: Cost per Pupil | CR3: As % of Final Budget Share | CS3: As % of Total Revenue Income | CT3: As % of Total Rev Expenditure | CU3: Cost per Pupil | CV3: As % of Final Budget Share | CW3: As % of Total Revenue Income | CX3: As % of Total Rev Expenditure | CY3: Cost per Pupil | CZ3: As % of Final Budget Share | DA3: As % of in year Revenue Income | DB3: As % of Total Rev Expenditure | DC3: Cost / Expenditure per Pupil | DD3: As % of Final Budget Share | DE3: As % of Total Rev Expenditure | DF3: Cost / Expenditure per pupil | DG3: As % of Total Rev Expenditure | DH3: Cost per Pupil | DI3: As % of Final Budget Share | DJ3: As % of Total Rev Expenditure | DK3: Cost per pupil | DL3: As % of Final Budget Share | DM3: As % of Total Rev Expenditure | DN3: Cost per pupil | DO3: As % of Final Budget Share | DP3: As % of Total Revenue Income | DQ3: As % of Total Rev Expenditure | DR3: Expenditure per Pupil | DS3: As % of Final Budget Share | DT3: As % of Total Rev Expenditure | DU3: Cost per pupil | DV3: As % of Final Budget Share | DW3: As % of Total Rev Expenditure | DX3: Cost per pupil | DY3: As % of Total Rev Expenditure | DZ3: Cost / Expenditure per pupil | EA3: As % of Total Rev Expenditure | EB3: Cost / Expenditure per pupil
A4: 1001 | B4: 10131 | C4: Hampden Way Nursery School | D4: =IFERROR(_xlfn.XLOOKUP($A4,CFR20252026_BenchMarkDataReport!B:B,CFR20252026_BenchMarkDataReport!S:S),0) -> 0 | E4: =IFERROR(_xlfn.XLOOKUP($A4,CFR20252026_BenchMarkDataReport!C:C,CFR20252026_BenchMarkDataReport!T:T),0) -> 0 | F4: =IFERROR(_xlfn.XLOOKUP($A4,CFR20252026_BenchMarkDataReport!D:D,CFR20252026_BenchMarkDataReport!U:U),0) -> 0 | G4: =IFERROR(_xlfn.XLOOKUP($A4,CFR20252026_BenchMarkDataReport!E:E,CFR20252026_BenchMarkDataReport!V:V),0) -> 0 | H4: =IFERROR(_xlfn.XLOOKUP($A4,CFR20252026_BenchMarkDataReport!F:F,CFR20252026_BenchMarkDataReport!W:W),0) -> 0 | I4: =IFERROR(_xlfn.XLOOKUP($A4,CFR20252026_BenchMarkDataReport!G:G,CFR20252026_BenchMarkDataReport!X:X),0) -> 0 | J4: =IFERROR(_xlfn.XLOOKUP($A4,CFR20252026_BenchMarkDataReport!H:H,CFR20252026_BenchMarkDataReport!Y:Y),0) -> 0 | K4: =IFERROR(_xlfn.XLOOKUP($A4,CFR20252026_BenchMarkDataReport!I:I,CFR20252026_BenchMarkDataReport!Z:Z),0) -> 0 | L4: =IFERROR(_xlfn.XLOOKUP($A4,CFR20252026_BenchMarkDataReport!J:J,CFR20252026_BenchMarkDataReport!AA:AA),0) -> 0 | M4: =IFERROR(_xlfn.XLOOKUP($A4,CFR20252026_BenchMarkDataReport!K:K,CFR20252026_BenchMarkDataReport!AB:AB),0) -> 0 | N4: =IFERROR(_xlfn.XLOOKUP($A4,CFR20252026_BenchMarkDataReport!L:L,CFR20252026_BenchMarkDataReport!AC:AC),0) -> 0 | O4: =IFERROR(_xlfn.XLOOKUP($A4,CFR20252026_BenchMarkDataReport!M:M,CFR20252026_BenchMarkDataReport!AD:AD),0) -> 0 | P4: =IFERROR(_xlfn.XLOOKUP($A4,CFR20252026_BenchMarkDataReport!N:N,CFR20252026_BenchMarkDataReport!AE:AE),0) -> 0 | Q4: =IFERROR(_xlfn.XLOOKUP($A4,CFR20252026_BenchMarkDataReport!O:O,CFR20252026_BenchMarkDataReport!AF:AF),0) -> 0 | R4: =IFERROR(_xlfn.XLOOKUP($A4,CFR20252026_BenchMarkDataReport!P:P,CFR20252026_BenchMarkDataReport!AG:AG),0) -> 0 | S4: =IFERROR(_xlfn.XLOOKUP($A4,CFR20252026_BenchMarkDataReport!Q:Q,CFR20252026_BenchMarkDataReport!AH:AH),0) -> 0 | T4: =IFERROR(_xlfn.XLOOKUP($A4,CFR20252026_BenchMarkDataReport!R:R,CFR20252026_BenchMarkDataReport!AI:AI),0) -> 0 | U4: =IFERROR(_xlfn.XLOOKUP($A4,CFR20252026_BenchMarkDataReport!S:S,CFR20252026_BenchMarkDataReport!AJ:AJ),0) -> 0 | V4: =IFERROR(_xlfn.XLOOKUP($A4,CFR20252026_BenchMarkDataReport!T:T,CFR20252026_BenchMarkDataReport!AK:AK),0) -> 0 | W4: =IFERROR(_xlfn.XLOOKUP($A4,CFR20252026_BenchMarkDataReport!U:U,CFR20252026_BenchMarkDataReport!AL:AL),0) -> 0 | X4: =IFERROR(_xlfn.XLOOKUP($A4,CFR20252026_BenchMarkDataReport!V:V,CFR20252026_BenchMarkDataReport!AM:AM),0) -> 0 | Y4: =IFERROR(_xlfn.XLOOKUP($A4,CFR20252026_BenchMarkDataReport!W:W,CFR20252026_BenchMarkDataReport!AN:AN),0) -> 0 | Z4: =IFERROR(_xlfn.XLOOKUP($A4,CFR20252026_BenchMarkDataReport!X:X,CFR20252026_BenchMarkDataReport!AO:AO),0) -> 0 | AA4: =IFERROR(_xlfn.XLOOKUP($A4,CFR20252026_BenchMarkDataReport!Y:Y,CFR20252026_BenchMarkDataReport!AP:AP),0) -> 0 | AB4: =IFERROR(_xlfn.XLOOKUP($A4,CFR20252026_BenchMarkDataReport!Z:Z,CFR20252026_BenchMarkDataReport!AQ:AQ),0) -> 0 | AC4: =IFERROR(_xlfn.XLOOKUP($A4,CFR20252026_BenchMarkDataReport!AA:AA,CFR20252026_BenchMarkDataReport!AR:AR),0) -> 0 | AD4: =IFERROR(_xlfn.XLOOKUP($A4,CFR20252026_BenchMarkDataReport!AB:AB,CFR20252026_BenchMarkDataReport!AS:AS),0) -> 0 | AE4: =IFERROR(_xlfn.XLOOKUP($A4,CFR20252026_BenchMarkDataReport!AC:AC,CFR20252026_BenchMarkDataReport!AT:AT),0) -> 0 | AF4: =IFERROR(_xlfn.XLOOKUP($A4,CFR20252026_BenchMarkDataReport!AD:AD,CFR20252026_BenchMarkDataReport!AU:AU),0) -> 0 | AG4: =IFERROR(_xlfn.XLOOKUP($A4,CFR20252026_BenchMarkDataReport!AE:AE,CFR20252026_BenchMarkDataReport!AV:AV),0) -> 0 | AH4: =IFERROR(_xlfn.XLOOKUP($A4,CFR20252026_BenchMarkDataReport!AF:AF,CFR20252026_BenchMarkDataReport!AW:AW),0) -> 0 | AI4: =IFERROR(_xlfn.XLOOKUP($A4,CFR20252026_BenchMarkDataReport!AG:AG,CFR20252026_BenchMarkDataReport!AX:AX),0) -> 0 | AJ4: =IFERROR(_xlfn.XLOOKUP($A4,CFR20252026_BenchMarkDataReport!AH:AH,CFR20252026_BenchMarkDataReport!AY:AY),0) -> 0 | AK4: =IFERROR(_xlfn.XLOOKUP($A4,CFR20252026_BenchMarkDataReport!AI:AI,CFR20252026_BenchMarkDataReport!AZ:AZ),0) -> 0 | AL4: =IFERROR(_xlfn.XLOOKUP($A4,CFR20252026_BenchMarkDataReport!AJ:AJ,CFR20252026_BenchMarkDataReport!BA:BA),0) -> 0 | AM4: =IFERROR(_xlfn.XLOOKUP($A4,CFR20252026_BenchMarkDataReport!AK:AK,CFR20252026_BenchMarkDataReport!BB:BB),0) -> 0 | AN4: =IFERROR(_xlfn.XLOOKUP($A4,CFR20252026_BenchMarkDataReport!AL:AL,CFR20252026_BenchMarkDataReport!BC:BC),0) -> 0 | AO4: =IFERROR(_xlfn.XLOOKUP($A4,CFR20252026_BenchMarkDataReport!AM:AM,CFR20252026_BenchMarkDataReport!BD:BD),0) -> 0 | AP4: =IFERROR(_xlfn.XLOOKUP($A4,CFR20252026_BenchMarkDataReport!AN:AN,CFR20252026_BenchMarkDataReport!BE:BE),0) -> 0 | AQ4: =IFERROR(_xlfn.XLOOKUP($A4,CFR20252026_BenchMarkDataReport!AO:AO,CFR20252026_BenchMarkDataReport!BF:BF),0) -> 0 | AR4: =IFERROR(_xlfn.XLOOKUP($A4,CFR20252026_BenchMarkDataReport!AP:AP,CFR20252026_BenchMarkDataReport!BG:BG),0) -> 0 | AS4: =IFERROR(_xlfn.XLOOKUP($A4,CFR20252026_BenchMarkDataReport!AQ:AQ,CFR20252026_BenchMarkDataReport!BH:BH),0) -> 0 | AT4: =IFERROR(_xlfn.XLOOKUP($A4,CFR20252026_BenchMarkDataReport!AR:AR,CFR20252026_BenchMarkDataReport!BI:BI),0) -> 0 | AU4: =IFERROR(_xlfn.XLOOKUP($A4,CFR20252026_BenchMarkDataReport!AS:AS,CFR20252026_BenchMarkDataReport!BJ:BJ),0) -> 0 | AV4: =IFERROR(_xlfn.XLOOKUP($A4,CFR20252026_BenchMarkDataReport!AT:AT,CFR20252026_BenchMarkDataReport!BK:BK),0) -> 0 | AW4: =IFERROR(_xlfn.XLOOKUP($A4,CFR20252026_BenchMarkDataReport!AU:AU,CFR20252026_BenchMarkDataReport!BL:BL),0) -> 0 | AX4: =IFERROR(_xlfn.XLOOKUP($A4,CFR20252026_BenchMarkDataReport!AV:AV,CFR20252026_BenchMarkDataReport!BM:BM),0) -> 0 | AY4: =IFERROR(_xlfn.XLOOKUP($A4,CFR20252026_BenchMarkDataReport!AW:AW,CFR20252026_BenchMarkDataReport!BN:BN),0) -> 0 | AZ4: =IFERROR(_xlfn.XLOOKUP($A4,CFR20252026_BenchMarkDataReport!AX:AX,CFR20252026_BenchMarkDataReport!BO:BO),0) -> 0 | BA4: =IFERROR(_xlfn.XLOOKUP($A4,CFR20252026_BenchMarkDataReport!AY:AY,CFR20252026_BenchMarkDataReport!BP:BP),0) -> 0 | BB4: =IFERROR(_xlfn.XLOOKUP($A4,CFR20252026_BenchMarkDataReport!AZ:AZ,CFR20252026_BenchMarkDataReport!BQ:BQ),0) -> 0 | BC4: =IFERROR(_xlfn.XLOOKUP($A4,CFR20252026_BenchMarkDataReport!BA:BA,CFR20252026_BenchMarkDataReport!BR:BR),0) -> 0 | BD4: =IFERROR(_xlfn.XLOOKUP($A4,CFR20252026_BenchMarkDataReport!BB:BB,CFR20252026_BenchMarkDataReport!BS:BS),0) -> 0 | BE4: =IFERROR(_xlfn.XLOOKUP($A4,CFR20252026_BenchMarkDataReport!BC:BC,CFR20252026_BenchMarkDataReport!BT:BT),0) -> 0 | BF4: =IFERROR(_xlfn.XLOOKUP($A4,CFR20252026_BenchMarkDataReport!BD:BD,CFR20252026_BenchMarkDataReport!BU:BU),0) -> 0 | BG4: =IFERROR(_xlfn.XLOOKUP($A4,CFR20252026_BenchMarkDataReport!BE:BE,CFR20252026_BenchMarkDataReport!BV:BV),0) -> 0 | BH4: =SUM(D4:R4) -> 0 | BI4: =SUM(U4:BE4) -> 0 | BJ4: =BH4-BI4 -> 0 | BK4: =IFERROR(_xlfn.XLOOKUP(A4,CFR20252026_BenchMarkDataReport!$B:$B,CFR20252026_BenchMarkDataReport!P:P)+_xlfn.XLOOKUP(A4,CFR20252026_BenchMarkDataReport!$B:$B,CFR20252026_BenchMarkDataReport!Q:Q),0) -> 0 | BL4: =SUM(BJ4:BK4) -> 0 | BM4: ='FEE2 Spring 25 - 26'!K12+'FEE 34 Spring 25 - 26'!K27 -> 81 | BN4: =D4+E4+F4 -> 0 | BO4: N | BP4: =IFERROR(D4/BH4,0) -> 0 | BQ4: =IFERROR(D4/BM4,0) -> 0 | BR4: =IFERROR((E4/BH4),0) -> 0 | BS4: =IFERROR(E4/BM4,0) -> 0 | BT4: =IFERROR((F4/BH4),0) -> 0 | BU4: =IFERROR(F4/BM4,0) -> 0 | BV4: =IFERROR((G4/BH4),0) -> 0 | BW4: =IFERROR(G4/BM4,0) -> 0 | BX4: =IFERROR((H4/BH4),0) -> 0 | BY4: =IFERROR(H4/BM4,0) -> 0 | BZ4: =IFERROR(I4/BH4,0) -> 0 | CA4: =IFERROR(I4/BM4,0) -> 0 | CB4: =IFERROR(J4/BH4,0) -> 0 | CC4: =IFERROR(J4/BM4,0) -> 0 | CD4: =IFERROR((K4+L4)/BH4,0) -> 0 | CE4: =IFERROR((K4+L4)/BM4,0) -> 0 | CF4: =IFERROR(P4/BH4,0) -> 0 | CG4: =IFERROR(P4/BM4,0) -> 0 | CH4: =IFERROR(Q4/BH4,0) -> 0 | CI4: =IFERROR((Q4/BM4),0) -> 0 | CJ4: =IFERROR((U4+V4+AZ4)/BN4,0) -> 0 | CK4: =IFERROR((U4+V4+AZ4)/BH4,0) -> 0 | CL4: =IFERROR((U4+V4+AZ4)/BI4,0) -> 0 | CM4: =IFERROR(((U4+V4+AZ4)/BM4),0) -> 0 | CN4: =IFERROR(W4/BN4,0) -> 0 | CO4: =IFERROR(W4/BH4,0) -> 0 | CP4: =IFERROR(W4/BI4,0) -> 0 | CQ4: =IFERROR((W4/BM4),0) -> 0 | CR4: =IFERROR(X4/BN4,0) -> 0 | CS4: =IFERROR(X4/BH4,0) -> 0 | CT4: =IFERROR(X4/BI4,0) -> 0 | CU4: =IFERROR((X4/BM4),0) -> 0 | CV4: =IFERROR(Y4/BN4,0) -> 0 | CW4: =IFERROR(Y4/BH4,0) -> 0 | CX4: =IFERROR(Y4/BI4,0) -> 0 | CY4: =IFERROR(Y4/BM4,0) -> 0 | CZ4: =IFERROR((U4+V4+W4+X4+Y4+Z4+AA4)/BN4,0) -> 0 | DA4: =IFERROR((U4+V4+W4+X4+Y4+Z4+AA4)/BH4,0) -> 0 | DB4: =IFERROR((U4+V4+W4+X4+Y4+Z4+AA4)/BI4,0) -> 0 | DC4: =IFERROR(((U4+V4+W4+X4+Y4+Z4+AA4)/BM4),0) -> 0 | DD4: =IFERROR(AF4/BN4,0) -> 0 | DE4: =IFERROR(AF4/BI4,0) -> 0 | DF4: =IFERROR((AF4/BM4),0) -> 0 | DG4: =IFERROR(AI4/BI4,0) -> 0 | DH4: =IFERROR((AI4/BM4),0) -> 0 | DI4: =IFERROR(AJ4/BN4,0) -> 0 | DJ4: =IFERROR(AJ4/BI4,0) -> 0 | DK4: =IFERROR((AJ4/BM4),0) -> 0 | DL4: =IFERROR(AL4/BN4,0) -> 0 | DM4: =IFERROR(AL4/BI4,0) -> 0 | DN4: =IFERROR((AL4/BM4),0) -> 0 | DO4: =IFERROR(AM4/BN4,0) -> 0 | DP4: =IFERROR(AM4/BH4,0) -> 0 | DQ4: =IFERROR(AM4/BI4,0) -> 0 | DR4: =IFERROR((AM4/BM4),0) -> 0 | DS4: =IFERROR(AV4/BN4,0) -> 0 | DT4: =IFERROR(AV4/BI4,0) -> 0 | DU4: =IFERROR((AV4/BM4),0) -> 0 | DV4: =IFERROR(BA4/BN4,0) -> 0 | DW4: =IFERROR(BA4/BI4,0) -> 0 | DX4: =IFERROR(BA4/BM4,0) -> 0 | DY4: =IFERROR(AY4/BI4,0) -> 0 | DZ4: =IFERROR((AY4/BM4),0) -> 0 | EA4: =IFERROR(AH4/BI4,0) -> 0 | EB4: =IFERROR((AH4/BM4),0) -> 0 | EC4: =IFERROR(VLOOKUP(A4,PP!$E$3:$S$130,14,0),0) -> 0
A5: 1003 | B5: 10133 | C5: St Margaret's Nursery School | D5: =IFERROR(_xlfn.XLOOKUP($A5,CFR20252026_BenchMarkDataReport!B:B,CFR20252026_BenchMarkDataReport!S:S),0) -> 0 | E5: =IFERROR(_xlfn.XLOOKUP($A5,CFR20252026_BenchMarkDataReport!C:C,CFR20252026_BenchMarkDataReport!T:T),0) -> 0 | F5: =IFERROR(_xlfn.XLOOKUP($A5,CFR20252026_BenchMarkDataReport!D:D,CFR20252026_BenchMarkDataReport!U:U),0) -> 0 | G5: =IFERROR(_xlfn.XLOOKUP($A5,CFR20252026_BenchMarkDataReport!E:E,CFR20252026_BenchMarkDataReport!V:V),0) -> 0 | H5: =IFERROR(_xlfn.XLOOKUP($A5,CFR20252026_BenchMarkDataReport!F:F,CFR20252026_BenchMarkDataReport!W:W),0) -> 0 | I5: =IFERROR(_xlfn.XLOOKUP($A5,CFR20252026_BenchMarkDataReport!G:G,CFR20252026_BenchMarkDataReport!X:X),0) -> 0 | J5: =IFERROR(_xlfn.XLOOKUP($A5,CFR20252026_BenchMarkDataReport!H:H,CFR20252026_BenchMarkDataReport!Y:Y),0) -> 0 | K5: =IFERROR(_xlfn.XLOOKUP($A5,CFR20252026_BenchMarkDataReport!I:I,CFR20252026_BenchMarkDataReport!Z:Z),0) -> 0 | L5: =IFERROR(_xlfn.XLOOKUP($A5,CFR20252026_BenchMarkDataReport!J:J,CFR20252026_BenchMarkDataReport!AA:AA),0) -> 0 | M5: =IFERROR(_xlfn.XLOOKUP($A5,CFR20252026_BenchMarkDataReport!K:K,CFR20252026_BenchMarkDataReport!AB:AB),0) -> 0 | N5: =IFERROR(_xlfn.XLOOKUP($A5,CFR20252026_BenchMarkDataReport!L:L,CFR20252026_BenchMarkDataReport!AC:AC),0) -> 0 | O5: =IFERROR(_xlfn.XLOOKUP($A5,CFR20252026_BenchMarkDataReport!M:M,CFR20252026_BenchMarkDataReport!AD:AD),0) -> 0 | P5: =IFERROR(_xlfn.XLOOKUP($A5,CFR20252026_BenchMarkDataReport!N:N,CFR20252026_BenchMarkDataReport!AE:AE),0) -> 0 | Q5: =IFERROR(_xlfn.XLOOKUP($A5,CFR20252026_BenchMarkDataReport!O:O,CFR20252026_BenchMarkDataReport!AF:AF),0) -> 0 | R5: =IFERROR(_xlfn.XLOOKUP($A5,CFR20252026_BenchMarkDataReport!P:P,CFR20252026_BenchMarkDataReport!AG:AG),0) -> 0 | S5: =IFERROR(_xlfn.XLOOKUP($A5,CFR20252026_BenchMarkDataReport!Q:Q,CFR20252026_BenchMarkDataReport!AH:AH),0) -> 0 | T5: =IFERROR(_xlfn.XLOOKUP($A5,CFR20252026_BenchMarkDataReport!R:R,CFR20252026_BenchMarkDataReport!AI:AI),0) -> 0 | U5: =IFERROR(_xlfn.XLOOKUP($A5,CFR20252026_BenchMarkDataReport!S:S,CFR20252026_BenchMarkDataReport!AJ:AJ),0) -> 0 | V5: =IFERROR(_xlfn.XLOOKUP($A5,CFR20252026_BenchMarkDataReport!T:T,CFR20252026_BenchMarkDataReport!AK:AK),0) -> 0 | W5: =IFERROR(_xlfn.XLOOKUP($A5,CFR20252026_BenchMarkDataReport!U:U,CFR20252026_BenchMarkDataReport!AL:AL),0) -> 0 | X5: =IFERROR(_xlfn.XLOOKUP($A5,CFR20252026_BenchMarkDataReport!V:V,CFR20252026_BenchMarkDataReport!AM:AM),0) -> 0 | Y5: =IFERROR(_xlfn.XLOOKUP($A5,CFR20252026_BenchMarkDataReport!W:W,CFR20252026_BenchMarkDataReport!AN:AN),0) -> 0 | Z5: =IFERROR(_xlfn.XLOOKUP($A5,CFR20252026_BenchMarkDataReport!X:X,CFR20252026_BenchMarkDataReport!AO:AO),0) -> 0 | AA5: =IFERROR(_xlfn.XLOOKUP($A5,CFR20252026_BenchMarkDataReport!Y:Y,CFR20252026_BenchMarkDataReport!AP:AP),0) -> 0 | AB5: =IFERROR(_xlfn.XLOOKUP($A5,CFR20252026_BenchMarkDataReport!Z:Z,CFR20252026_BenchMarkDataReport!AQ:AQ),0) -> 0 | AC5: =IFERROR(_xlfn.XLOOKUP($A5,CFR20252026_BenchMarkDataReport!AA:AA,CFR20252026_BenchMarkDataReport!AR:AR),0) -> 0 | AD5: =IFERROR(_xlfn.XLOOKUP($A5,CFR20252026_BenchMarkDataReport!AB:AB,CFR20252026_BenchMarkDataReport!AS:AS),0) -> 0 | AE5: =IFERROR(_xlfn.XLOOKUP($A5,CFR20252026_BenchMarkDataReport!AC:AC,CFR20252026_BenchMarkDataReport!AT:AT),0) -> 0 | AF5: =IFERROR(_xlfn.XLOOKUP($A5,CFR20252026_BenchMarkDataReport!AD:AD,CFR20252026_BenchMarkDataReport!AU:AU),0) -> 0 | AG5: =IFERROR(_xlfn.XLOOKUP($A5,CFR20252026_BenchMarkDataReport!AE:AE,CFR20252026_BenchMarkDataReport!AV:AV),0) -> 0 | AH5: =IFERROR(_xlfn.XLOOKUP($A5,CFR20252026_BenchMarkDataReport!AF:AF,CFR20252026_BenchMarkDataReport!AW:AW),0) -> 0 | AI5: =IFERROR(_xlfn.XLOOKUP($A5,CFR20252026_BenchMarkDataReport!AG:AG,CFR20252026_BenchMarkDataReport!AX:AX),0) -> 0 | AJ5: =IFERROR(_xlfn.XLOOKUP($A5,CFR20252026_BenchMarkDataReport!AH:AH,CFR20252026_BenchMarkDataReport!AY:AY),0) -> 0 | AK5: =IFERROR(_xlfn.XLOOKUP($A5,CFR20252026_BenchMarkDataReport!AI:AI,CFR20252026_BenchMarkDataReport!AZ:AZ),0) -> 0 | AL5: =IFERROR(_xlfn.XLOOKUP($A5,CFR20252026_BenchMarkDataReport!AJ:AJ,CFR20252026_BenchMarkDataReport!BA:BA),0) -> 0 | AM5: =IFERROR(_xlfn.XLOOKUP($A5,CFR20252026_BenchMarkDataReport!AK:AK,CFR20252026_BenchMarkDataReport!BB:BB),0) -> 0 | AN5: =IFERROR(_xlfn.XLOOKUP($A5,CFR20252026_BenchMarkDataReport!AL:AL,CFR20252026_BenchMarkDataReport!BC:BC),0) -> 0 | AO5: =IFERROR(_xlfn.XLOOKUP($A5,CFR20252026_BenchMarkDataReport!AM:AM,CFR20252026_BenchMarkDataReport!BD:BD),0) -> 0 | AP5: =IFERROR(_xlfn.XLOOKUP($A5,CFR20252026_BenchMarkDataReport!AN:AN,CFR20252026_BenchMarkDataReport!BE:BE),0) -> 0 | AQ5: =IFERROR(_xlfn.XLOOKUP($A5,CFR20252026_BenchMarkDataReport!AO:AO,CFR20252026_BenchMarkDataReport!BF:BF),0) -> 0 | AR5: =IFERROR(_xlfn.XLOOKUP($A5,CFR20252026_BenchMarkDataReport!AP:AP,CFR20252026_BenchMarkDataReport!BG:BG),0) -> 0 | AS5: =IFERROR(_xlfn.XLOOKUP($A5,CFR20252026_BenchMarkDataReport!AQ:AQ,CFR20252026_BenchMarkDataReport!BH:BH),0) -> 0 | AT5: =IFERROR(_xlfn.XLOOKUP($A5,CFR20252026_BenchMarkDataReport!AR:AR,CFR20252026_BenchMarkDataReport!BI:BI),0) -> 0 | AU5: =IFERROR(_xlfn.XLOOKUP($A5,CFR20252026_BenchMarkDataReport!AS:AS,CFR20252026_BenchMarkDataReport!BJ:BJ),0) -> 0 | AV5: =IFERROR(_xlfn.XLOOKUP($A5,CFR20252026_BenchMarkDataReport!AT:AT,CFR20252026_BenchMarkDataReport!BK:BK),0) -> 0 | AW5: =IFERROR(_xlfn.XLOOKUP($A5,CFR20252026_BenchMarkDataReport!AU:AU,CFR20252026_BenchMarkDataReport!BL:BL),0) -> 0 | AX5: =IFERROR(_xlfn.XLOOKUP($A5,CFR20252026_BenchMarkDataReport!AV:AV,CFR20252026_BenchMarkDataReport!BM:BM),0) -> 0 | AY5: =IFERROR(_xlfn.XLOOKUP($A5,CFR20252026_BenchMarkDataReport!AW:AW,CFR20252026_BenchMarkDataReport!BN:BN),0) -> 0 | AZ5: =IFERROR(_xlfn.XLOOKUP($A5,CFR20252026_BenchMarkDataReport!AX:AX,CFR20252026_BenchMarkDataReport!BO:BO),0) -> 0 | BA5: =IFERROR(_xlfn.XLOOKUP($A5,CFR20252026_BenchMarkDataReport!AY:AY,CFR20252026_BenchMarkDataReport!BP:BP),0) -> 0 | BB5: =IFERROR(_xlfn.XLOOKUP($A5,CFR20252026_BenchMarkDataReport!AZ:AZ,CFR20252026_BenchMarkDataReport!BQ:BQ),0) -> 0 | BC5: =IFERROR(_xlfn.XLOOKUP($A5,CFR20252026_BenchMarkDataReport!BA:BA,CFR20252026_BenchMarkDataReport!BR:BR),0) -> 0 | BD5: =IFERROR(_xlfn.XLOOKUP($A5,CFR20252026_BenchMarkDataReport!BB:BB,CFR20252026_BenchMarkDataReport!BS:BS),0) -> 0 | BE5: =IFERROR(_xlfn.XLOOKUP($A5,CFR20252026_BenchMarkDataReport!BC:BC,CFR20252026_BenchMarkDataReport!BT:BT),0) -> 0 | BF5: =IFERROR(_xlfn.XLOOKUP($A5,CFR20252026_BenchMarkDataReport!BD:BD,CFR20252026_BenchMarkDataReport!BU:BU),0) -> 0 | BG5: =IFERROR(_xlfn.XLOOKUP($A5,CFR20252026_BenchMarkDataReport!BE:BE,CFR20252026_BenchMarkDataReport!BV:BV),0) -> 0 | BH5: =SUM(D5:R5) -> 0 | BI5: =SUM(U5:BE5) -> 0 | BJ5: =BH5-BI5 -> 0 | BK5: =IFERROR(_xlfn.XLOOKUP(A5,CFR20252026_BenchMarkDataReport!$B:$B,CFR20252026_BenchMarkDataReport!P:P)+_xlfn.XLOOKUP(A5,CFR20252026_BenchMarkDataReport!$B:$B,CFR20252026_BenchMarkDataReport!Q:Q),0) -> 0 | BL5: =SUM(BJ5:BK5) -> 0 | BM5: ='FEE2 Spring 25 - 26'!K28+'FEE 34 Spring 25 - 26'!K58 -> 96 | BN5: =D5+E5+F5 -> 0 | BO5: N | BP5: =IFERROR(D5/BH5,0) -> 0 | BQ5: =IFERROR(D5/BM5,0) -> 0 | BR5: =IFERROR((E5/BH5),0) -> 0 | BS5: =IFERROR(E5/BM5,0) -> 0 | BT5: =IFERROR((F5/BH5),0) -> 0 | BU5: =IFERROR(F5/BM5,0) -> 0 | BV5: =IFERROR((G5/BH5),0) -> 0 | BW5: =IFERROR(G5/BM5,0) -> 0 | BX5: =IFERROR((H5/BH5),0) -> 0 | BY5: =IFERROR(H5/BM5,0) -> 0 | BZ5: =IFERROR(I5/BH5,0) -> 0 | CA5: =IFERROR(I5/BM5,0) -> 0 | CB5: =IFERROR(J5/BH5,0) -> 0 | CC5: =IFERROR(J5/BM5,0) -> 0 | CD5: =IFERROR((K5+L5)/BH5,0) -> 0 | CE5: =IFERROR((K5+L5)/BM5,0) -> 0 | CF5: =IFERROR(P5/BH5,0) -> 0 | CG5: =IFERROR(P5/BM5,0) -> 0 | CH5: =IFERROR(Q5/BH5,0) -> 0 | CI5: =IFERROR((Q5/BM5),0) -> 0 | CJ5: =IFERROR((U5+V5+AZ5)/BN5,0) -> 0 | CK5: =IFERROR((U5+V5+AZ5)/BH5,0) -> 0 | CL5: =IFERROR((U5+V5+AZ5)/BI5,0) -> 0 | CM5: =IFERROR(((U5+V5+AZ5)/BM5),0) -> 0 | CN5: =IFERROR(W5/BN5,0) -> 0 | CO5: =IFERROR(W5/BH5,0) -> 0 | CP5: =IFERROR(W5/BI5,0) -> 0 | CQ5: =IFERROR((W5/BM5),0) -> 0 | CR5: =IFERROR(X5/BN5,0) -> 0 | CS5: =IFERROR(X5/BH5,0) -> 0 | CT5: =IFERROR(X5/BI5,0) -> 0 | CU5: =IFERROR((X5/BM5),0) -> 0 | CV5: =IFERROR(Y5/BN5,0) -> 0 | CW5: =IFERROR(Y5/BH5,0) -> 0 | CX5: =IFERROR(Y5/BI5,0) -> 0 | CY5: =IFERROR(Y5/BM5,0) -> 0 | CZ5: =IFERROR((U5+V5+W5+X5+Y5+Z5+AA5)/BN5,0) -> 0 | DA5: =IFERROR((U5+V5+W5+X5+Y5+Z5+AA5)/BH5,0) -> 0 | DB5: =IFERROR((U5+V5+W5+X5+Y5+Z5+AA5)/BI5,0) -> 0 | DC5: =IFERROR(((U5+V5+W5+X5+Y5+Z5+AA5)/BM5),0) -> 0 | DD5: =IFERROR(AF5/BN5,0) -> 0 | DE5: =IFERROR(AF5/BI5,0) -> 0 | DF5: =IFERROR((AF5/BM5),0) -> 0 | DG5: =IFERROR(AI5/BI5,0) -> 0 | DH5: =IFERROR((AI5/BM5),0) -> 0 | DI5: =IFERROR(AJ5/BN5,0) -> 0 | DJ5: =IFERROR(AJ5/BI5,0) -> 0 | DK5: =IFERROR((AJ5/BM5),0) -> 0 | DL5: =IFERROR(AL5/BN5,0) -> 0 | DM5: =IFERROR(AL5/BI5,0) -> 0 | DN5: =IFERROR((AL5/BM5),0) -> 0 | DO5: =IFERROR(AM5/BN5,0) -> 0 | DP5: =IFERROR(AM5/BH5,0) -> 0 | DQ5: =IFERROR(AM5/BI5,0) -> 0 | DR5: =IFERROR((AM5/BM5),0) -> 0 | DS5: =IFERROR(AV5/BN5,0) -> 0 | DT5: =IFERROR(AV5/BI5,0) -> 0 | DU5: =IFERROR((AV5/BM5),0) -> 0 | DV5: =IFERROR(BA5/BN5,0) -> 0 | DW5: =IFERROR(BA5/BI5,0) -> 0 | DX5: =IFERROR(BA5/BM5,0) -> 0 | DY5: =IFERROR(AY5/BI5,0) -> 0 | DZ5: =IFERROR((AY5/BM5),0) -> 0 | EA5: =IFERROR(AH5/BI5,0) -> 0 | EB5: =IFERROR((AH5/BM5),0) -> 0 | EC5: =IFERROR(VLOOKUP(A5,PP!$E$3:$S$130,14,0),0) -> 0
A6: 1000 | B6: 10135 | C6: BEYA | D6: =IFERROR(_xlfn.XLOOKUP($A6,CFR20252026_BenchMarkDataReport!B:B,CFR20252026_BenchMarkDataReport!S:S),0) -> 2310939.7 | E6: =IFERROR(_xlfn.XLOOKUP($A6,CFR20252026_BenchMarkDataReport!$B:$B,CFR20252026_BenchMarkDataReport!T:T),0) -> 0 | F6: =IFERROR(_xlfn.XLOOKUP($A6,CFR20252026_BenchMarkDataReport!$B:$B,CFR20252026_BenchMarkDataReport!U:U),0) -> 86998.1 | G6: =IFERROR(_xlfn.XLOOKUP($A6,CFR20252026_BenchMarkDataReport!$B:$B,CFR20252026_BenchMarkDataReport!V:V),0) -> 0 | H6: =IFERROR(_xlfn.XLOOKUP($A6,CFR20252026_BenchMarkDataReport!$B:$B,CFR20252026_BenchMarkDataReport!W:W),0) -> 0 | I6: =IFERROR(_xlfn.XLOOKUP($A6,CFR20252026_BenchMarkDataReport!$B:$B,CFR20252026_BenchMarkDataReport!X:X),0) -> 0 | J6: =IFERROR(_xlfn.XLOOKUP($A6,CFR20252026_BenchMarkDataReport!$B:$B,CFR20252026_BenchMarkDataReport!Y:Y),0) -> 22956.3 | K6: =IFERROR(_xlfn.XLOOKUP($A6,CFR20252026_BenchMarkDataReport!$B:$B,CFR20252026_BenchMarkDataReport!Z:Z),0) -> 21200 | L6: =IFERROR(_xlfn.XLOOKUP($A6,CFR20252026_BenchMarkDataReport!$B:$B,CFR20252026_BenchMarkDataReport!AA:AA),0) -> 6036.04 | M6: =IFERROR(_xlfn.XLOOKUP($A6,CFR20252026_BenchMarkDataReport!$B:$B,CFR20252026_BenchMarkDataReport!AB:AB),0) -> 0 | N6: =IFERROR(_xlfn.XLOOKUP($A6,CFR20252026_BenchMarkDataReport!$B:$B,CFR20252026_BenchMarkDataReport!AC:AC),0) -> 0 | O6: =IFERROR(_xlfn.XLOOKUP($A6,CFR20252026_BenchMarkDataReport!$B:$B,CFR20252026_BenchMarkDataReport!AD:AD),0) -> 0 | P6: =IFERROR(_xlfn.XLOOKUP($A6,CFR20252026_BenchMarkDataReport!$B:$B,CFR20252026_BenchMarkDataReport!AE:AE),0) -> 528666.62 | Q6: =IFERROR(_xlfn.XLOOKUP($A6,CFR20252026_BenchMarkDataReport!$B:$B,CFR20252026_BenchMarkDataReport!AF:AF),0) -> 7778.18 | R6: =IFERROR(_xlfn.XLOOKUP($A6,CFR20252026_BenchMarkDataReport!$B:$B,CFR20252026_BenchMarkDataReport!AG:AG),0) -> 0 | S6: =IFERROR(_xlfn.XLOOKUP($A6,CFR20252026_BenchMarkDataReport!$B:$B,CFR20252026_BenchMarkDataReport!AH:AH),0) -> 164223 | T6: =IFERROR(_xlfn.XLOOKUP($A6,CFR20252026_BenchMarkDataReport!$B:$B,CFR20252026_BenchMarkDataReport!AI:AI),0) -> 0 | U6: =IFERROR(_xlfn.XLOOKUP($A6,CFR20252026_BenchMarkDataReport!$B:$B,CFR20252026_BenchMarkDataReport!AJ:AJ),0) -> 476044.5 | V6: =IFERROR(_xlfn.XLOOKUP($A6,CFR20252026_BenchMarkDataReport!$B:$B,CFR20252026_BenchMarkDataReport!AK:AK),0) -> 0 | W6: =IFERROR(_xlfn.XLOOKUP($A6,CFR20252026_BenchMarkDataReport!$B:$B,CFR20252026_BenchMarkDataReport!AL:AL),0) -> 1623527.8 | X6: =IFERROR(_xlfn.XLOOKUP($A6,CFR20252026_BenchMarkDataReport!$B:$B,CFR20252026_BenchMarkDataReport!AM:AM),0) -> 78653.46 | Y6: =IFERROR(_xlfn.XLOOKUP($A6,CFR20252026_BenchMarkDataReport!$B:$B,CFR20252026_BenchMarkDataReport!AN:AN),0) -> 143420.84 | Z6: =IFERROR(_xlfn.XLOOKUP($A6,CFR20252026_BenchMarkDataReport!$B:$B,CFR20252026_BenchMarkDataReport!AO:AO),0) -> 0 | AA6: =IFERROR(_xlfn.XLOOKUP($A6,CFR20252026_BenchMarkDataReport!$B:$B,CFR20252026_BenchMarkDataReport!AP:AP),0) -> 59910.31 | AB6: =IFERROR(_xlfn.XLOOKUP($A6,CFR20252026_BenchMarkDataReport!$B:$B,CFR20252026_BenchMarkDataReport!AQ:AQ),0) -> 53143.14 | AC6: =IFERROR(_xlfn.XLOOKUP($A6,CFR20252026_BenchMarkDataReport!$B:$B,CFR20252026_BenchMarkDataReport!AR:AR),0) -> 9582.94 | AD6: =IFERROR(_xlfn.XLOOKUP($A6,CFR20252026_BenchMarkDataReport!$B:$B,CFR20252026_BenchMarkDataReport!AS:AS),0) -> 0 | AE6: =IFERROR(_xlfn.XLOOKUP($A6,CFR20252026_BenchMarkDataReport!$B:$B,CFR20252026_BenchMarkDataReport!AT:AT),0) -> 0 | AF6: =IFERROR(_xlfn.XLOOKUP($A6,CFR20252026_BenchMarkDataReport!$B:$B,CFR20252026_BenchMarkDataReport!AU:AU),0) -> 37771.56 | AG6: =IFERROR(_xlfn.XLOOKUP($A6,CFR20252026_BenchMarkDataReport!$B:$B,CFR20252026_BenchMarkDataReport!AV:AV),0) -> 8475.82 | AH6: =IFERROR(_xlfn.XLOOKUP($A6,CFR20252026_BenchMarkDataReport!$B:$B,CFR20252026_BenchMarkDataReport!AW:AW),0) -> 7340.6 | AI6: =IFERROR(_xlfn.XLOOKUP($A6,CFR20252026_BenchMarkDataReport!$B:$B,CFR20252026_BenchMarkDataReport!AX:AX),0) -> 6151.36 | AJ6: =IFERROR(_xlfn.XLOOKUP($A6,CFR20252026_BenchMarkDataReport!$B:$B,CFR20252026_BenchMarkDataReport!AY:AY),0) -> 26678.96 | AK6: =IFERROR(_xlfn.XLOOKUP($A6,CFR20252026_BenchMarkDataReport!$B:$B,CFR20252026_BenchMarkDataReport!AZ:AZ),0) -> 98255.35 | AL6: =IFERROR(_xlfn.XLOOKUP($A6,CFR20252026_BenchMarkDataReport!$B:$B,CFR20252026_BenchMarkDataReport!BA:BA),0) -> 19159.18 | AM6: =IFERROR(_xlfn.XLOOKUP($A6,CFR20252026_BenchMarkDataReport!$B:$B,CFR20252026_BenchMarkDataReport!BB:BB),0) -> 41828.24 | AN6: =IFERROR(_xlfn.XLOOKUP($A6,CFR20252026_BenchMarkDataReport!$B:$B,CFR20252026_BenchMarkDataReport!BC:BC),0) -> 12968.5 | AO6: =IFERROR(_xlfn.XLOOKUP($A6,CFR20252026_BenchMarkDataReport!$B:$B,CFR20252026_BenchMarkDataReport!BD:BD),0) -> 0 | AP6: =IFERROR(_xlfn.XLOOKUP($A6,CFR20252026_BenchMarkDataReport!$B:$B,CFR20252026_BenchMarkDataReport!BE:BE),0) -> 0 | AQ6: =IFERROR(_xlfn.XLOOKUP($A6,CFR20252026_BenchMarkDataReport!$B:$B,CFR20252026_BenchMarkDataReport!BF:BF),0) -> 20694.02 | AR6: =IFERROR(_xlfn.XLOOKUP($A6,CFR20252026_BenchMarkDataReport!$B:$B,CFR20252026_BenchMarkDataReport!BG:BG),0) -> 0 | AS6: =IFERROR(_xlfn.XLOOKUP($A6,CFR20252026_BenchMarkDataReport!$B:$B,CFR20252026_BenchMarkDataReport!BH:BH),0) -> 164.16 | AT6: =IFERROR(_xlfn.XLOOKUP($A6,CFR20252026_BenchMarkDataReport!$B:$B,CFR20252026_BenchMarkDataReport!BI:BI),0) -> 7503.16 | AU6: =IFERROR(_xlfn.XLOOKUP($A6,CFR20252026_BenchMarkDataReport!$B:$B,CFR20252026_BenchMarkDataReport!BJ:BJ),0) -> 0 | AV6: =IFERROR(_xlfn.XLOOKUP($A6,CFR20252026_BenchMarkDataReport!$B:$B,CFR20252026_BenchMarkDataReport!BK:BK),0) -> 17455.94 | AW6: =IFERROR(_xlfn.XLOOKUP($A6,CFR20252026_BenchMarkDataReport!$B:$B,CFR20252026_BenchMarkDataReport!BL:BL),0) -> 1930.5 | AX6: =IFERROR(_xlfn.XLOOKUP($A6,CFR20252026_BenchMarkDataReport!$B:$B,CFR20252026_BenchMarkDataReport!BM:BM),0) -> 0 | AY6: =IFERROR(_xlfn.XLOOKUP($A6,CFR20252026_BenchMarkDataReport!$B:$B,CFR20252026_BenchMarkDataReport!BN:BN),0) -> 8061.66 | AZ6: =IFERROR(_xlfn.XLOOKUP($A6,CFR20252026_BenchMarkDataReport!$B:$B,CFR20252026_BenchMarkDataReport!BO:BO),0) -> 0 | BA6: =IFERROR(_xlfn.XLOOKUP($A6,CFR20252026_BenchMarkDataReport!$B:$B,CFR20252026_BenchMarkDataReport!BP:BP),0) -> 9936 | BB6: =IFERROR(_xlfn.XLOOKUP($A6,CFR20252026_BenchMarkDataReport!$B:$B,CFR20252026_BenchMarkDataReport!BQ:BQ),0) -> 51795 | BC6: =IFERROR(_xlfn.XLOOKUP($A6,CFR20252026_BenchMarkDataReport!$B:$B,CFR20252026_BenchMarkDataReport!BR:BR),0) -> 0 | BD6: =IFERROR(_xlfn.XLOOKUP($A6,CFR20252026_BenchMarkDataReport!$B:$B,CFR20252026_BenchMarkDataReport!BS:BS),0) -> 0 | BE6: =IFERROR(_xlfn.XLOOKUP($A6,CFR20252026_BenchMarkDataReport!$B:$B,CFR20252026_BenchMarkDataReport!BT:BT),0) -> 0 | BF6: =IFERROR(_xlfn.XLOOKUP($A6,CFR20252026_BenchMarkDataReport!$B:$B,CFR20252026_BenchMarkDataReport!BU:BU),0) -> 130716.3 | BG6: =IFERROR(_xlfn.XLOOKUP($A6,CFR20252026_BenchMarkDataReport!$B:$B,CFR20252026_BenchMarkDataReport!BV:BV),0) -> 26516.7 | BH6: =SUM(D6:R6) -> 2984575 | BI6: =SUM(U6:BE6) -> 2820453 | BJ6: =BH6-BI6 -> 164122 | BK6: =IFERROR(_xlfn.XLOOKUP(A6,CFR20252026_BenchMarkDataReport!$B:$B,CFR20252026_BenchMarkDataReport!P:P)+_xlfn.XLOOKUP(A6,CFR20252026_BenchMarkDataReport!$B:$B,CFR20252026_BenchMarkDataReport!Q:Q),0) -> 79373 | BL6: =SUM(BJ6:BK6) -> 243495 | BM6: ='FEE9m-2 Spr 25 - 26'!K4+'FEE2 Spring 25 - 26'!K5+'FEE 34 Spring 25 - 26'!K11+BM5+BM4 -> 292 | BN6: =D6+E6+F6 -> 2397937.8 | BO6: N | BP6: =IFERROR(D6/BH6,0) -> 0.77429441 | BQ6: =IFERROR(D6/BM6,0) -> 7914.1771 | BR6: =E6/BH6 -> 0 | BS6: =IFERROR(E6/BM6,0) -> 0 | BT6: =F6/BH6 -> 0.029149243 | BU6: =IFERROR(F6/BM6,0) -> 297.9387 | BV6: =G6/BH6 -> 0 | BW6: =IFERROR(G6/BM6,0) -> 0 | BX6: =H6/BH6 -> 0 | BY6: =IFERROR(H6/BM6,0) -> 0 | BZ6: =IFERROR(I6/BH6,0) -> 0 | CA6: =IFERROR(I6/BM6,0) -> 0 | CB6: =IFERROR(J6/BH6,0) -> 0.007691648 | CC6: =IFERROR(J6/BM6,0) -> 78.617466 | CD6: =IFERROR((K6+L6)/BH6,0) -> 0.0091256009 | CE6: =IFERROR((K6+L6)/BM6,0) -> 93.27411 | CF6: =IFERROR(P6/BH6,0) -> 0.17713297 | CG6: =IFERROR(P6/BM6,0) -> 1810.5021 | CH6: =IFERROR(Q6/BH6,0) -> 0.0026061265 | CI6: =IFERROR((Q6/BM6),0) -> 26.637603 | CJ6: =IFERROR((U6+V6+AZ6)/BN6,0) -> 0.19852245 | CK6: =IFERROR((U6+V6+AZ6)/BH6,0) -> 0.15950161 | CL6: =IFERROR((U6+V6+AZ6)/BI6,0) -> 0.168783 | CM6: =IFERROR(((U6+V6+AZ6)/BM6),0) -> 1630.2894 | CN6: =IFERROR(W6/BN6,0) -> 0.67705165 | CO6: =IFERROR(W6/BH6,0) -> 0.54397285 | CP6: =IFERROR(W6/BI6,0) -> 0.5756266 | CQ6: =IFERROR((W6/BM6),0) -> 5560.0266 | CR6: =IFERROR(X6/BN6,0) -> 0.032800459 | CS6: =IFERROR(X6/BH6,0) -> 0.02635332 | CT6: =IFERROR(X6/BI6,0) -> 0.027886819 | CU6: =IFERROR((X6/BM6),0) -> 269.36116 | CV6: =IFERROR(Y6/BN6,0) -> 0.059810075 | CW6: =IFERROR(Y6/BH6,0) -> 0.048054025 | CX6: =IFERROR(Y6/BI6,0) -> 0.050850286 | CY6: =IFERROR(Y6/BM6,0) -> 491.16726 | CZ6: =IFERROR((U6+V6+W6+X6+Y6+Z6+AA6)/BN6,0) -> 0.99316873 | DA6: =IFERROR((U6+V6+W6+X6+Y6+Z6+AA6)/BH6,0) -> 0.79795512 | DB6: =IFERROR((U6+V6+W6+X6+Y6+Z6+AA6)/BI6,0) -> 0.84438808 | DC6: =IFERROR(((U6+V6+W6+X6+Y6+Z6+AA6)/BM6),0) -> 8156.0167 | DD6: =IFERROR(AF6/BN6,0) -> 0.015751685 | DE6: =IFERROR(AF6/BI6,0) -> 0.013392019 | DF6: =IFERROR((AF6/BM6),0) -> 129.35466 | DG6: =IFERROR(AI6/BI6,0) -> 0.002180983 | DH6: =IFERROR((AI6/BM6),0) -> 21.066301 | DI6: =IFERROR(AJ6/BN6,0) -> 0.011125793 | DJ6: =IFERROR(AJ6/BI6,0) -> 0.0094591048 | DK6: =IFERROR((AJ6/BM6),0) -> 91.366301 | DL6: =IFERROR(AL6/BN6,0) -> 0.0079898569 | DM6: =IFERROR(AL6/BI6,0) -> 0.0067929444 | DN6: =IFERROR((AL6/BM6),0) -> 65.61363 | DO6: =IFERROR(AM6/BN6,0) -> 0.017443421 | DP6: =IFERROR(AM6/BH6,0) -> 0.014014806 | DQ6: =IFERROR(AM6/BI6,0) -> 0.014830327 | DR6: =IFERROR((AM6/BM6),0) -> 143.2474 | DS6: =IFERROR(AV6/BN6,0) -> 0.0072795632 | DT6: =IFERROR(AV6/BI6,0) -> 0.0061890555 | DU6: =IFERROR((AV6/BM6),0) -> 59.780616 | DV6: =IFERROR(BA6/BN6,0) -> 0.0041435603 | DW6: =IFERROR(BA6/BI6,0) -> 0.0035228384 | DX6: =IFERROR(BA6/BM6,0) -> 34.027397 | DY6: =IFERROR(AY6/BI6,0) -> 0.0028582856 | DZ6: =IFERROR((AY6/BM6),0) -> 27.608425 | EA6: =IFERROR(AH6/BI6,0) -> 0.0026026316 | EB6: =IFERROR((AH6/BM6),0) -> 25.139041 | EC6: =IFERROR(VLOOKUP(A6,PP!$E$3:$S$130,14,0),0) -> 0
A7: 1002 | B7: 10132 | C7: Moss Hall Nursery School | D7: =IFERROR(_xlfn.XLOOKUP($A7,CFR20252026_BenchMarkDataReport!B:B,CFR20252026_BenchMarkDataReport!S:S),0) -> 716021.87 | E7: =IFERROR(_xlfn.XLOOKUP($A7,CFR20252026_BenchMarkDataReport!$B:$B,CFR20252026_BenchMarkDataReport!T:T),0) -> 0 | F7: =IFERROR(_xlfn.XLOOKUP($A7,CFR20252026_BenchMarkDataReport!$B:$B,CFR20252026_BenchMarkDataReport!U:U),0) -> 20900.15 | G7: =IFERROR(_xlfn.XLOOKUP($A7,CFR20252026_BenchMarkDataReport!$B:$B,CFR20252026_BenchMarkDataReport!V:V),0) -> 0 | H7: =IFERROR(_xlfn.XLOOKUP($A7,CFR20252026_BenchMarkDataReport!$B:$B,CFR20252026_BenchMarkDataReport!W:W),0) -> 0 | I7: =IFERROR(_xlfn.XLOOKUP($A7,CFR20252026_BenchMarkDataReport!$B:$B,CFR20252026_BenchMarkDataReport!X:X),0) -> 0 | J7: =IFERROR(_xlfn.XLOOKUP($A7,CFR20252026_BenchMarkDataReport!$B:$B,CFR20252026_BenchMarkDataReport!Y:Y),0) -> 545 | K7: =IFERROR(_xlfn.XLOOKUP($A7,CFR20252026_BenchMarkDataReport!$B:$B,CFR20252026_BenchMarkDataReport!Z:Z),0) -> 0 | L7: =IFERROR(_xlfn.XLOOKUP($A7,CFR20252026_BenchMarkDataReport!$B:$B,CFR20252026_BenchMarkDataReport!AA:AA),0) -> 0 | M7: =IFERROR(_xlfn.XLOOKUP($A7,CFR20252026_BenchMarkDataReport!$B:$B,CFR20252026_BenchMarkDataReport!AB:AB),0) -> 22512.62 | N7: =IFERROR(_xlfn.XLOOKUP($A7,CFR20252026_BenchMarkDataReport!$B:$B,CFR20252026_BenchMarkDataReport!AC:AC),0) -> 0 | O7: =IFERROR(_xlfn.XLOOKUP($A7,CFR20252026_BenchMarkDataReport!$B:$B,CFR20252026_BenchMarkDataReport!AD:AD),0) -> 0 | P7: =IFERROR(_xlfn.XLOOKUP($A7,CFR20252026_BenchMarkDataReport!$B:$B,CFR20252026_BenchMarkDataReport!AE:AE),0) -> 332713.64 | Q7: =IFERROR(_xlfn.XLOOKUP($A7,CFR20252026_BenchMarkDataReport!$B:$B,CFR20252026_BenchMarkDataReport!AF:AF),0) -> 5487.24 | R7: =IFERROR(_xlfn.XLOOKUP($A7,CFR20252026_BenchMarkDataReport!$B:$B,CFR20252026_BenchMarkDataReport!AG:AG),0) -> 0 | S7: =IFERROR(_xlfn.XLOOKUP($A7,CFR20252026_BenchMarkDataReport!$B:$B,CFR20252026_BenchMarkDataReport!AH:AH),0) -> 0 | T7: =IFERROR(_xlfn.XLOOKUP($A7,CFR20252026_BenchMarkDataReport!$B:$B,CFR20252026_BenchMarkDataReport!AI:AI),0) -> 0 | U7: =IFERROR(_xlfn.XLOOKUP($A7,CFR20252026_BenchMarkDataReport!$B:$B,CFR20252026_BenchMarkDataReport!AJ:AJ),0) -> 263994.54 | V7: =IFERROR(_xlfn.XLOOKUP($A7,CFR20252026_BenchMarkDataReport!$B:$B,CFR20252026_BenchMarkDataReport!AK:AK),0) -> 0 | W7: =IFERROR(_xlfn.XLOOKUP($A7,CFR20252026_BenchMarkDataReport!$B:$B,CFR20252026_BenchMarkDataReport!AL:AL),0) -> 424706 | X7: =IFERROR(_xlfn.XLOOKUP($A7,CFR20252026_BenchMarkDataReport!$B:$B,CFR20252026_BenchMarkDataReport!AM:AM),0) -> 44142.52 | Y7: =IFERROR(_xlfn.XLOOKUP($A7,CFR20252026_BenchMarkDataReport!$B:$B,CFR20252026_BenchMarkDataReport!AN:AN),0) -> 87647.5 | Z7: =IFERROR(_xlfn.XLOOKUP($A7,CFR20252026_BenchMarkDataReport!$B:$B,CFR20252026_BenchMarkDataReport!AO:AO),0) -> 0 | AA7: =IFERROR(_xlfn.XLOOKUP($A7,CFR20252026_BenchMarkDataReport!$B:$B,CFR20252026_BenchMarkDataReport!AP:AP),0) -> 88407.75 | AB7: =IFERROR(_xlfn.XLOOKUP($A7,CFR20252026_BenchMarkDataReport!$B:$B,CFR20252026_BenchMarkDataReport!AQ:AQ),0) -> 8784.06 | AC7: =IFERROR(_xlfn.XLOOKUP($A7,CFR20252026_BenchMarkDataReport!$B:$B,CFR20252026_BenchMarkDataReport!AR:AR),0) -> 3864.98 | AD7: =IFERROR(_xlfn.XLOOKUP($A7,CFR20252026_BenchMarkDataReport!$B:$B,CFR20252026_BenchMarkDataReport!AS:AS),0) -> 0 | AE7: =IFERROR(_xlfn.XLOOKUP($A7,CFR20252026_BenchMarkDataReport!$B:$B,CFR20252026_BenchMarkDataReport!AT:AT),0) -> 0 | AF7: =IFERROR(_xlfn.XLOOKUP($A7,CFR20252026_BenchMarkDataReport!$B:$B,CFR20252026_BenchMarkDataReport!AU:AU),0) -> 14172.14 | AG7: =IFERROR(_xlfn.XLOOKUP($A7,CFR20252026_BenchMarkDataReport!$B:$B,CFR20252026_BenchMarkDataReport!AV:AV),0) -> 4700 | AH7: =IFERROR(_xlfn.XLOOKUP($A7,CFR20252026_BenchMarkDataReport!$B:$B,CFR20252026_BenchMarkDataReport!AW:AW),0) -> 18863.98 | AI7: =IFERROR(_xlfn.XLOOKUP($A7,CFR20252026_BenchMarkDataReport!$B:$B,CFR20252026_BenchMarkDataReport!AX:AX),0) -> 1602.98 | AJ7: =IFERROR(_xlfn.XLOOKUP($A7,CFR20252026_BenchMarkDataReport!$B:$B,CFR20252026_BenchMarkDataReport!AY:AY),0) -> 19544.16 | AK7: =IFERROR(_xlfn.XLOOKUP($A7,CFR20252026_BenchMarkDataReport!$B:$B,CFR20252026_BenchMarkDataReport!AZ:AZ),0) -> 0 | AL7: =IFERROR(_xlfn.XLOOKUP($A7,CFR20252026_BenchMarkDataReport!$B:$B,CFR20252026_BenchMarkDataReport!BA:BA),0) -> 5289.58 | AM7: =IFERROR(_xlfn.XLOOKUP($A7,CFR20252026_BenchMarkDataReport!$B:$B,CFR20252026_BenchMarkDataReport!BB:BB),0) -> 8210.5 | AN7: =IFERROR(_xlfn.XLOOKUP($A7,CFR20252026_BenchMarkDataReport!$B:$B,CFR20252026_BenchMarkDataReport!BC:BC),0) -> 8475.1 | AO7: =IFERROR(_xlfn.XLOOKUP($A7,CFR20252026_BenchMarkDataReport!$B:$B,CFR20252026_BenchMarkDataReport!BD:BD),0) -> 0 | AP7: =IFERROR(_xlfn.XLOOKUP($A7,CFR20252026_BenchMarkDataReport!$B:$B,CFR20252026_BenchMarkDataReport!BE:BE),0) -> 0 | AQ7: =IFERROR(_xlfn.XLOOKUP($A7,CFR20252026_BenchMarkDataReport!$B:$B,CFR20252026_BenchMarkDataReport!BF:BF),0) -> 5209.47 | AR7: =IFERROR(_xlfn.XLOOKUP($A7,CFR20252026_BenchMarkDataReport!$B:$B,CFR20252026_BenchMarkDataReport!BG:BG),0) -> 979.48 | AS7: =IFERROR(_xlfn.XLOOKUP($A7,CFR20252026_BenchMarkDataReport!$B:$B,CFR20252026_BenchMarkDataReport!BH:BH),0) -> 144.64 | AT7: =IFERROR(_xlfn.XLOOKUP($A7,CFR20252026_BenchMarkDataReport!$B:$B,CFR20252026_BenchMarkDataReport!BI:BI),0) -> 2750 | AU7: =IFERROR(_xlfn.XLOOKUP($A7,CFR20252026_BenchMarkDataReport!$B:$B,CFR20252026_BenchMarkDataReport!BJ:BJ),0) -> 0 | AV7: =IFERROR(_xlfn.XLOOKUP($A7,CFR20252026_BenchMarkDataReport!$B:$B,CFR20252026_BenchMarkDataReport!BK:BK),0) -> 4683.2 | AW7: =IFERROR(_xlfn.XLOOKUP($A7,CFR20252026_BenchMarkDataReport!$B:$B,CFR20252026_BenchMarkDataReport!BL:BL),0) -> 1363.5 | AX7: =IFERROR(_xlfn.XLOOKUP($A7,CFR20252026_BenchMarkDataReport!$B:$B,CFR20252026_BenchMarkDataReport!BM:BM),0) -> 3682.18 | AY7: =IFERROR(_xlfn.XLOOKUP($A7,CFR20252026_BenchMarkDataReport!$B:$B,CFR20252026_BenchMarkDataReport!BN:BN),0) -> 22441.38 | AZ7: =IFERROR(_xlfn.XLOOKUP($A7,CFR20252026_BenchMarkDataReport!$B:$B,CFR20252026_BenchMarkDataReport!BO:BO),0) -> 41454.98 | BA7: =IFERROR(_xlfn.XLOOKUP($A7,CFR20252026_BenchMarkDataReport!$B:$B,CFR20252026_BenchMarkDataReport!BP:BP),0) -> 46460.1 | BB7: =IFERROR(_xlfn.XLOOKUP($A7,CFR20252026_BenchMarkDataReport!$B:$B,CFR20252026_BenchMarkDataReport!BQ:BQ),0) -> 11853.8 | BC7: =IFERROR(_xlfn.XLOOKUP($A7,CFR20252026_BenchMarkDataReport!$B:$B,CFR20252026_BenchMarkDataReport!BR:BR),0) -> 0 | BD7: =IFERROR(_xlfn.XLOOKUP($A7,CFR20252026_BenchMarkDataReport!$B:$B,CFR20252026_BenchMarkDataReport!BS:BS),0) -> 0 | BE7: =IFERROR(_xlfn.XLOOKUP($A7,CFR20252026_BenchMarkDataReport!$B:$B,CFR20252026_BenchMarkDataReport!BT:BT),0) -> 0 | BF7: =IFERROR(_xlfn.XLOOKUP($A7,CFR20252026_BenchMarkDataReport!$B:$B,CFR20252026_BenchMarkDataReport!BU:BU),0) -> 0 | BG7: =IFERROR(_xlfn.XLOOKUP($A7,CFR20252026_BenchMarkDataReport!$B:$B,CFR20252026_BenchMarkDataReport!BV:BV),0) -> 0 | BH7: =SUM(D7:R7) -> 1098180.5 | BI7: =SUM(U7:BE7) -> 1143428.5 | BJ7: =BH7-BI7 -> -45248 | BK7: =IFERROR(_xlfn.XLOOKUP(A7,CFR20252026_BenchMarkDataReport!$B:$B,CFR20252026_BenchMarkDataReport!P:P)+_xlfn.XLOOKUP(A7,CFR20252026_BenchMarkDataReport!$B:$B,CFR20252026_BenchMarkDataReport!Q:Q),0) -> -21033 | BL7: =SUM(BJ7:BK7) -> -66281 | BM7: ='FEE2 Spring 25 - 26'!K18+'FEE 34 Spring 25 - 26'!K42 -> 94 | BN7: =D7+E7+F7 -> 736922.02 | BO7: N | BP7: =IFERROR(D7/BH7,0) -> 0.65200744 | BQ7: =IFERROR(D7/BM7,0) -> 7617.2539 | BR7: =E7/BH7 -> 0 | BS7: =IFERROR(E7/BM7,0) -> 0 | BT7: =F7/BH7 -> 0.019031616 | BU7: =IFERROR(F7/BM7,0) -> 222.34202 | BV7: =G7/BH7 -> 0 | BW7: =IFERROR(G7/BM7,0) -> 0 | BX7: =H7/BH7 -> 0 | BY7: =IFERROR(H7/BM7,0) -> 0 | BZ7: =IFERROR(I7/BH7,0) -> 0 | CA7: =IFERROR(I7/BM7,0) -> 0 | CB7: =IFERROR(J7/BH7,0) -> 0.00049627542 | CC7: =IFERROR(J7/BM7,0) -> 5.7978723 | CD7: =IFERROR((K7+L7)/BH7,0) -> 0 | CE7: =IFERROR((K7+L7)/BM7,0) -> 0 | CF7: =IFERROR(P7/BH7,0) -> 0.30296808 | CG7: =IFERROR(P7/BM7,0) -> 3539.5068 | CH7: =IFERROR(Q7/BH7,0) -> 0.0049966648 | CI7: =IFERROR((Q7/BM7),0) -> 58.374894 | CJ7: =(U7+V7+AZ7)/BN7 -> 0.41449368 | CK7: =IFERROR((U7+V7+AZ7)/BH7,0) -> 0.27814145 | CL7: =IFERROR((U7+V7+AZ7)/BI7,0) -> 0.26713477 | CM7: =IFERROR(((U7+V7+AZ7)/BM7),0) -> 3249.463 | CN7: =IFERROR(W7/BN7,0) -> 0.57632421 | CO7: =IFERROR(W7/BH7,0) -> 0.38673605 | CP7: =IFERROR(W7/BI7,0) -> 0.37143205 | CQ7: =IFERROR((W7/BM7),0) -> 4518.1489 | CR7: =IFERROR(X7/BN7,0) -> 0.059901209 | CS7: =IFERROR(X7/BH7,0) -> 0.040196051 | CT7: =IFERROR(X7/BI7,0) -> 0.038605404 | CU7: =IFERROR((X7/BM7),0) -> 469.60128 | CV7: =IFERROR(Y7/BN7,0) -> 0.11893728 | CW7: =IFERROR(Y7/BH7,0) -> 0.07981156 | CX7: =IFERROR(Y7/BI7,0) -> 0.076653239 | CY7: =IFERROR(Y7/BM7,0) -> 932.42021 | CZ7: =IFERROR((U7+V7+W7+X7+Y7+Z7+AA7)/BN7,0) -> 1.2333711 | DA7: =IFERROR((U7+V7+W7+X7+Y7+Z7+AA7)/BH7,0) -> 0.82764017 | DB7: =IFERROR((U7+V7+W7+X7+Y7+Z7+AA7)/BI7,0) -> 0.79488861 | DC7: =IFERROR(((U7+V7+W7+X7+Y7+Z7+AA7)/BM7),0) -> 9669.131 | DD7: =IFERROR(AF7/BN7,0) -> 0.019231533 | DE7: =IFERROR(AF7/BI7,0) -> 0.012394426 | DF7: =IFERROR((AF7/BM7),0) -> 150.76745 | DG7: =IFERROR(AI7/BI7,0) -> 0.0014019066 | DH7: =IFERROR((AI7/BM7),0) -> 17.052979 | DI7: =IFERROR(AJ7/BN7,0) -> 0.026521341 | DJ7: =IFERROR(AJ7/BI7,0) -> 0.017092594 | DK7: =IFERROR((AJ7/BM7),0) -> 207.9166 | DL7: =IFERROR(AL7/BN7,0) -> 0.0071779372 | DM7: =IFERROR(AL7/BI7,0) -> 0.0046260697 | DN7: =IFERROR((AL7/BM7),0) -> 56.272128 | DO7: =IFERROR(AM7/BN7,0) -> 0.011141613 | DP7: =IFERROR(AM7/BH7,0) -> 0.0074764575 | DQ7: =IFERROR(AM7/BI7,0) -> 0.0071805975 | DR7: =IFERROR((AM7/BM7),0) -> 87.345745 | DS7: =IFERROR(AV7/BN7,0) -> 0.0063550822 | DT7: =IFERROR(AV7/BI7,0) -> 0.0040957523 | DU7: =IFERROR((AV7/BM7),0) -> 49.821277 | DV7: =IFERROR(BA7/BN7,0) -> 0.063046155 | DW7: =IFERROR(BA7/BI7,0) -> 0.040632273 | DX7: =IFERROR(BA7/BM7,0) -> 494.25638 | DY7: =IFERROR(AY7/BI7,0) -> 0.019626395 | DZ7: =IFERROR((AY7/BM7),0) -> 238.73809 | EA7: =IFERROR(AH7/BI7,0) -> 0.016497734 | EB7: =IFERROR((AH7/BM7),0) -> 200.68064 | EC7: =IFERROR(VLOOKUP(A7,PP!$E$3:$S$130,14,0),0) -> 0
A8: 1999 | C8: Nursery Sector Average | D8: =AVERAGE(D4:D7) -> 756740.4 | E8: =AVERAGE(E4:E7) -> 0 | F8: =AVERAGE(F4:F7) -> 26974.562 | G8: =AVERAGE(G4:G7) -> 0 | H8: =AVERAGE(H4:H7) -> 0 | I8: =AVERAGE(I4:I7) -> 0 | J8: =AVERAGE(J4:J7) -> 5875.325 | K8: =AVERAGE(K4:K7) -> 5300 | ... AN8: =AVERAGE(AN4:AN7) -> 5360.9 | AU8: =AVERAGE(AU4:AU7) -> 0 | AV8: =AVERAGE(AV4:AV7) -> 5534.785 | AW8: =AVERAGE(AW4:AW7) -> 823.5 | AX8: =AVERAGE(AX4:AX7) -> 920.545 | AY8: =AVERAGE(AY4:AY7) -> 7625.76 | AZ8: =AVERAGE(AZ4:AZ7) -> 10363.745 | BA8: =AVERAGE(BA4:BA7) -> 14099.025 | BB8: =AVERAGE(BB4:BB7) -> 15912.2 | ... BN8: =AVERAGE(BN4:BN7) -> 783714.96 | BO8: N | BP8: =AVERAGE(BP4:BP7) -> 0.35657546 | BQ8: =AVERAGE(BQ4:BQ7) -> 3882.8578 | BR8: =AVERAGE(BR4:BR7) -> 0 | BS8: =AVERAGE(BS4:BS7) -> 0 | BT8: =AVERAGE(BT4:BT7) -> 0.012045215 | BU8: =AVERAGE(BU4:BU7) -> 130.07018 | BV8: =AVERAGE(BV4:BV7) -> 0 | BW8: =AVERAGE(BW4:BW7) -> 0 | ... EC8: =AVERAGE(EC4:EC7) -> 0
A9: 3520 | B9: 11094 | C9: Akiva | D9: =IFERROR(_xlfn.XLOOKUP($A9,CFR20252026_BenchMarkDataReport!$B:$B,CFR20252026_BenchMarkDataReport!S:S),0) -> 2150959.1 | E9: =IFERROR(_xlfn.XLOOKUP($A9,CFR20252026_BenchMarkDataReport!$B:$B,CFR20252026_BenchMarkDataReport!T:T),0) -> 0 | F9: =IFERROR(_xlfn.XLOOKUP($A9,CFR20252026_BenchMarkDataReport!$B:$B,CFR20252026_BenchMarkDataReport!U:U),0) -> 138861.26 | G9: =IFERROR(_xlfn.XLOOKUP($A9,CFR20252026_BenchMarkDataReport!$B:$B,CFR20252026_BenchMarkDataReport!V:V),0) -> 0 | H9: =IFERROR(_xlfn.XLOOKUP($A9,CFR20252026_BenchMarkDataReport!$B:$B,CFR20252026_BenchMarkDataReport!W:W),0) -> 3030 | I9: =IFERROR(_xlfn.XLOOKUP($A9,CFR20252026_BenchMarkDataReport!$B:$B,CFR20252026_BenchMarkDataReport!X:X),0) -> 141979.21 | J9: =IFERROR(_xlfn.XLOOKUP($A9,CFR20252026_BenchMarkDataReport!$B:$B,CFR20252026_BenchMarkDataReport!Y:Y),0) -> 173810.96 | K9: =IFERROR(_xlfn.XLOOKUP($A9,CFR20252026_BenchMarkDataReport!$B:$B,CFR20252026_BenchMarkDataReport!Z:Z),0) -> 33364.99 | L9: =IFERROR(_xlfn.XLOOKUP($A9,CFR20252026_BenchMarkDataReport!$B:$B,CFR20252026_BenchMarkDataReport!AA:AA),0) -> -4611.42 | M9: =IFERROR(_xlfn.XLOOKUP($A9,CFR20252026_BenchMarkDataReport!$B:$B,CFR20252026_BenchMarkDataReport!AB:AB),0) -> 3745.33 | N9: =IFERROR(_xlfn.XLOOKUP($A9,CFR20252026_BenchMarkDataReport!$B:$B,CFR20252026_BenchMarkDataReport!AC:AC),0) -> 0 | O9: =IFERROR(_xlfn.XLOOKUP($A9,CFR20252026_BenchMarkDataReport!$B:$B,CFR20252026_BenchMarkDataReport!AD:AD),0) -> 0 | P9: =IFERROR(_xlfn.XLOOKUP($A9,CFR20252026_BenchMarkDataReport!$B:$B,CFR20252026_BenchMarkDataReport!AE:AE),0) -> 121326.5 | Q9: =IFERROR(_xlfn.XLOOKUP($A9,CFR20252026_BenchMarkDataReport!$B:$B,CFR20252026_BenchMarkDataReport!AF:AF),0) -> 531033.13 | R9: =IFERROR(_xlfn.XLOOKUP($A9,CFR20252026_BenchMarkDataReport!$B:$B,CFR20252026_BenchMarkDataReport!AG:AG),0) -> 0 | S9: =IFERROR(_xlfn.XLOOKUP($A9,CFR20252026_BenchMarkDataReport!$B:$B,CFR20252026_BenchMarkDataReport!AH:AH),0) -> 0 | T9: =IFERROR(_xlfn.XLOOKUP($A9,CFR20252026_BenchMarkDataReport!$B:$B,CFR20252026_BenchMarkDataReport!AI:AI),0) -> 0 | U9: =IFERROR(_xlfn.XLOOKUP($A9,CFR20252026_BenchMarkDataReport!$B:$B,CFR20252026_BenchMarkDataReport!AJ:AJ),0) -> 1459842.1 | V9: =IFERROR(_xlfn.XLOOKUP($A9,CFR20252026_BenchMarkDataReport!$B:$B,CFR20252026_BenchMarkDataReport!AK:AK),0) -> 3981.64 | W9: =IFERROR(_xlfn.XLOOKUP($A9,CFR20252026_BenchMarkDataReport!$B:$B,CFR20252026_BenchMarkDataReport!AL:AL),0) -> 613036.22 | X9: =IFERROR(_xlfn.XLOOKUP($A9,CFR20252026_BenchMarkDataReport!$B:$B,CFR20252026_BenchMarkDataReport!AM:AM),0) -> 34141.91 | Y9: =IFERROR(_xlfn.XLOOKUP($A9,CFR20252026_BenchMarkDataReport!$B:$B,CFR20252026_BenchMarkDataReport!AN:AN),0) -> 152401.85 | Z9: =IFERROR(_xlfn.XLOOKUP($A9,CFR20252026_BenchMarkDataReport!$B:$B,CFR20252026_BenchMarkDataReport!AO:AO),0) -> 0 | AA9: =IFERROR(_xlfn.XLOOKUP($A9,CFR20252026_BenchMarkDataReport!$B:$B,CFR20252026_BenchMarkDataReport!AP:AP),0) -> 31254.99 | AB9: =IFERROR(_xlfn.XLOOKUP($A9,CFR20252026_BenchMarkDataReport!$B:$B,CFR20252026_BenchMarkDataReport!AQ:AQ),0) -> 3879.48 | AC9: =IFERROR(_xlfn.XLOOKUP($A9,CFR20252026_BenchMarkDataReport!$B:$B,CFR20252026_BenchMarkDataReport!AR:AR),0) -> 2528.9 | AD9: =IFERROR(_xlfn.XLOOKUP($A9,CFR20252026_BenchMarkDataReport!$B:$B,CFR20252026_BenchMarkDataReport!AS:AS),0) -> 716.44 | AE9: =IFERROR(_xlfn.XLOOKUP($A9,CFR20252026_BenchMarkDataReport!$B:$B,CFR20252026_BenchMarkDataReport!AT:AT),0) -> 0 | AF9: =IFERROR(_xlfn.XLOOKUP($A9,CFR20252026_BenchMarkDataReport!$B:$B,CFR20252026_BenchMarkDataReport!AU:AU),0) -> 66900.25 | AG9: =IFERROR(_xlfn.XLOOKUP($A9,CFR20252026_BenchMarkDataReport!$B:$B,CFR20252026_BenchMarkDataReport!AV:AV),0) -> 477.5 | AH9: =IFERROR(_xlfn.XLOOKUP($A9,CFR20252026_BenchMarkDataReport!$B:$B,CFR20252026_BenchMarkDataReport!AW:AW),0) -> 53792.38 | AI9: =IFERROR(_xlfn.XLOOKUP($A9,CFR20252026_BenchMarkDataReport!$B:$B,CFR20252026_BenchMarkDataReport!AX:AX),0) -> 17172.51 | AJ9: =IFERROR(_xlfn.XLOOKUP($A9,CFR20252026_BenchMarkDataReport!$B:$B,CFR20252026_BenchMarkDataReport!AY:AY),0) -> 41259.78 | AK9: =IFERROR(_xlfn.XLOOKUP($A9,CFR20252026_BenchMarkDataReport!$B:$B,CFR20252026_BenchMarkDataReport!AZ:AZ),0) -> 17370.08 | AL9: =IFERROR(_xlfn.XLOOKUP($A9,CFR20252026_BenchMarkDataReport!$B:$B,CFR20252026_BenchMarkDataReport!BA:BA),0) -> 141066.73 | AM9: =IFERROR(_xlfn.XLOOKUP($A9,CFR20252026_BenchMarkDataReport!$B:$B,CFR20252026_BenchMarkDataReport!BB:BB),0) -> 180037.32 | AN9: =IFERROR(_xlfn.XLOOKUP($A9,CFR20252026_BenchMarkDataReport!$B:$B,CFR20252026_BenchMarkDataReport!BC:BC),0) -> 7648.76 | AO9: =IFERROR(_xlfn.XLOOKUP($A9,CFR20252026_BenchMarkDataReport!$B:$B,CFR20252026_BenchMarkDataReport!BD:BD),0) -> 0 | AP9: =IFERROR(_xlfn.XLOOKUP($A9,CFR20252026_BenchMarkDataReport!$B:$B,CFR20252026_BenchMarkDataReport!BE:BE),0) -> 3041.49 | AQ9: =IFERROR(_xlfn.XLOOKUP($A9,CFR20252026_BenchMarkDataReport!$B:$B,CFR20252026_BenchMarkDataReport!BF:BF),0) -> 10720.78 | AR9: =IFERROR(_xlfn.XLOOKUP($A9,CFR20252026_BenchMarkDataReport!$B:$B,CFR20252026_BenchMarkDataReport!BG:BG),0) -> 6568.94 | AS9: =IFERROR(_xlfn.XLOOKUP($A9,CFR20252026_BenchMarkDataReport!$B:$B,CFR20252026_BenchMarkDataReport!BH:BH),0) -> 413.85 | AT9: =IFERROR(_xlfn.XLOOKUP($A9,CFR20252026_BenchMarkDataReport!$B:$B,CFR20252026_BenchMarkDataReport!BI:BI),0) -> 19645 | AU9: =IFERROR(_xlfn.XLOOKUP($A9,CFR20252026_BenchMarkDataReport!$B:$B,CFR20252026_BenchMarkDataReport!BJ:BJ),0) -> 0 | AV9: =IFERROR(_xlfn.XLOOKUP($A9,CFR20252026_BenchMarkDataReport!$B:$B,CFR20252026_BenchMarkDataReport!BK:BK),0) -> 4964.99 | AW9: =IFERROR(_xlfn.XLOOKUP($A9,CFR20252026_BenchMarkDataReport!$B:$B,CFR20252026_BenchMarkDataReport!BL:BL),0) -> 18176.22 | AX9: =IFERROR(_xlfn.XLOOKUP($A9,CFR20252026_BenchMarkDataReport!$B:$B,CFR20252026_BenchMarkDataReport!BM:BM),0) -> 3908.67 | AY9: =IFERROR(_xlfn.XLOOKUP($A9,CFR20252026_BenchMarkDataReport!$B:$B,CFR20252026_BenchMarkDataReport!BN:BN),0) -> 204402.24 | AZ9: =IFERROR(_xlfn.XLOOKUP($A9,CFR20252026_BenchMarkDataReport!$B:$B,CFR20252026_BenchMarkDataReport!BO:BO),0) -> 62122.08 | BA9: =IFERROR(_xlfn.XLOOKUP($A9,CFR20252026_BenchMarkDataReport!$B:$B,CFR20252026_BenchMarkDataReport!BP:BP),0) -> 185944.49 | BB9: =IFERROR(_xlfn.XLOOKUP($A9,CFR20252026_BenchMarkDataReport!$B:$B,CFR20252026_BenchMarkDataReport!BQ:BQ),0) -> 39272.42 | BC9: =IFERROR(_xlfn.XLOOKUP($A9,CFR20252026_BenchMarkDataReport!$B:$B,CFR20252026_BenchMarkDataReport!BR:BR),0) -> 0 | BD9: =IFERROR(_xlfn.XLOOKUP($A9,CFR20252026_BenchMarkDataReport!$B:$B,CFR20252026_BenchMarkDataReport!BS:BS),0) -> 0 | BE9: =IFERROR(_xlfn.XLOOKUP($A9,CFR20252026_BenchMarkDataReport!$B:$B,CFR20252026_BenchMarkDataReport!BT:BT),0) -> 9300 | BF9: =IFERROR(_xlfn.XLOOKUP($A9,CFR20252026_BenchMarkDataReport!$B:$B,CFR20252026_BenchMarkDataReport!BU:BU),0) -> 0 | BG9: =IFERROR(_xlfn.XLOOKUP($A9,CFR20252026_BenchMarkDataReport!$B:$B,CFR20252026_BenchMarkDataReport!BV:BV),0) -> 0 | BH9: =SUM(D9:R9) -> 3293499 | BI9: =SUM(U9:BE9) -> 3395990 | BJ9: =BH9-BI9 -> -102491 | BK9: =IFERROR(_xlfn.XLOOKUP(A9,CFR20252026_BenchMarkDataReport!$B:$B,CFR20252026_BenchMarkDataReport!P:P)+_xlfn.XLOOKUP(A9,CFR20252026_BenchMarkDataReport!$B:$B,CFR20252026_BenchMarkDataReport!Q:Q),0) -> 325702 | BL9: =SUM(BJ9:BK9) -> 223211 | BM9: =SUMIFS(PP!I:I,PP!E:E,A9) -> 419 | BN9: =D9+E9+F9 -> 2289820.3 | BO9: P | BP9: =IFERROR(D9/BH9,0) -> 0.65309236 | BQ9: =D9/BM9 -> 5133.5538 | BR9: =E9/BH9 -> 0 | BS9: =E9/BM9 -> 0 | BT9: =F9/BH9 -> 0.042162229 | BU9: =F9/BM9 -> 331.41112 | BV9: =G9/BH9 -> 0 | BW9: =G9/BM9 -> 0 | BX9: =H9/BH9 -> 0.0009199942 | BY9: =H9/BM9 -> 7.2315036 | BZ9: =I9/BH9 -> 0.043108927 | CA9: =I9/BM9 -> 338.85253 | CB9: =J9/BH9 -> 0.052773952 | CC9: =J9/BM9 -> 414.82329 | CD9: =IFERROR((K9+L9)/BH9,0) -> 0.0087304019 | CE9: =IFERROR((K9+L9)/BM9,0) -> 68.624272 | CF9: =P9/BH9 -> 0.036838177 | CG9: =P9/BM9 -> 289.56205 | CH9: =Q9/BH9 -> 0.16123677 | CI9: =Q9/BM9 -> 1267.3822 | CJ9: =(U9+V9+AZ9)/BN9 -> 0.66640418 | CK9: =(U9+V9+AZ9)/BH9 -> 0.46332057 | CL9: =(U9+V9+AZ9)/BI9 -> 0.44933755 | CM9: =(U9+V9+AZ9)/BM9 -> 3641.8755 | CN9: =W9/BN9 -> 0.26772241 | CO9: =W9/BH9 -> 0.18613524 | CP9: =W9/BI9 -> 0.18051767 | CQ9: =W9/BM9 -> 1463.0936 | CR9: =X9/BN9 -> 0.014910301 | CS9: =X9/BH9 -> 0.010366455 | CT9: =X9/BI9 -> 0.010053596 | CU9: =X9/BM9 -> 81.484272 | CV9: =Y9/BN9 -> 0.066556248 | CW9: =Y9/BH9 -> 0.046273537 | CX9: =Y9/BI9 -> 0.044877002 | CY9: =Y9/BM9 -> 363.72757 | CZ9: =(U9+V9+W9+X9+Y9+Z9+AA9)/BN9 -> 1.002113 | DA9: =(U9+V9+W9+X9+Y9+Z9+AA9)/BH9 -> 0.69672367 | DB9: =(U9+V9+W9+X9+Y9+Z9+AA9)/BI9 -> 0.67569654 | DC9: =(U9+V9+W9+X9+Y9+Z9+AA9)/BM9 -> 5476.5125 | DD9: =AF9/BN9 -> 0.029216375 | DE9: =AF9/BI9 -> 0.019699778 | DF9: =AF9/BM9 -> 159.66647 | DG9: =AI9/BI9 -> 0.0050567021 | DH9: =AI9/BM9 -> 40.984511 | DI9: =AJ9/BN9 -> 0.018018785 | DJ9: =AJ9/BI9 -> 0.012149559 | DK9: =AJ9/BM9 -> 98.472029 | DL9: =AL9/BN9 -> 0.061606026 | DM9: =AL9/BI9 -> 0.041539206 | DN9: =AL9/BM9 -> 336.67477 | DO9: =AM9/BN9 -> 0.078625086 | DP9: =AM9/BH9 -> 0.054664452 | DQ9: =AM9/BI9 -> 0.053014679 | DR9: =AM9/BM9 -> 429.68334 | DS9: =AV9/BN9 -> 0.002168288 | DT9: =IFERROR(AV9/BI9,0) -> 0.0014620155 | DU9: =AV9/BM9 -> 11.849618 | DV9: =IFERROR(BA9/BN9,0) -> 0.081204839 | DW9: =IFERROR(BA9/BI9,0) -> 0.054754133 | DX9: =BA9/BM9 -> 443.7816 | DY9: =AY9/BI9 -> 0.060189293 | DZ9: =AY9/BM9 -> 487.83351 | EA9: =IFERROR(AH9/BI9,0) -> 0.01583997 | EB9: =IFERROR((AH9/BM9),0) -> 128.38277 | EC9: =IFERROR(VLOOKUP(A9,PP!$E$3:$S$130,14,0),0) -> 2
A10: 3317 | B10: 10042 | C10: All Saints' CE School (N20) | D10: =IFERROR(_xlfn.XLOOKUP($A10,CFR20252026_BenchMarkDataReport!$B:$B,CFR20252026_BenchMarkDataReport!S:S),0) -> 1402794.8 | E10: =IFERROR(_xlfn.XLOOKUP($A10,CFR20252026_BenchMarkDataReport!$B:$B,CFR20252026_BenchMarkDataReport!T:T),0) -> 0 | F10: =IFERROR(_xlfn.XLOOKUP($A10,CFR20252026_BenchMarkDataReport!$B:$B,CFR20252026_BenchMarkDataReport!U:U),0) -> 196072.27 | G10: =IFERROR(_xlfn.XLOOKUP($A10,CFR20252026_BenchMarkDataReport!$B:$B,CFR20252026_BenchMarkDataReport!V:V),0) -> 0 | H10: =IFERROR(_xlfn.XLOOKUP($A10,CFR20252026_BenchMarkDataReport!$B:$B,CFR20252026_BenchMarkDataReport!W:W),0) -> 72520 | I10: =IFERROR(_xlfn.XLOOKUP($A10,CFR20252026_BenchMarkDataReport!$B:$B,CFR20252026_BenchMarkDataReport!X:X),0) -> 42898.6 | J10: =IFERROR(_xlfn.XLOOKUP($A10,CFR20252026_BenchMarkDataReport!$B:$B,CFR20252026_BenchMarkDataReport!Y:Y),0) -> 61885.98 | K10: =IFERROR(_xlfn.XLOOKUP($A10,CFR20252026_BenchMarkDataReport!$B:$B,CFR20252026_BenchMarkDataReport!Z:Z),0) -> 41937.36 | L10: =IFERROR(_xlfn.XLOOKUP($A10,CFR20252026_BenchMarkDataReport!$B:$B,CFR20252026_BenchMarkDataReport!AA:AA),0) -> 30331.27 | M10: =IFERROR(_xlfn.XLOOKUP($A10,CFR20252026_BenchMarkDataReport!$B:$B,CFR20252026_BenchMarkDataReport!AB:AB),0) -> 2095.5 | N10: =IFERROR(_xlfn.XLOOKUP($A10,CFR20252026_BenchMarkDataReport!$B:$B,CFR20252026_BenchMarkDataReport!AC:AC),0) -> -8625 | O10: =IFERROR(_xlfn.XLOOKUP($A10,CFR20252026_BenchMarkDataReport!$B:$B,CFR20252026_BenchMarkDataReport!AD:AD),0) -> 750 | P10: =IFERROR(_xlfn.XLOOKUP($A10,CFR20252026_BenchMarkDataReport!$B:$B,CFR20252026_BenchMarkDataReport!AE:AE),0) -> 49297.02 | Q10: =IFERROR(_xlfn.XLOOKUP($A10,CFR20252026_BenchMarkDataReport!$B:$B,CFR20252026_BenchMarkDataReport!AF:AF),0) -> 33908.5 | R10: =IFERROR(_xlfn.XLOOKUP($A10,CFR20252026_BenchMarkDataReport!$B:$B,CFR20252026_BenchMarkDataReport!AG:AG),0) -> 0 | S10: =IFERROR(_xlfn.XLOOKUP($A10,CFR20252026_BenchMarkDataReport!$B:$B,CFR20252026_BenchMarkDataReport!AH:AH),0) -> 0 | T10: =IFERROR(_xlfn.XLOOKUP($A10,CFR20252026_BenchMarkDataReport!$B:$B,CFR20252026_BenchMarkDataReport!AI:AI),0) -> 0 | U10: =IFERROR(_xlfn.XLOOKUP($A10,CFR20252026_BenchMarkDataReport!$B:$B,CFR20252026_BenchMarkDataReport!AJ:AJ),0) -> 812081.21 | V10: =IFERROR(_xlfn.XLOOKUP($A10,CFR20252026_BenchMarkDataReport!$B:$B,CFR20252026_BenchMarkDataReport!AK:AK),0) -> 21627 | W10: =IFERROR(_xlfn.XLOOKUP($A10,CFR20252026_BenchMarkDataReport!$B:$B,CFR20252026_BenchMarkDataReport!AL:AL),0) -> 404406.48 | X10: =IFERROR(_xlfn.XLOOKUP($A10,CFR20252026_BenchMarkDataReport!$B:$B,CFR20252026_BenchMarkDataReport!AM:AM),0) -> 44598.82 | Y10: =IFERROR(_xlfn.XLOOKUP($A10,CFR20252026_BenchMarkDataReport!$B:$B,CFR20252026_BenchMarkDataReport!AN:AN),0) -> 71644.36 | Z10: =IFERROR(_xlfn.XLOOKUP($A10,CFR20252026_BenchMarkDataReport!$B:$B,CFR20252026_BenchMarkDataReport!AO:AO),0) -> 0 | AA10: =IFERROR(_xlfn.XLOOKUP($A10,CFR20252026_BenchMarkDataReport!$B:$B,CFR20252026_BenchMarkDataReport!AP:AP),0) -> 51708.1 | AB10: =IFERROR(_xlfn.XLOOKUP($A10,CFR20252026_BenchMarkDataReport!$B:$B,CFR20252026_BenchMarkDataReport!AQ:AQ),0) -> 768.73 | AC10: =IFERROR(_xlfn.XLOOKUP($A10,CFR20252026_BenchMarkDataReport!$B:$B,CFR20252026_BenchMarkDataReport!AR:AR),0) -> 1484.5 | AD10: =IFERROR(_xlfn.XLOOKUP($A10,CFR20252026_BenchMarkDataReport!$B:$B,CFR20252026_BenchMarkDataReport!AS:AS),0) -> 6918.48 | AE10: =IFERROR(_xlfn.XLOOKUP($A10,CFR20252026_BenchMarkDataReport!$B:$B,CFR20252026_BenchMarkDataReport!AT:AT),0) -> 0 | AF10: =IFERROR(_xlfn.XLOOKUP($A10,CFR20252026_BenchMarkDataReport!$B:$B,CFR20252026_BenchMarkDataReport!AU:AU),0) -> 26366.43 | AG10: =IFERROR(_xlfn.XLOOKUP($A10,CFR20252026_BenchMarkDataReport!$B:$B,CFR20252026_BenchMarkDataReport!AV:AV),0) -> 5503.18 | AH10: =IFERROR(_xlfn.XLOOKUP($A10,CFR20252026_BenchMarkDataReport!$B:$B,CFR20252026_BenchMarkDataReport!AW:AW),0) -> 39328.7 | AI10: =IFERROR(_xlfn.XLOOKUP($A10,CFR20252026_BenchMarkDataReport!$B:$B,CFR20252026_BenchMarkDataReport!AX:AX),0) -> 9569.98 | AJ10: =IFERROR(_xlfn.XLOOKUP($A10,CFR20252026_BenchMarkDataReport!$B:$B,CFR20252026_BenchMarkDataReport!AY:AY),0) -> 29502.79 | AK10: =IFERROR(_xlfn.XLOOKUP($A10,CFR20252026_BenchMarkDataReport!$B:$B,CFR20252026_BenchMarkDataReport!AZ:AZ),0) -> 4742.18 | AL10: =IFERROR(_xlfn.XLOOKUP($A10,CFR20252026_BenchMarkDataReport!$B:$B,CFR20252026_BenchMarkDataReport!BA:BA),0) -> 9205.91 | AM10: =IFERROR(_xlfn.XLOOKUP($A10,CFR20252026_BenchMarkDataReport!$B:$B,CFR20252026_BenchMarkDataReport!BB:BB),0) -> 63628.32 | AN10: =IFERROR(_xlfn.XLOOKUP($A10,CFR20252026_BenchMarkDataReport!$B:$B,CFR20252026_BenchMarkDataReport!BC:BC),0) -> 7136.06 | AO10: =IFERROR(_xlfn.XLOOKUP($A10,CFR20252026_BenchMarkDataReport!$B:$B,CFR20252026_BenchMarkDataReport!BD:BD),0) -> 0 | AP10: =IFERROR(_xlfn.XLOOKUP($A10,CFR20252026_BenchMarkDataReport!$B:$B,CFR20252026_BenchMarkDataReport!BE:BE),0) -> 2696.25 | AQ10: =IFERROR(_xlfn.XLOOKUP($A10,CFR20252026_BenchMarkDataReport!$B:$B,CFR20252026_BenchMarkDataReport!BF:BF),0) -> 11508.82 | AR10: =IFERROR(_xlfn.XLOOKUP($A10,CFR20252026_BenchMarkDataReport!$B:$B,CFR20252026_BenchMarkDataReport!BG:BG),0) -> 5989.46 | AS10: =IFERROR(_xlfn.XLOOKUP($A10,CFR20252026_BenchMarkDataReport!$B:$B,CFR20252026_BenchMarkDataReport!BH:BH),0) -> 618.14 | AT10: =IFERROR(_xlfn.XLOOKUP($A10,CFR20252026_BenchMarkDataReport!$B:$B,CFR20252026_BenchMarkDataReport!BI:BI),0) -> 7430 | AU10: =IFERROR(_xlfn.XLOOKUP($A10,CFR20252026_BenchMarkDataReport!$B:$B,CFR20252026_BenchMarkDataReport!BJ:BJ),0) -> 0 | AV10: =IFERROR(_xlfn.XLOOKUP($A10,CFR20252026_BenchMarkDataReport!$B:$B,CFR20252026_BenchMarkDataReport!BK:BK),0) -> 3206.8 | AW10: =IFERROR(_xlfn.XLOOKUP($A10,CFR20252026_BenchMarkDataReport!$B:$B,CFR20252026_BenchMarkDataReport!BL:BL),0) -> 11220.87 | AX10: =IFERROR(_xlfn.XLOOKUP($A10,CFR20252026_BenchMarkDataReport!$B:$B,CFR20252026_BenchMarkDataReport!BM:BM),0) -> 6865.36 | AY10: =IFERROR(_xlfn.XLOOKUP($A10,CFR20252026_BenchMarkDataReport!$B:$B,CFR20252026_BenchMarkDataReport!BN:BN),0) -> 91932.7 | AZ10: =IFERROR(_xlfn.XLOOKUP($A10,CFR20252026_BenchMarkDataReport!$B:$B,CFR20252026_BenchMarkDataReport!BO:BO),0) -> 9681.34 | BA10: =IFERROR(_xlfn.XLOOKUP($A10,CFR20252026_BenchMarkDataReport!$B:$B,CFR20252026_BenchMarkDataReport!BP:BP),0) -> 96798.73 | BB10: =IFERROR(_xlfn.XLOOKUP($A10,CFR20252026_BenchMarkDataReport!$B:$B,CFR20252026_BenchMarkDataReport!BQ:BQ),0) -> 27039.2 | BC10: =IFERROR(_xlfn.XLOOKUP($A10,CFR20252026_BenchMarkDataReport!$B:$B,CFR20252026_BenchMarkDataReport!BR:BR),0) -> 0 | BD10: =IFERROR(_xlfn.XLOOKUP($A10,CFR20252026_BenchMarkDataReport!$B:$B,CFR20252026_BenchMarkDataReport!BS:BS),0) -> 0 | BE10: =IFERROR(_xlfn.XLOOKUP($A10,CFR20252026_BenchMarkDataReport!$B:$B,CFR20252026_BenchMarkDataReport!BT:BT),0) -> 0 | BF10: =IFERROR(_xlfn.XLOOKUP($A10,CFR20252026_BenchMarkDataReport!$B:$B,CFR20252026_BenchMarkDataReport!BU:BU),0) -> 0 | BG10: =IFERROR(_xlfn.XLOOKUP($A10,CFR20252026_BenchMarkDataReport!$B:$B,CFR20252026_BenchMarkDataReport!BV:BV),0) -> 0 | BH10: =SUM(D10:R10) -> 1925866.3 | BI10: =SUM(U10:BE10) -> 1885208.9 | BJ10: =BH10-BI10 -> 40657.35 | BK10: =IFERROR(_xlfn.XLOOKUP(A10,CFR20252026_BenchMarkDataReport!$B:$B,CFR20252026_BenchMarkDataReport!P:P)+_xlfn.XLOOKUP(A10,CFR20252026_BenchMarkDataReport!$B:$B,CFR20252026_BenchMarkDataReport!Q:Q),0) -> 176641.72 | BL10: =SUM(BJ10:BK10) -> 217299.07 | BM10: =SUMIFS(PP!I:I,PP!E:E,A10) -> 202 | BN10: =D10+E10+F10 -> 1598867 | BO10: P | BP10: =IFERROR(D10/BH10,0) -> 0.72839677 | BQ10: =D10/BM10 -> 6944.5285 | BR10: =E10/BH10 -> 0 | BS10: =E10/BM10 -> 0 | BT10: =F10/BH10 -> 0.10180991 | BU10: =F10/BM10 -> 970.6548 | BV10: =G10/BH10 -> 0 | BW10: =G10/BM10 -> 0 | BX10: =H10/BH10 -> 0.037655782 | BY10: =H10/BM10 -> 359.0099 | BZ10: =I10/BH10 -> 0.022274963 | CA10: =I10/BM10 -> 212.36931 | CB10: =J10/BH10 -> 0.032134101 | CC10: =J10/BM10 -> 306.36624 | CD10: =IFERROR((K10+L10)/BH10,0) -> 0.037525259 | CE10: =IFERROR((K10+L10)/BM10,0) -> 357.7655 | CF10: =P10/BH10 -> 0.025597323 | CG10: =P10/BM10 -> 244.04465 | CH10: =Q10/BH10 -> 0.017606882 | CI10: =Q10/BM10 -> 167.86386 | CJ10: =(U10+V10+AZ10)/BN10 -> 0.52749199 | CK10: =(U10+V10+AZ10)/BH10 -> 0.43792737 | CL10: =(U10+V10+AZ10)/BI10 -> 0.44737193 | CM10: =(U10+V10+AZ10)/BM10 -> 4175.1958 | CN10: =W10/BN10 -> 0.25293316 | CO10: =W10/BH10 -> 0.20998679 | CP10: =W10/BI10 -> 0.21451547 | CQ10: =W10/BM10 -> 2002.0123 | CR10: =X10/BN10 -> 0.027894015 | CS10: =X10/BH10 -> 0.023157797 | CT10: =X10/BI10 -> 0.02365723 | CU10: =X10/BM10 -> 220.78624 | CV10: =Y10/BN10 -> 0.044809455 | CW10: =Y10/BH10 -> 0.037201109 | CX10: =Y10/BI10 -> 0.038003406 | CY10: =Y10/BM10 -> 354.67505 | CZ10: =(U10+V10+W10+X10+Y10+Z10+AA10)/BN10 -> 0.87941396 | DA10: =(U10+V10+W10+X10+Y10+Z10+AA10)/BH10 -> 0.73009534 | DB10: =(U10+V10+W10+X10+Y10+Z10+AA10)/BI10 -> 0.74584094 | DC10: =(U10+V10+W10+X10+Y10+Z10+AA10)/BM10 -> 6960.7226 | DD10: =AF10/BN10 -> 0.016490696 | DE10: =AF10/BI10 -> 0.013985946 | DF10: =AF10/BM10 -> 130.52688 | DG10: =AI10/BI10 -> 0.0050763499 | DH10: =AI10/BM10 -> 47.376139 | DI10: =AJ10/BN10 -> 0.01845231 | DJ10: =AJ10/BI10 -> 0.015649613 | DK10: =AJ10/BM10 -> 146.05342 | DL10: =AL10/BN10 -> 0.0057577709 | DM10: =AL10/BI10 -> 0.0048832307 | DN10: =AL10/BM10 -> 45.573812 | DO10: =AM10/BN10 -> 0.03979588 | DP10: =AM10/BH10 -> 0.033038805 | DQ10: =AM10/BI10 -> 0.033751337 | DR10: =AM10/BM10 -> 314.99168 | DS10: =AV10/BN10 -> 0.0020056702 | DT10: =IFERROR(AV10/BI10,0) -> 0.0017010316 | DU10: =AV10/BM10 -> 15.875248 | DV10: =IFERROR(BA10/BN10,0) -> 0.060542077 | DW10: =IFERROR(BA10/BI10,0) -> 0.051346421 | DX10: =BA10/BM10 -> 479.20163 | DY10: =AY10/BI10 -> 0.048765259 | DZ10: =AY10/BM10 -> 455.11238 | EA10: =IFERROR(AH10/BI10,0) -> 0.02086172 | EB10: =IFERROR((AH10/BM10),0) -> 194.69653 | EC10: =IFERROR(VLOOKUP(A10,PP!$E$3:$S$130,14,0),0) -> 44
A11: 3300 | B11: 10040 | C11: All Saints' CE School (NW2) | D11: =IFERROR(_xlfn.XLOOKUP($A11,CFR20252026_BenchMarkDataReport!$B:$B,CFR20252026_BenchMarkDataReport!S:S),0) -> 1276406.2 | E11: =IFERROR(_xlfn.XLOOKUP($A11,CFR20252026_BenchMarkDataReport!$B:$B,CFR20252026_BenchMarkDataReport!T:T),0) -> 0 | F11: =IFERROR(_xlfn.XLOOKUP($A11,CFR20252026_BenchMarkDataReport!$B:$B,CFR20252026_BenchMarkDataReport!U:U),0) -> 120837.52 | G11: =IFERROR(_xlfn.XLOOKUP($A11,CFR20252026_BenchMarkDataReport!$B:$B,CFR20252026_BenchMarkDataReport!V:V),0) -> 0 | H11: =IFERROR(_xlfn.XLOOKUP($A11,CFR20252026_BenchMarkDataReport!$B:$B,CFR20252026_BenchMarkDataReport!W:W),0) -> 113625 | I11: =IFERROR(_xlfn.XLOOKUP($A11,CFR20252026_BenchMarkDataReport!$B:$B,CFR20252026_BenchMarkDataReport!X:X),0) -> 52021.92 | J11: =IFERROR(_xlfn.XLOOKUP($A11,CFR20252026_BenchMarkDataReport!$B:$B,CFR20252026_BenchMarkDataReport!Y:Y),0) -> 26957.31 | K11: =IFERROR(_xlfn.XLOOKUP($A11,CFR20252026_BenchMarkDataReport!$B:$B,CFR20252026_BenchMarkDataReport!Z:Z),0) -> 0 | L11: =IFERROR(_xlfn.XLOOKUP($A11,CFR20252026_BenchMarkDataReport!$B:$B,CFR20252026_BenchMarkDataReport!AA:AA),0) -> 10977.51 | M11: =IFERROR(_xlfn.XLOOKUP($A11,CFR20252026_BenchMarkDataReport!$B:$B,CFR20252026_BenchMarkDataReport!AB:AB),0) -> 127.37 | N11: =IFERROR(_xlfn.XLOOKUP($A11,CFR20252026_BenchMarkDataReport!$B:$B,CFR20252026_BenchMarkDataReport!AC:AC),0) -> 0 | O11: =IFERROR(_xlfn.XLOOKUP($A11,CFR20252026_BenchMarkDataReport!$B:$B,CFR20252026_BenchMarkDataReport!AD:AD),0) -> 0 | P11: =IFERROR(_xlfn.XLOOKUP($A11,CFR20252026_BenchMarkDataReport!$B:$B,CFR20252026_BenchMarkDataReport!AE:AE),0) -> 11090.38 | Q11: =IFERROR(_xlfn.XLOOKUP($A11,CFR20252026_BenchMarkDataReport!$B:$B,CFR20252026_BenchMarkDataReport!AF:AF),0) -> 4792.21 | R11: =IFERROR(_xlfn.XLOOKUP($A11,CFR20252026_BenchMarkDataReport!$B:$B,CFR20252026_BenchMarkDataReport!AG:AG),0) -> 0 | S11: =IFERROR(_xlfn.XLOOKUP($A11,CFR20252026_BenchMarkDataReport!$B:$B,CFR20252026_BenchMarkDataReport!AH:AH),0) -> 0 | T11: =IFERROR(_xlfn.XLOOKUP($A11,CFR20252026_BenchMarkDataReport!$B:$B,CFR20252026_BenchMarkDataReport!AI:AI),0) -> 0 | U11: =IFERROR(_xlfn.XLOOKUP($A11,CFR20252026_BenchMarkDataReport!$B:$B,CFR20252026_BenchMarkDataReport!AJ:AJ),0) -> 597311.05 | V11: =IFERROR(_xlfn.XLOOKUP($A11,CFR20252026_BenchMarkDataReport!$B:$B,CFR20252026_BenchMarkDataReport!AK:AK),0) -> 0 | W11: =IFERROR(_xlfn.XLOOKUP($A11,CFR20252026_BenchMarkDataReport!$B:$B,CFR20252026_BenchMarkDataReport!AL:AL),0) -> 214720.5 | X11: =IFERROR(_xlfn.XLOOKUP($A11,CFR20252026_BenchMarkDataReport!$B:$B,CFR20252026_BenchMarkDataReport!AM:AM),0) -> 44381.68 | Y11: =IFERROR(_xlfn.XLOOKUP($A11,CFR20252026_BenchMarkDataReport!$B:$B,CFR20252026_BenchMarkDataReport!AN:AN),0) -> 41175.95 | Z11: =IFERROR(_xlfn.XLOOKUP($A11,CFR20252026_BenchMarkDataReport!$B:$B,CFR20252026_BenchMarkDataReport!AO:AO),0) -> 0 | AA11: =IFERROR(_xlfn.XLOOKUP($A11,CFR20252026_BenchMarkDataReport!$B:$B,CFR20252026_BenchMarkDataReport!AP:AP),0) -> 8759.38 | AB11: =IFERROR(_xlfn.XLOOKUP($A11,CFR20252026_BenchMarkDataReport!$B:$B,CFR20252026_BenchMarkDataReport!AQ:AQ),0) -> 2434.5 | AC11: =IFERROR(_xlfn.XLOOKUP($A11,CFR20252026_BenchMarkDataReport!$B:$B,CFR20252026_BenchMarkDataReport!AR:AR),0) -> 401.5 | AD11: =IFERROR(_xlfn.XLOOKUP($A11,CFR20252026_BenchMarkDataReport!$B:$B,CFR20252026_BenchMarkDataReport!AS:AS),0) -> 294.12 | AE11: =IFERROR(_xlfn.XLOOKUP($A11,CFR20252026_BenchMarkDataReport!$B:$B,CFR20252026_BenchMarkDataReport!AT:AT),0) -> 0 | AF11: =IFERROR(_xlfn.XLOOKUP($A11,CFR20252026_BenchMarkDataReport!$B:$B,CFR20252026_BenchMarkDataReport!AU:AU),0) -> 15624.73 | AG11: =IFERROR(_xlfn.XLOOKUP($A11,CFR20252026_BenchMarkDataReport!$B:$B,CFR20252026_BenchMarkDataReport!AV:AV),0) -> 3852.72 | AH11: =IFERROR(_xlfn.XLOOKUP($A11,CFR20252026_BenchMarkDataReport!$B:$B,CFR20252026_BenchMarkDataReport!AW:AW),0) -> 30350.63 | AI11: =IFERROR(_xlfn.XLOOKUP($A11,CFR20252026_BenchMarkDataReport!$B:$B,CFR20252026_BenchMarkDataReport!AX:AX),0) -> 9295.25 | AJ11: =IFERROR(_xlfn.XLOOKUP($A11,CFR20252026_BenchMarkDataReport!$B:$B,CFR20252026_BenchMarkDataReport!AY:AY),0) -> 18134 | AK11: =IFERROR(_xlfn.XLOOKUP($A11,CFR20252026_BenchMarkDataReport!$B:$B,CFR20252026_BenchMarkDataReport!AZ:AZ),0) -> 3722.85 | AL11: =IFERROR(_xlfn.XLOOKUP($A11,CFR20252026_BenchMarkDataReport!$B:$B,CFR20252026_BenchMarkDataReport!BA:BA),0) -> 6532.38 | AM11: =IFERROR(_xlfn.XLOOKUP($A11,CFR20252026_BenchMarkDataReport!$B:$B,CFR20252026_BenchMarkDataReport!BB:BB),0) -> 37215.62 | AN11: =IFERROR(_xlfn.XLOOKUP($A11,CFR20252026_BenchMarkDataReport!$B:$B,CFR20252026_BenchMarkDataReport!BC:BC),0) -> 5716.21 | AO11: =IFERROR(_xlfn.XLOOKUP($A11,CFR20252026_BenchMarkDataReport!$B:$B,CFR20252026_BenchMarkDataReport!BD:BD),0) -> 1100 | AP11: =IFERROR(_xlfn.XLOOKUP($A11,CFR20252026_BenchMarkDataReport!$B:$B,CFR20252026_BenchMarkDataReport!BE:BE),0) -> 1069 | AQ11: =IFERROR(_xlfn.XLOOKUP($A11,CFR20252026_BenchMarkDataReport!$B:$B,CFR20252026_BenchMarkDataReport!BF:BF),0) -> 1975.89 | AR11: =IFERROR(_xlfn.XLOOKUP($A11,CFR20252026_BenchMarkDataReport!$B:$B,CFR20252026_BenchMarkDataReport!BG:BG),0) -> 0 | AS11: =IFERROR(_xlfn.XLOOKUP($A11,CFR20252026_BenchMarkDataReport!$B:$B,CFR20252026_BenchMarkDataReport!BH:BH),0) -> 200.33 | AT11: =IFERROR(_xlfn.XLOOKUP($A11,CFR20252026_BenchMarkDataReport!$B:$B,CFR20252026_BenchMarkDataReport!BI:BI),0) -> 7473.35 | AU11: =IFERROR(_xlfn.XLOOKUP($A11,CFR20252026_BenchMarkDataReport!$B:$B,CFR20252026_BenchMarkDataReport!BJ:BJ),0) -> 0 | AV11: =IFERROR(_xlfn.XLOOKUP($A11,CFR20252026_BenchMarkDataReport!$B:$B,CFR20252026_BenchMarkDataReport!BK:BK),0) -> 2963.9 | AW11: =IFERROR(_xlfn.XLOOKUP($A11,CFR20252026_BenchMarkDataReport!$B:$B,CFR20252026_BenchMarkDataReport!BL:BL),0) -> 7461.36 | AX11: =IFERROR(_xlfn.XLOOKUP($A11,CFR20252026_BenchMarkDataReport!$B:$B,CFR20252026_BenchMarkDataReport!BM:BM),0) -> 1564.2 | AY11: =IFERROR(_xlfn.XLOOKUP($A11,CFR20252026_BenchMarkDataReport!$B:$B,CFR20252026_BenchMarkDataReport!BN:BN),0) -> 70096.83 | AZ11: =IFERROR(_xlfn.XLOOKUP($A11,CFR20252026_BenchMarkDataReport!$B:$B,CFR20252026_BenchMarkDataReport!BO:BO),0) -> 61887 | BA11: =IFERROR(_xlfn.XLOOKUP($A11,CFR20252026_BenchMarkDataReport!$B:$B,CFR20252026_BenchMarkDataReport!BP:BP),0) -> 316581.62 | BB11: =IFERROR(_xlfn.XLOOKUP($A11,CFR20252026_BenchMarkDataReport!$B:$B,CFR20252026_BenchMarkDataReport!BQ:BQ),0) -> 36226.76 | BC11: =IFERROR(_xlfn.XLOOKUP($A11,CFR20252026_BenchMarkDataReport!$B:$B,CFR20252026_BenchMarkDataReport!BR:BR),0) -> 0 | BD11: =IFERROR(_xlfn.XLOOKUP($A11,CFR20252026_BenchMarkDataReport!$B:$B,CFR20252026_BenchMarkDataReport!BS:BS),0) -> 0 | BE11: =IFERROR(_xlfn.XLOOKUP($A11,CFR20252026_BenchMarkDataReport!$B:$B,CFR20252026_BenchMarkDataReport!BT:BT),0) -> 19920.15 | BF11: =IFERROR(_xlfn.XLOOKUP($A11,CFR20252026_BenchMarkDataReport!$B:$B,CFR20252026_BenchMarkDataReport!BU:BU),0) -> 0 | BG11: =IFERROR(_xlfn.XLOOKUP($A11,CFR20252026_BenchMarkDataReport!$B:$B,CFR20252026_BenchMarkDataReport!BV:BV),0) -> 0 | BH11: =SUM(D11:R11) -> 1616835.5 | BI11: =SUM(U11:BE11) -> 1568443.5 | BJ11: =BH11-BI11 -> 48392 | BK11: =IFERROR(_xlfn.XLOOKUP(A11,CFR20252026_BenchMarkDataReport!$B:$B,CFR20252026_BenchMarkDataReport!P:P)+_xlfn.XLOOKUP(A11,CFR20252026_BenchMarkDataReport!$B:$B,CFR20252026_BenchMarkDataReport!Q:Q),0) -> 161461 | BL11: =SUM(BJ11:BK11) -> 209853 | BM11: =SUMIFS(PP!I:I,PP!E:E,A11) -> 172 | BN11: =D11+E11+F11 -> 1397243.8 | BO11: P | BP11: =IFERROR(D11/BH11,0) -> 0.78944721 | BQ11: =D11/BM11 -> 7420.9665 | BR11: =E11/BH11 -> 0 | BS11: =E11/BM11 -> 0 | BT11: =F11/BH11 -> 0.074737055 | BU11: =F11/BM11 -> 702.54372 | BV11: =G11/BH11 -> 0 | BW11: =G11/BM11 -> 0 | BX11: =H11/BH11 -> 0.070276168 | BY11: =H11/BM11 -> 660.61047 | BZ11: =I11/BH11 -> 0.032175148 | CA11: =I11/BM11 -> 302.45302 | CB11: =J11/BH11 -> 0.016672884 | CC11: =J11/BM11 -> 156.72855 | CD11: =IFERROR((K11+L11)/BH11,0) -> 0.0067895035 | CE11: =IFERROR((K11+L11)/BM11,0) -> 63.822733 | CF11: =P11/BH11 -> 0.0068593127 | CG11: =P11/BM11 -> 64.478953 | CH11: =Q11/BH11 -> 0.0029639441 | CI11: =Q11/BM11 -> 27.861686 | CJ11: =(U11+V11+AZ11)/BN11 -> 0.47178457 | CK11: =(U11+V11+AZ11)/BH11 -> 0.4077088 | CL11: =(U11+V11+AZ11)/BI11 -> 0.42028805 | CM11: =(U11+V11+AZ11)/BM11 -> 3832.5468 | CN11: =W11/BN11 -> 0.15367433 | CO11: =W11/BH11 -> 0.13280294 | CP11: =W11/BI11 -> 0.13690038 | CQ11: =W11/BM11 -> 1248.375 | CR11: =X11/BN11 -> 0.031763735 | CS11: =X11/BH11 -> 0.02744972 | CT11: =X11/BI11 -> 0.02829664 | CU11: =X11/BM11 -> 258.03302 | CV11: =Y11/BN11 -> 0.029469411 | CW11: =Y11/BH11 -> 0.025467001 | CX11: =Y11/BI11 -> 0.026252747 | CY11: =Y11/BM11 -> 239.39506 | CZ11: =(U11+V11+W11+X11+Y11+Z11+AA11)/BN11 -> 0.64866889 | DA11: =(U11+V11+W11+X11+Y11+Z11+AA11)/BH11 -> 0.56056945 | DB11: =(U11+V11+W11+X11+Y11+Z11+AA11)/BI11 -> 0.57786499 | DC11: =(U11+V11+W11+X11+Y11+Z11+AA11)/BM11 -> 5269.4684 | DD11: =AF11/BN11 -> 0.011182537 | DE11: =AF11/BI11 -> 0.0099619339 | DF11: =AF11/BM11 -> 90.841453 | DG11: =AI11/BI11 -> 0.005926417 | DH11: =AI11/BM11 -> 54.042151 | DI11: =AJ11/BN11 -> 0.012978408 | DJ11: =AJ11/BI11 -> 0.011561781 | DK11: =AJ11/BM11 -> 105.43023 | DL11: =AL11/BN11 -> 0.00467519 | DM11: =AL11/BI11 -> 0.0041648808 | DN11: =AL11/BM11 -> 37.978953 | DO11: =AM11/BN11 -> 0.026635023 | DP11: =AM11/BH11 -> 0.023017568 | DQ11: =AM11/BI11 -> 0.023727741 | DR11: =AM11/BM11 -> 216.36988 | DS11: =AV11/BN11 -> 0.0021212476 | DT11: =IFERROR(AV11/BI11,0) -> 0.0018897079 | DU11: =AV11/BM11 -> 17.231977 | DV11: =IFERROR(BA11/BN11,0) -> 0.2265758 | DW11: =IFERROR(BA11/BI11,0) -> 0.20184446 | DX11: =BA11/BM11 -> 1840.5908 | DY11: =AY11/BI11 -> 0.044691971 | DZ11: =AY11/BM11 -> 407.53971 | EA11: =IFERROR(AH11/BI11,0) -> 0.019350796 | EB11: =IFERROR((AH11/BM11),0) -> 176.45715 | EC11: =IFERROR(VLOOKUP(A11,PP!$E$3:$S$130,14,0),0) -> 75
A12: 3500 | B12: 10043 | C12: Annunciation RC Infant School | D12: =IFERROR(_xlfn.XLOOKUP($A12,CFR20252026_BenchMarkDataReport!$B:$B,CFR20252026_BenchMarkDataReport!S:S),0) -> 1178570.8 | E12: =IFERROR(_xlfn.XLOOKUP($A12,CFR20252026_BenchMarkDataReport!$B:$B,CFR20252026_BenchMarkDataReport!T:T),0) -> 0 | F12: =IFERROR(_xlfn.XLOOKUP($A12,CFR20252026_BenchMarkDataReport!$B:$B,CFR20252026_BenchMarkDataReport!U:U),0) -> 142695.91 | G12: =IFERROR(_xlfn.XLOOKUP($A12,CFR20252026_BenchMarkDataReport!$B:$B,CFR20252026_BenchMarkDataReport!V:V),0) -> 0 | H12: =IFERROR(_xlfn.XLOOKUP($A12,CFR20252026_BenchMarkDataReport!$B:$B,CFR20252026_BenchMarkDataReport!W:W),0) -> 49995 | I12: =IFERROR(_xlfn.XLOOKUP($A12,CFR20252026_BenchMarkDataReport!$B:$B,CFR20252026_BenchMarkDataReport!X:X),0) -> 65191.84 | J12: =IFERROR(_xlfn.XLOOKUP($A12,CFR20252026_BenchMarkDataReport!$B:$B,CFR20252026_BenchMarkDataReport!Y:Y),0) -> 14908.27 | K12: =IFERROR(_xlfn.XLOOKUP($A12,CFR20252026_BenchMarkDataReport!$B:$B,CFR20252026_BenchMarkDataReport!Z:Z),0) -> 0 | L12: =IFERROR(_xlfn.XLOOKUP($A12,CFR20252026_BenchMarkDataReport!$B:$B,CFR20252026_BenchMarkDataReport!AA:AA),0) -> 18743.86 | M12: =IFERROR(_xlfn.XLOOKUP($A12,CFR20252026_BenchMarkDataReport!$B:$B,CFR20252026_BenchMarkDataReport!AB:AB),0) -> 0 | N12: =IFERROR(_xlfn.XLOOKUP($A12,CFR20252026_BenchMarkDataReport!$B:$B,CFR20252026_BenchMarkDataReport!AC:AC),0) -> 0 | O12: =IFERROR(_xlfn.XLOOKUP($A12,CFR20252026_BenchMarkDataReport!$B:$B,CFR20252026_BenchMarkDataReport!AD:AD),0) -> 0 | P12: =IFERROR(_xlfn.XLOOKUP($A12,CFR20252026_BenchMarkDataReport!$B:$B,CFR20252026_BenchMarkDataReport!AE:AE),0) -> 10115.44 | Q12: =IFERROR(_xlfn.XLOOKUP($A12,CFR20252026_BenchMarkDataReport!$B:$B,CFR20252026_BenchMarkDataReport!AF:AF),0) -> 2555.55 | R12: =IFERROR(_xlfn.XLOOKUP($A12,CFR20252026_BenchMarkDataReport!$B:$B,CFR20252026_BenchMarkDataReport!AG:AG),0) -> 0 | S12: =IFERROR(_xlfn.XLOOKUP($A12,CFR20252026_BenchMarkDataReport!$B:$B,CFR20252026_BenchMarkDataReport!AH:AH),0) -> 0 | T12: =IFERROR(_xlfn.XLOOKUP($A12,CFR20252026_BenchMarkDataReport!$B:$B,CFR20252026_BenchMarkDataReport!AI:AI),0) -> 0 | U12: =IFERROR(_xlfn.XLOOKUP($A12,CFR20252026_BenchMarkDataReport!$B:$B,CFR20252026_BenchMarkDataReport!AJ:AJ),0) -> 540382.19 | V12: =IFERROR(_xlfn.XLOOKUP($A12,CFR20252026_BenchMarkDataReport!$B:$B,CFR20252026_BenchMarkDataReport!AK:AK),0) -> 0 | W12: =IFERROR(_xlfn.XLOOKUP($A12,CFR20252026_BenchMarkDataReport!$B:$B,CFR20252026_BenchMarkDataReport!AL:AL),0) -> 212682.18 | X12: =IFERROR(_xlfn.XLOOKUP($A12,CFR20252026_BenchMarkDataReport!$B:$B,CFR20252026_BenchMarkDataReport!AM:AM),0) -> 15254.73 | Y12: =IFERROR(_xlfn.XLOOKUP($A12,CFR20252026_BenchMarkDataReport!$B:$B,CFR20252026_BenchMarkDataReport!AN:AN),0) -> 44521.35 | Z12: =IFERROR(_xlfn.XLOOKUP($A12,CFR20252026_BenchMarkDataReport!$B:$B,CFR20252026_BenchMarkDataReport!AO:AO),0) -> 0 | AA12: =IFERROR(_xlfn.XLOOKUP($A12,CFR20252026_BenchMarkDataReport!$B:$B,CFR20252026_BenchMarkDataReport!AP:AP),0) -> 15399.3 | AB12: =IFERROR(_xlfn.XLOOKUP($A12,CFR20252026_BenchMarkDataReport!$B:$B,CFR20252026_BenchMarkDataReport!AQ:AQ),0) -> 3708.5 | AC12: =IFERROR(_xlfn.XLOOKUP($A12,CFR20252026_BenchMarkDataReport!$B:$B,CFR20252026_BenchMarkDataReport!AR:AR),0) -> 2844.87 | AD12: =IFERROR(_xlfn.XLOOKUP($A12,CFR20252026_BenchMarkDataReport!$B:$B,CFR20252026_BenchMarkDataReport!AS:AS),0) -> 253.08 | AE12: =IFERROR(_xlfn.XLOOKUP($A12,CFR20252026_BenchMarkDataReport!$B:$B,CFR20252026_BenchMarkDataReport!AT:AT),0) -> 0 | AF12: =IFERROR(_xlfn.XLOOKUP($A12,CFR20252026_BenchMarkDataReport!$B:$B,CFR20252026_BenchMarkDataReport!AU:AU),0) -> 5774.24 | AG12: =IFERROR(_xlfn.XLOOKUP($A12,CFR20252026_BenchMarkDataReport!$B:$B,CFR20252026_BenchMarkDataReport!AV:AV),0) -> 120.99 | AH12: =IFERROR(_xlfn.XLOOKUP($A12,CFR20252026_BenchMarkDataReport!$B:$B,CFR20252026_BenchMarkDataReport!AW:AW),0) -> 13477.31 | AI12: =IFERROR(_xlfn.XLOOKUP($A12,CFR20252026_BenchMarkDataReport!$B:$B,CFR20252026_BenchMarkDataReport!AX:AX),0) -> 4448.42 | AJ12: =IFERROR(_xlfn.XLOOKUP($A12,CFR20252026_BenchMarkDataReport!$B:$B,CFR20252026_BenchMarkDataReport!AY:AY),0) -> 15968.33 | AK12: =IFERROR(_xlfn.XLOOKUP($A12,CFR20252026_BenchMarkDataReport!$B:$B,CFR20252026_BenchMarkDataReport!AZ:AZ),0) -> 3048.99 | AL12: =IFERROR(_xlfn.XLOOKUP($A12,CFR20252026_BenchMarkDataReport!$B:$B,CFR20252026_BenchMarkDataReport!BA:BA),0) -> 3431.67 | AM12: =IFERROR(_xlfn.XLOOKUP($A12,CFR20252026_BenchMarkDataReport!$B:$B,CFR20252026_BenchMarkDataReport!BB:BB),0) -> 31847.17 | AN12: =IFERROR(_xlfn.XLOOKUP($A12,CFR20252026_BenchMarkDataReport!$B:$B,CFR20252026_BenchMarkDataReport!BC:BC),0) -> 5297.31 | AO12: =IFERROR(_xlfn.XLOOKUP($A12,CFR20252026_BenchMarkDataReport!$B:$B,CFR20252026_BenchMarkDataReport!BD:BD),0) -> 0 | AP12: =IFERROR(_xlfn.XLOOKUP($A12,CFR20252026_BenchMarkDataReport!$B:$B,CFR20252026_BenchMarkDataReport!BE:BE),0) -> 4836 | AQ12: =IFERROR(_xlfn.XLOOKUP($A12,CFR20252026_BenchMarkDataReport!$B:$B,CFR20252026_BenchMarkDataReport!BF:BF),0) -> 13103.13 | AR12: =IFERROR(_xlfn.XLOOKUP($A12,CFR20252026_BenchMarkDataReport!$B:$B,CFR20252026_BenchMarkDataReport!BG:BG),0) -> 706.9 | AS12: =IFERROR(_xlfn.XLOOKUP($A12,CFR20252026_BenchMarkDataReport!$B:$B,CFR20252026_BenchMarkDataReport!BH:BH),0) -> 1128.9 | AT12: =IFERROR(_xlfn.XLOOKUP($A12,CFR20252026_BenchMarkDataReport!$B:$B,CFR20252026_BenchMarkDataReport!BI:BI),0) -> 5469 | AU12: =IFERROR(_xlfn.XLOOKUP($A12,CFR20252026_BenchMarkDataReport!$B:$B,CFR20252026_BenchMarkDataReport!BJ:BJ),0) -> 0 | AV12: =IFERROR(_xlfn.XLOOKUP($A12,CFR20252026_BenchMarkDataReport!$B:$B,CFR20252026_BenchMarkDataReport!BK:BK),0) -> 272.15 | AW12: =IFERROR(_xlfn.XLOOKUP($A12,CFR20252026_BenchMarkDataReport!$B:$B,CFR20252026_BenchMarkDataReport!BL:BL),0) -> 6784.74 | AX12: =IFERROR(_xlfn.XLOOKUP($A12,CFR20252026_BenchMarkDataReport!$B:$B,CFR20252026_BenchMarkDataReport!BM:BM),0) -> 8788.4 | AY12: =IFERROR(_xlfn.XLOOKUP($A12,CFR20252026_BenchMarkDataReport!$B:$B,CFR20252026_BenchMarkDataReport!BN:BN),0) -> 54519.32 | AZ12: =IFERROR(_xlfn.XLOOKUP($A12,CFR20252026_BenchMarkDataReport!$B:$B,CFR20252026_BenchMarkDataReport!BO:BO),0) -> 163355.68 | BA12: =IFERROR(_xlfn.XLOOKUP($A12,CFR20252026_BenchMarkDataReport!$B:$B,CFR20252026_BenchMarkDataReport!BP:BP),0) -> 158205.23 | BB12: =IFERROR(_xlfn.XLOOKUP($A12,CFR20252026_BenchMarkDataReport!$B:$B,CFR20252026_BenchMarkDataReport!BQ:BQ),0) -> 14906.68 | BC12: =IFERROR(_xlfn.XLOOKUP($A12,CFR20252026_BenchMarkDataReport!$B:$B,CFR20252026_BenchMarkDataReport!BR:BR),0) -> 0 | BD12: =IFERROR(_xlfn.XLOOKUP($A12,CFR20252026_BenchMarkDataReport!$B:$B,CFR20252026_BenchMarkDataReport!BS:BS),0) -> 0 | BE12: =IFERROR(_xlfn.XLOOKUP($A12,CFR20252026_BenchMarkDataReport!$B:$B,CFR20252026_BenchMarkDataReport!BT:BT),0) -> 15097 | BF12: =IFERROR(_xlfn.XLOOKUP($A12,CFR20252026_BenchMarkDataReport!$B:$B,CFR20252026_BenchMarkDataReport!BU:BU),0) -> 0 | BG12: =IFERROR(_xlfn.XLOOKUP($A12,CFR20252026_BenchMarkDataReport!$B:$B,CFR20252026_BenchMarkDataReport!BV:BV),0) -> 0 | BH12: =SUM(D12:R12) -> 1482776.6 | BI12: =SUM(U12:BE12) -> 1365633.8 | BJ12: =BH12-BI12 -> 117142.88 | BK12: =IFERROR(_xlfn.XLOOKUP(A12,CFR20252026_BenchMarkDataReport!$B:$B,CFR20252026_BenchMarkDataReport!P:P)+_xlfn.XLOOKUP(A12,CFR20252026_BenchMarkDataReport!$B:$B,CFR20252026_BenchMarkDataReport!Q:Q),0) -> 248078.12 | BL12: =SUM(BJ12:BK12) -> 365221 | BM12: =SUMIFS(PP!I:I,PP!E:E,A12) -> 148 | BN12: =D12+E12+F12 -> 1321266.7 | BO12: P | BP12: =IFERROR(D12/BH12,0) -> 0.79484039 | BQ12: =D12/BM12 -> 7963.316 | BR12: =E12/BH12 -> 0 | BS12: =E12/BM12 -> 0 | BT12: =F12/BH12 -> 0.096235607 | BU12: =F12/BM12 -> 964.16155 | BV12: =G12/BH12 -> 0 | BW12: =G12/BM12 -> 0 | BX12: =H12/BH12 -> 0.033717148 | BY12: =H12/BM12 -> 337.80405 | BZ12: =I12/BH12 -> 0.043966055 | CA12: =I12/BM12 -> 440.48541 | CB12: =J12/BH12 -> 0.010054292 | CC12: =J12/BM12 -> 100.73155 | CD12: =IFERROR((K12+L12)/BH12,0) -> 0.012641054 | CE12: =IFERROR((K12+L12)/BM12,0) -> 126.6477 | CF12: =P12/BH12 -> 0.006821958 | CG12: =P12/BM12 -> 68.347568 | CH12: =Q12/BH12 -> 0.0017234895 | CI12: =Q12/BM12 -> 17.26723 | CJ12: =(U12+V12+AZ12)/BN12 -> 0.53262364 | CK12: =(U12+V12+AZ12)/BH12 -> 0.47460814 | CL12: =(U12+V12+AZ12)/BI12 -> 0.51531962 | CM12: =(U12+V12+AZ12)/BM12 -> 4754.9856 | CN12: =W12/BN12 -> 0.1609684 | CO12: =W12/BH12 -> 0.14343508 | CP12: =W12/BI12 -> 0.15573881 | CQ12: =W12/BM12 -> 1437.0418 | CR12: =X12/BN12 -> 0.011545534 | CS12: =X12/BH12 -> 0.010287949 | CT12: =X12/BI12 -> 0.01117044 | CU12: =X12/BM12 -> 103.0725 | CV12: =Y12/BN12 -> 0.033695961 | CW12: =Y12/BH12 -> 0.030025662 | CX12: =Y12/BI12 -> 0.032601237 | CY12: =Y12/BM12 -> 300.81993 | CZ12: =(U12+V12+W12+X12+Y12+Z12+AA12)/BN12 -> 0.62685282 | DA12: =(U12+V12+W12+X12+Y12+Z12+AA12)/BH12 -> 0.55857351 | DB12: =(U12+V12+W12+X12+Y12+Z12+AA12)/BI12 -> 0.60648746 | DC12: =(U12+V12+W12+X12+Y12+Z12+AA12)/BM12 -> 5596.2145 | DD12: =AF12/BN12 -> 0.0043702305 | DE12: =AF12/BI12 -> 0.0042282493 | DF12: =AF12/BM12 -> 39.015135 | DG12: =AI12/BI12 -> 0.0032574034 | DH12: =AI12/BM12 -> 30.056892 | DI12: =AJ12/BN12 -> 0.012085622 | DJ12: =AJ12/BI12 -> 0.011692981 | DK12: =AJ12/BM12 -> 107.89412 | DL12: =AL12/BN12 -> 0.0025972577 | DM12: =AL12/BI12 -> 0.0025128772 | DN12: =AL12/BM12 -> 23.186959 | DO12: =AM12/BN12 -> 0.024103514 | DP12: =AM12/BH12 -> 0.021478063 | DQ12: =AM12/BI12 -> 0.023320433 | DR12: =AM12/BM12 -> 215.18358 | DS12: =AV12/BN12 -> 0.00020597659 | DT12: =IFERROR(AV12/BI12,0) -> 0.00019928476 | DU12: =AV12/BM12 -> 1.8388514 | DV12: =IFERROR(BA12/BN12,0) -> 0.11973755 | DW12: =IFERROR(BA12/BI12,0) -> 0.11584748 | DX12: =BA12/BM12 -> 1068.9543 | DY12: =AY12/BI12 -> 0.039922358 | DZ12: =AY12/BM12 -> 368.37378 | EA12: =IFERROR(AH12/BI12,0) -> 0.0098689051 | EB12: =IFERROR((AH12/BM12),0) -> 91.062905 | EC12: =IFERROR(VLOOKUP(A12,PP!$E$3:$S$130,14,0),0) -> 33
A13: 3514 | B13: 10117 | C13: Annunciation RC Junior School | D13: =IFERROR(_xlfn.XLOOKUP($A13,CFR20252026_BenchMarkDataReport!$B:$B,CFR20252026_BenchMarkDataReport!S:S),0) -> 1195084.4 | E13: =IFERROR(_xlfn.XLOOKUP($A13,CFR20252026_BenchMarkDataReport!$B:$B,CFR20252026_BenchMarkDataReport!T:T),0) -> 0 | F13: =IFERROR(_xlfn.XLOOKUP($A13,CFR20252026_BenchMarkDataReport!$B:$B,CFR20252026_BenchMarkDataReport!U:U),0) -> 74836.08 | G13: =IFERROR(_xlfn.XLOOKUP($A13,CFR20252026_BenchMarkDataReport!$B:$B,CFR20252026_BenchMarkDataReport!V:V),0) -> 0 | H13: =IFERROR(_xlfn.XLOOKUP($A13,CFR20252026_BenchMarkDataReport!$B:$B,CFR20252026_BenchMarkDataReport!W:W),0) -> 67010 | I13: =IFERROR(_xlfn.XLOOKUP($A13,CFR20252026_BenchMarkDataReport!$B:$B,CFR20252026_BenchMarkDataReport!X:X),0) -> 19126.61 | J13: =IFERROR(_xlfn.XLOOKUP($A13,CFR20252026_BenchMarkDataReport!$B:$B,CFR20252026_BenchMarkDataReport!Y:Y),0) -> 71270.8 | K13: =IFERROR(_xlfn.XLOOKUP($A13,CFR20252026_BenchMarkDataReport!$B:$B,CFR20252026_BenchMarkDataReport!Z:Z),0) -> 0 | L13: =IFERROR(_xlfn.XLOOKUP($A13,CFR20252026_BenchMarkDataReport!$B:$B,CFR20252026_BenchMarkDataReport!AA:AA),0) -> 21384.34 | M13: =IFERROR(_xlfn.XLOOKUP($A13,CFR20252026_BenchMarkDataReport!$B:$B,CFR20252026_BenchMarkDataReport!AB:AB),0) -> 26.67 | N13: =IFERROR(_xlfn.XLOOKUP($A13,CFR20252026_BenchMarkDataReport!$B:$B,CFR20252026_BenchMarkDataReport!AC:AC),0) -> 0 | O13: =IFERROR(_xlfn.XLOOKUP($A13,CFR20252026_BenchMarkDataReport!$B:$B,CFR20252026_BenchMarkDataReport!AD:AD),0) -> 0 | P13: =IFERROR(_xlfn.XLOOKUP($A13,CFR20252026_BenchMarkDataReport!$B:$B,CFR20252026_BenchMarkDataReport!AE:AE),0) -> 9646.88 | Q13: =IFERROR(_xlfn.XLOOKUP($A13,CFR20252026_BenchMarkDataReport!$B:$B,CFR20252026_BenchMarkDataReport!AF:AF),0) -> 4257.89 | R13: =IFERROR(_xlfn.XLOOKUP($A13,CFR20252026_BenchMarkDataReport!$B:$B,CFR20252026_BenchMarkDataReport!AG:AG),0) -> 0 | S13: =IFERROR(_xlfn.XLOOKUP($A13,CFR20252026_BenchMarkDataReport!$B:$B,CFR20252026_BenchMarkDataReport!AH:AH),0) -> 0 | T13: =IFERROR(_xlfn.XLOOKUP($A13,CFR20252026_BenchMarkDataReport!$B:$B,CFR20252026_BenchMarkDataReport!AI:AI),0) -> 0 | U13: =IFERROR(_xlfn.XLOOKUP($A13,CFR20252026_BenchMarkDataReport!$B:$B,CFR20252026_BenchMarkDataReport!AJ:AJ),0) -> 679611.45 | V13: =IFERROR(_xlfn.XLOOKUP($A13,CFR20252026_BenchMarkDataReport!$B:$B,CFR20252026_BenchMarkDataReport!AK:AK),0) -> 0 | W13: =IFERROR(_xlfn.XLOOKUP($A13,CFR20252026_BenchMarkDataReport!$B:$B,CFR20252026_BenchMarkDataReport!AL:AL),0) -> 157891.67 | X13: =IFERROR(_xlfn.XLOOKUP($A13,CFR20252026_BenchMarkDataReport!$B:$B,CFR20252026_BenchMarkDataReport!AM:AM),0) -> 18934.5 | Y13: =IFERROR(_xlfn.XLOOKUP($A13,CFR20252026_BenchMarkDataReport!$B:$B,CFR20252026_BenchMarkDataReport!AN:AN),0) -> 63674 | Z13: =IFERROR(_xlfn.XLOOKUP($A13,CFR20252026_BenchMarkDataReport!$B:$B,CFR20252026_BenchMarkDataReport!AO:AO),0) -> 0 | AA13: =IFERROR(_xlfn.XLOOKUP($A13,CFR20252026_BenchMarkDataReport!$B:$B,CFR20252026_BenchMarkDataReport!AP:AP),0) -> 2101.87 | AB13: =IFERROR(_xlfn.XLOOKUP($A13,CFR20252026_BenchMarkDataReport!$B:$B,CFR20252026_BenchMarkDataReport!AQ:AQ),0) -> 4642.64 | AC13: =IFERROR(_xlfn.XLOOKUP($A13,CFR20252026_BenchMarkDataReport!$B:$B,CFR20252026_BenchMarkDataReport!AR:AR),0) -> 2886.31 | AD13: =IFERROR(_xlfn.XLOOKUP($A13,CFR20252026_BenchMarkDataReport!$B:$B,CFR20252026_BenchMarkDataReport!AS:AS),0) -> 295.83 | AE13: =IFERROR(_xlfn.XLOOKUP($A13,CFR20252026_BenchMarkDataReport!$B:$B,CFR20252026_BenchMarkDataReport!AT:AT),0) -> 0 | AF13: =IFERROR(_xlfn.XLOOKUP($A13,CFR20252026_BenchMarkDataReport!$B:$B,CFR20252026_BenchMarkDataReport!AU:AU),0) -> 2656.13 | AG13: =IFERROR(_xlfn.XLOOKUP($A13,CFR20252026_BenchMarkDataReport!$B:$B,CFR20252026_BenchMarkDataReport!AV:AV),0) -> 3231.6 | AH13: =IFERROR(_xlfn.XLOOKUP($A13,CFR20252026_BenchMarkDataReport!$B:$B,CFR20252026_BenchMarkDataReport!AW:AW),0) -> 10517.31 | AI13: =IFERROR(_xlfn.XLOOKUP($A13,CFR20252026_BenchMarkDataReport!$B:$B,CFR20252026_BenchMarkDataReport!AX:AX),0) -> 4688.47 | AJ13: =IFERROR(_xlfn.XLOOKUP($A13,CFR20252026_BenchMarkDataReport!$B:$B,CFR20252026_BenchMarkDataReport!AY:AY),0) -> 25715.83 | AK13: =IFERROR(_xlfn.XLOOKUP($A13,CFR20252026_BenchMarkDataReport!$B:$B,CFR20252026_BenchMarkDataReport!AZ:AZ),0) -> 5405.4 | AL13: =IFERROR(_xlfn.XLOOKUP($A13,CFR20252026_BenchMarkDataReport!$B:$B,CFR20252026_BenchMarkDataReport!BA:BA),0) -> 7320.15 | AM13: =IFERROR(_xlfn.XLOOKUP($A13,CFR20252026_BenchMarkDataReport!$B:$B,CFR20252026_BenchMarkDataReport!BB:BB),0) -> 26841.11 | AN13: =IFERROR(_xlfn.XLOOKUP($A13,CFR20252026_BenchMarkDataReport!$B:$B,CFR20252026_BenchMarkDataReport!BC:BC),0) -> 5726.86 | AO13: =IFERROR(_xlfn.XLOOKUP($A13,CFR20252026_BenchMarkDataReport!$B:$B,CFR20252026_BenchMarkDataReport!BD:BD),0) -> 0 | AP13: =IFERROR(_xlfn.XLOOKUP($A13,CFR20252026_BenchMarkDataReport!$B:$B,CFR20252026_BenchMarkDataReport!BE:BE),0) -> 6994 | AQ13: =IFERROR(_xlfn.XLOOKUP($A13,CFR20252026_BenchMarkDataReport!$B:$B,CFR20252026_BenchMarkDataReport!BF:BF),0) -> 14024.51 | AR13: =IFERROR(_xlfn.XLOOKUP($A13,CFR20252026_BenchMarkDataReport!$B:$B,CFR20252026_BenchMarkDataReport!BG:BG),0) -> 1240.75 | AS13: =IFERROR(_xlfn.XLOOKUP($A13,CFR20252026_BenchMarkDataReport!$B:$B,CFR20252026_BenchMarkDataReport!BH:BH),0) -> 1353 | AT13: =IFERROR(_xlfn.XLOOKUP($A13,CFR20252026_BenchMarkDataReport!$B:$B,CFR20252026_BenchMarkDataReport!BI:BI),0) -> 5219 | AU13: =IFERROR(_xlfn.XLOOKUP($A13,CFR20252026_BenchMarkDataReport!$B:$B,CFR20252026_BenchMarkDataReport!BJ:BJ),0) -> 0 | AV13: =IFERROR(_xlfn.XLOOKUP($A13,CFR20252026_BenchMarkDataReport!$B:$B,CFR20252026_BenchMarkDataReport!BK:BK),0) -> 1221.02 | AW13: =IFERROR(_xlfn.XLOOKUP($A13,CFR20252026_BenchMarkDataReport!$B:$B,CFR20252026_BenchMarkDataReport!BL:BL),0) -> 7504.74 | AX13: =IFERROR(_xlfn.XLOOKUP($A13,CFR20252026_BenchMarkDataReport!$B:$B,CFR20252026_BenchMarkDataReport!BM:BM),0) -> 11874.85 | AY13: =IFERROR(_xlfn.XLOOKUP($A13,CFR20252026_BenchMarkDataReport!$B:$B,CFR20252026_BenchMarkDataReport!BN:BN),0) -> 81872.03 | AZ13: =IFERROR(_xlfn.XLOOKUP($A13,CFR20252026_BenchMarkDataReport!$B:$B,CFR20252026_BenchMarkDataReport!BO:BO),0) -> 121065.16 | BA13: =IFERROR(_xlfn.XLOOKUP($A13,CFR20252026_BenchMarkDataReport!$B:$B,CFR20252026_BenchMarkDataReport!BP:BP),0) -> 149665.42 | BB13: =IFERROR(_xlfn.XLOOKUP($A13,CFR20252026_BenchMarkDataReport!$B:$B,CFR20252026_BenchMarkDataReport!BQ:BQ),0) -> 23011 | BC13: =IFERROR(_xlfn.XLOOKUP($A13,CFR20252026_BenchMarkDataReport!$B:$B,CFR20252026_BenchMarkDataReport!BR:BR),0) -> 0 | BD13: =IFERROR(_xlfn.XLOOKUP($A13,CFR20252026_BenchMarkDataReport!$B:$B,CFR20252026_BenchMarkDataReport!BS:BS),0) -> 0 | BE13: =IFERROR(_xlfn.XLOOKUP($A13,CFR20252026_BenchMarkDataReport!$B:$B,CFR20252026_BenchMarkDataReport!BT:BT),0) -> 2336.09 | BF13: =IFERROR(_xlfn.XLOOKUP($A13,CFR20252026_BenchMarkDataReport!$B:$B,CFR20252026_BenchMarkDataReport!BU:BU),0) -> 0 | BG13: =IFERROR(_xlfn.XLOOKUP($A13,CFR20252026_BenchMarkDataReport!$B:$B,CFR20252026_BenchMarkDataReport!BV:BV),0) -> 0 | BH13: =SUM(D13:R13) -> 1462643.7 | BI13: =SUM(U13:BE13) -> 1449522.7 | BJ13: =BH13-BI13 -> 13121 | BK13: =IFERROR(_xlfn.XLOOKUP(A13,CFR20252026_BenchMarkDataReport!$B:$B,CFR20252026_BenchMarkDataReport!P:P)+_xlfn.XLOOKUP(A13,CFR20252026_BenchMarkDataReport!$B:$B,CFR20252026_BenchMarkDataReport!Q:Q),0) -> -57555 | BL13: =SUM(BJ13:BK13) -> -44434 | BM13: =SUMIFS(PP!I:I,PP!E:E,A13) -> 173 | BN13: =D13+E13+F13 -> 1269920.5 | BO13: P | BP13: =IFERROR(D13/BH13,0) -> 0.81707146 | BQ13: =D13/BM13 -> 6908.0025 | BR13: =E13/BH13 -> 0 | BS13: =E13/BM13 -> 0 | BT13: =F13/BH13 -> 0.051164942 | BU13: =F13/BM13 -> 432.5785 | BV13: =G13/BH13 -> 0 | BW13: =G13/BM13 -> 0 | BX13: =H13/BH13 -> 0.045814302 | BY13: =H13/BM13 -> 387.34104 | BZ13: =I13/BH13 -> 0.013076739 | CA13: =I13/BM13 -> 110.55844 | CB13: =J13/BH13 -> 0.048727383 | CC13: =J13/BM13 -> 411.96994 | CD13: =IFERROR((K13+L13)/BH13,0) -> 0.014620334 | CE13: =IFERROR((K13+L13)/BM13,0) -> 123.6089 | CF13: =P13/BH13 -> 0.0065955092 | CG13: =P13/BM13 -> 55.762312 | CH13: =Q13/BH13 -> 0.0029110917 | CI13: =Q13/BM13 -> 24.612081 | CJ13: =(U13+V13+AZ13)/BN13 -> 0.63049349 | CK13: =(U13+V13+AZ13)/BH13 -> 0.5474174 | CL13: =(U13+V13+AZ13)/BI13 -> 0.55237259 | CM13: =(U13+V13+AZ13)/BM13 -> 4628.1885 | CN13: =W13/BN13 -> 0.12433193 | CO13: =W13/BH13 -> 0.10794951 | CP13: =W13/BI13 -> 0.10892666 | CQ13: =W13/BM13 -> 912.66861 | CR13: =X13/BN13 -> 0.014909988 | CS13: =X13/BH13 -> 0.012945395 | CT13: =X13/BI13 -> 0.013062576 | CU13: =X13/BM13 -> 109.44798 | CV13: =Y13/BN13 -> 0.050140146 | CW13: =Y13/BH13 -> 0.0435335 | CX13: =Y13/BI13 -> 0.043927563 | CY13: =Y13/BM13 -> 368.0578 | CZ13: =(U13+V13+W13+X13+Y13+Z13+AA13)/BN13 -> 0.72619781 | DA13: =(U13+V13+W13+X13+Y13+Z13+AA13)/BH13 -> 0.63051137 | DB13: =(U13+V13+W13+X13+Y13+Z13+AA13)/BI13 -> 0.63621873 | DC13: =(U13+V13+W13+X13+Y13+Z13+AA13)/BM13 -> 5330.7138 | DD13: =AF13/BN13 -> 0.0020915719 | DE13: =AF13/BI13 -> 0.001832417 | DF13: =AF13/BM13 -> 15.353353 | DG13: =AI13/BI13 -> 0.0032344923 | DH13: =AI13/BM13 -> 27.100983 | DI13: =AJ13/BN13 -> 0.020249952 | DJ13: =AJ13/BI13 -> 0.017740895 | DK13: =AJ13/BM13 -> 148.64642 | DL13: =AL13/BN13 -> 0.0057642584 | DM13: =AL13/BI13 -> 0.0050500416 | DN13: =AL13/BM13 -> 42.313006 | DO13: =AM13/BN13 -> 0.021136055 | DP13: =AM13/BH13 -> 0.018351093 | DQ13: =AM13/BI13 -> 0.018517206 | DR13: =AM13/BM13 -> 155.15092 | DS13: =AV13/BN13 -> 0.00096149325 | DT13: =IFERROR(AV13/BI13,0) -> 0.00084236004 | DU13: =AV13/BM13 -> 7.0579191 | DV13: =IFERROR(BA13/BN13,0) -> 0.11785416 | DW13: =IFERROR(BA13/BI13,0) -> 0.10325152 | DX13: =BA13/BM13 -> 865.11803 | DY13: =AY13/BI13 -> 0.056482061 | DZ13: =AY13/BM13 -> 473.24873 | EA13: =IFERROR(AH13/BI13,0) -> 0.0072557056 | EB13: =IFERROR((AH13/BM13),0) -> 60.793699 | EC13: =IFERROR(VLOOKUP(A13,PP!$E$3:$S$130,14,0),0) -> 44
A14: 2002 | B14: 10044 | C14: Barnfield School | D14: =IFERROR(_xlfn.XLOOKUP($A14,CFR20252026_BenchMarkDataReport!$B:$B,CFR20252026_BenchMarkDataReport!S:S),0) -> 2883453.1 | E14: =IFERROR(_xlfn.XLOOKUP($A14,CFR20252026_BenchMarkDataReport!$B:$B,CFR20252026_BenchMarkDataReport!T:T),0) -> 0 | F14: =IFERROR(_xlfn.XLOOKUP($A14,CFR20252026_BenchMarkDataReport!$B:$B,CFR20252026_BenchMarkDataReport!U:U),0) -> 342941.7 | G14: =IFERROR(_xlfn.XLOOKUP($A14,CFR20252026_BenchMarkDataReport!$B:$B,CFR20252026_BenchMarkDataReport!V:V),0) -> 0 | H14: =IFERROR(_xlfn.XLOOKUP($A14,CFR20252026_BenchMarkDataReport!$B:$B,CFR20252026_BenchMarkDataReport!W:W),0) -> 150535 | I14: =IFERROR(_xlfn.XLOOKUP($A14,CFR20252026_BenchMarkDataReport!$B:$B,CFR20252026_BenchMarkDataReport!X:X),0) -> 71483.31 | J14: =IFERROR(_xlfn.XLOOKUP($A14,CFR20252026_BenchMarkDataReport!$B:$B,CFR20252026_BenchMarkDataReport!Y:Y),0) -> 169833.29 | K14: =IFERROR(_xlfn.XLOOKUP($A14,CFR20252026_BenchMarkDataReport!$B:$B,CFR20252026_BenchMarkDataReport!Z:Z),0) -> 36192.04 | L14: =IFERROR(_xlfn.XLOOKUP($A14,CFR20252026_BenchMarkDataReport!$B:$B,CFR20252026_BenchMarkDataReport!AA:AA),0) -> 52405.68 | M14: =IFERROR(_xlfn.XLOOKUP($A14,CFR20252026_BenchMarkDataReport!$B:$B,CFR20252026_BenchMarkDataReport!AB:AB),0) -> 596.5 | N14: =IFERROR(_xlfn.XLOOKUP($A14,CFR20252026_BenchMarkDataReport!$B:$B,CFR20252026_BenchMarkDataReport!AC:AC),0) -> 0 | O14: =IFERROR(_xlfn.XLOOKUP($A14,CFR20252026_BenchMarkDataReport!$B:$B,CFR20252026_BenchMarkDataReport!AD:AD),0) -> 0 | P14: =IFERROR(_xlfn.XLOOKUP($A14,CFR20252026_BenchMarkDataReport!$B:$B,CFR20252026_BenchMarkDataReport!AE:AE),0) -> 30530.52 | Q14: =IFERROR(_xlfn.XLOOKUP($A14,CFR20252026_BenchMarkDataReport!$B:$B,CFR20252026_BenchMarkDataReport!AF:AF),0) -> 6500.75 | R14: =IFERROR(_xlfn.XLOOKUP($A14,CFR20252026_BenchMarkDataReport!$B:$B,CFR20252026_BenchMarkDataReport!AG:AG),0) -> 0 | S14: =IFERROR(_xlfn.XLOOKUP($A14,CFR20252026_BenchMarkDataReport!$B:$B,CFR20252026_BenchMarkDataReport!AH:AH),0) -> 0 | T14: =IFERROR(_xlfn.XLOOKUP($A14,CFR20252026_BenchMarkDataReport!$B:$B,CFR20252026_BenchMarkDataReport!AI:AI),0) -> 0 | U14: =IFERROR(_xlfn.XLOOKUP($A14,CFR20252026_BenchMarkDataReport!$B:$B,CFR20252026_BenchMarkDataReport!AJ:AJ),0) -> 1508118.5 | V14: =IFERROR(_xlfn.XLOOKUP($A14,CFR20252026_BenchMarkDataReport!$B:$B,CFR20252026_BenchMarkDataReport!AK:AK),0) -> 0 | W14: =IFERROR(_xlfn.XLOOKUP($A14,CFR20252026_BenchMarkDataReport!$B:$B,CFR20252026_BenchMarkDataReport!AL:AL),0) -> 824973.54 | X14: =IFERROR(_xlfn.XLOOKUP($A14,CFR20252026_BenchMarkDataReport!$B:$B,CFR20252026_BenchMarkDataReport!AM:AM),0) -> 28431.77 | Y14: =IFERROR(_xlfn.XLOOKUP($A14,CFR20252026_BenchMarkDataReport!$B:$B,CFR20252026_BenchMarkDataReport!AN:AN),0) -> 128385.43 | Z14: =IFERROR(_xlfn.XLOOKUP($A14,CFR20252026_BenchMarkDataReport!$B:$B,CFR20252026_BenchMarkDataReport!AO:AO),0) -> 0 | AA14: =IFERROR(_xlfn.XLOOKUP($A14,CFR20252026_BenchMarkDataReport!$B:$B,CFR20252026_BenchMarkDataReport!AP:AP),0) -> 36765.45 | AB14: =IFERROR(_xlfn.XLOOKUP($A14,CFR20252026_BenchMarkDataReport!$B:$B,CFR20252026_BenchMarkDataReport!AQ:AQ),0) -> 17496.39 | AC14: =IFERROR(_xlfn.XLOOKUP($A14,CFR20252026_BenchMarkDataReport!$B:$B,CFR20252026_BenchMarkDataReport!AR:AR),0) -> 5686.75 | AD14: =IFERROR(_xlfn.XLOOKUP($A14,CFR20252026_BenchMarkDataReport!$B:$B,CFR20252026_BenchMarkDataReport!AS:AS),0) -> 722 | AE14: =IFERROR(_xlfn.XLOOKUP($A14,CFR20252026_BenchMarkDataReport!$B:$B,CFR20252026_BenchMarkDataReport!AT:AT),0) -> 0 | AF14: =IFERROR(_xlfn.XLOOKUP($A14,CFR20252026_BenchMarkDataReport!$B:$B,CFR20252026_BenchMarkDataReport!AU:AU),0) -> 28039.29 | AG14: =IFERROR(_xlfn.XLOOKUP($A14,CFR20252026_BenchMarkDataReport!$B:$B,CFR20252026_BenchMarkDataReport!AV:AV),0) -> 0 | AH14: =IFERROR(_xlfn.XLOOKUP($A14,CFR20252026_BenchMarkDataReport!$B:$B,CFR20252026_BenchMarkDataReport!AW:AW),0) -> 87771.99 | AI14: =IFERROR(_xlfn.XLOOKUP($A14,CFR20252026_BenchMarkDataReport!$B:$B,CFR20252026_BenchMarkDataReport!AX:AX),0) -> 8168.45 | AJ14: =IFERROR(_xlfn.XLOOKUP($A14,CFR20252026_BenchMarkDataReport!$B:$B,CFR20252026_BenchMarkDataReport!AY:AY),0) -> 49084.17 | AK14: =IFERROR(_xlfn.XLOOKUP($A14,CFR20252026_BenchMarkDataReport!$B:$B,CFR20252026_BenchMarkDataReport!AZ:AZ),0) -> 40279 | AL14: =IFERROR(_xlfn.XLOOKUP($A14,CFR20252026_BenchMarkDataReport!$B:$B,CFR20252026_BenchMarkDataReport!BA:BA),0) -> 16358.74 | AM14: =IFERROR(_xlfn.XLOOKUP($A14,CFR20252026_BenchMarkDataReport!$B:$B,CFR20252026_BenchMarkDataReport!BB:BB),0) -> 69536.43 | AN14: =IFERROR(_xlfn.XLOOKUP($A14,CFR20252026_BenchMarkDataReport!$B:$B,CFR20252026_BenchMarkDataReport!BC:BC),0) -> 5495 | AO14: =IFERROR(_xlfn.XLOOKUP($A14,CFR20252026_BenchMarkDataReport!$B:$B,CFR20252026_BenchMarkDataReport!BD:BD),0) -> 4461 | AP14: =IFERROR(_xlfn.XLOOKUP($A14,CFR20252026_BenchMarkDataReport!$B:$B,CFR20252026_BenchMarkDataReport!BE:BE),0) -> 2401.85 | AQ14: =IFERROR(_xlfn.XLOOKUP($A14,CFR20252026_BenchMarkDataReport!$B:$B,CFR20252026_BenchMarkDataReport!BF:BF),0) -> 7897.3 | AR14: =IFERROR(_xlfn.XLOOKUP($A14,CFR20252026_BenchMarkDataReport!$B:$B,CFR20252026_BenchMarkDataReport!BG:BG),0) -> 383.14 | AS14: =IFERROR(_xlfn.XLOOKUP($A14,CFR20252026_BenchMarkDataReport!$B:$B,CFR20252026_BenchMarkDataReport!BH:BH),0) -> 510.23 | AT14: =IFERROR(_xlfn.XLOOKUP($A14,CFR20252026_BenchMarkDataReport!$B:$B,CFR20252026_BenchMarkDataReport!BI:BI),0) -> 22317.24 | AU14: =IFERROR(_xlfn.XLOOKUP($A14,CFR20252026_BenchMarkDataReport!$B:$B,CFR20252026_BenchMarkDataReport!BJ:BJ),0) -> 0 | AV14: =IFERROR(_xlfn.XLOOKUP($A14,CFR20252026_BenchMarkDataReport!$B:$B,CFR20252026_BenchMarkDataReport!BK:BK),0) -> 12161.95 | AW14: =IFERROR(_xlfn.XLOOKUP($A14,CFR20252026_BenchMarkDataReport!$B:$B,CFR20252026_BenchMarkDataReport!BL:BL),0) -> 19930.58 | AX14: =IFERROR(_xlfn.XLOOKUP($A14,CFR20252026_BenchMarkDataReport!$B:$B,CFR20252026_BenchMarkDataReport!BM:BM),0) -> 7101.87 | AY14: =IFERROR(_xlfn.XLOOKUP($A14,CFR20252026_BenchMarkDataReport!$B:$B,CFR20252026_BenchMarkDataReport!BN:BN),0) -> 166678.61 | AZ14: =IFERROR(_xlfn.XLOOKUP($A14,CFR20252026_BenchMarkDataReport!$B:$B,CFR20252026_BenchMarkDataReport!BO:BO),0) -> 24047.75 | BA14: =IFERROR(_xlfn.XLOOKUP($A14,CFR20252026_BenchMarkDataReport!$B:$B,CFR20252026_BenchMarkDataReport!BP:BP),0) -> 379546.3 | BB14: =IFERROR(_xlfn.XLOOKUP($A14,CFR20252026_BenchMarkDataReport!$B:$B,CFR20252026_BenchMarkDataReport!BQ:BQ),0) -> 65609.25 | BC14: =IFERROR(_xlfn.XLOOKUP($A14,CFR20252026_BenchMarkDataReport!$B:$B,CFR20252026_BenchMarkDataReport!BR:BR),0) -> 0 | BD14: =IFERROR(_xlfn.XLOOKUP($A14,CFR20252026_BenchMarkDataReport!$B:$B,CFR20252026_BenchMarkDataReport!BS:BS),0) -> 0 | BE14: =IFERROR(_xlfn.XLOOKUP($A14,CFR20252026_BenchMarkDataReport!$B:$B,CFR20252026_BenchMarkDataReport!BT:BT),0) -> 21109.96 | BF14: =IFERROR(_xlfn.XLOOKUP($A14,CFR20252026_BenchMarkDataReport!$B:$B,CFR20252026_BenchMarkDataReport!BU:BU),0) -> 0 | BG14: =IFERROR(_xlfn.XLOOKUP($A14,CFR20252026_BenchMarkDataReport!$B:$B,CFR20252026_BenchMarkDataReport!BV:BV),0) -> 0 | BH14: =SUM(D14:R14) -> 3744471.9 | BI14: =SUM(U14:BE14) -> 3589469.9 | BJ14: =BH14-BI14 -> 155002 | BK14: =IFERROR(_xlfn.XLOOKUP(A14,CFR20252026_BenchMarkDataReport!$B:$B,CFR20252026_BenchMarkDataReport!P:P)+_xlfn.XLOOKUP(A14,CFR20252026_BenchMarkDataReport!$B:$B,CFR20252026_BenchMarkDataReport!Q:Q),0) -> -64202 | BL14: =SUM(BJ14:BK14) -> 90800 | BM14: =SUMIFS(PP!I:I,PP!E:E,A14) -> 422 | BN14: =D14+E14+F14 -> 3226394.8 | BO14: P | BP14: =IFERROR(D14/BH14,0) -> 0.77005602 | BQ14: =D14/BM14 -> 6832.8273 | BR14: =E14/BH14 -> 0 | BS14: =E14/BM14 -> 0 | BT14: =F14/BH14 -> 0.091586132 | BU14: =F14/BM14 -> 812.65806 | BV14: =G14/BH14 -> 0 | BW14: =G14/BM14 -> 0 | BX14: =H14/BH14 -> 0.04020193 | BY14: =H14/BM14 -> 356.71801 | BZ14: =I14/BH14 -> 0.019090358 | CA14: =I14/BM14 -> 169.39173 | CB14: =J14/BH14 -> 0.045355739 | CC14: =J14/BM14 -> 402.44855 | CD14: =IFERROR((K14+L14)/BH14,0) -> 0.023660938 | CE14: =IFERROR((K14+L14)/BM14,0) -> 209.9472 | CF14: =P14/BH14 -> 0.0081534915 | CG14: =P14/BM14 -> 72.347204 | CH14: =Q14/BH14 -> 0.0017360926 | CI14: =Q14/BM14 -> 15.404621 | CJ14: =(U14+V14+AZ14)/BN14 -> 0.47488492 | CK14: =(U14+V14+AZ14)/BH14 -> 0.40918086 | CL14: =(U14+V14+AZ14)/BI14 -> 0.42685028 | CM14: =(U14+V14+AZ14)/BM14 -> 3630.7257 | CN14: =W14/BN14 -> 0.25569516 | CO14: =W14/BH14 -> 0.22031773 | CP14: =W14/BI14 -> 0.22983158 | CQ14: =W14/BM14 -> 1954.9136 | CR14: =X14/BN14 -> 0.0088122413 | CS14: =X14/BH14 -> 0.0075929986 | CT14: =X14/BI14 -> 0.0079208826 | CU14: =X14/BM14 -> 67.373863 | CV14: =Y14/BN14 -> 0.039792225 | CW14: =Y14/BH14 -> 0.034286658 | CX14: =Y14/BI14 -> 0.035767239 | CY14: =Y14/BM14 -> 304.23088 | CZ14: =(U14+V14+W14+X14+Y14+Z14+AA14)/BN14 -> 0.78312631 | DA14: =(U14+V14+W14+X14+Y14+Z14+AA14)/BH14 -> 0.67477464 | DB14: =(U14+V14+W14+X14+Y14+Z14+AA14)/BI14 -> 0.70391304 | DC14: =(U14+V14+W14+X14+Y14+Z14+AA14)/BM14 -> 5987.3808 | DD14: =AF14/BN14 -> 0.0086905947 | DE14: =AF14/BI14 -> 0.0078115406 | DF14: =AF14/BM14 -> 66.443815 | DG14: =AI14/BI14 -> 0.0022756703 | DH14: =AI14/BM14 -> 19.356517 | DI14: =AJ14/BN14 -> 0.015213318 | DJ14: =AJ14/BI14 -> 0.01367449 | DK14: =AJ14/BM14 -> 116.3132 | DL14: =AL14/BN14 -> 0.0050702846 | DM14: =AL14/BI14 -> 0.004557425 | DN14: =AL14/BM14 -> 38.764787 | DO14: =AM14/BN14 -> 0.021552362 | DP14: =AM14/BH14 -> 0.018570424 | DQ14: =AM14/BI14 -> 0.019372339 | DR14: =AM14/BM14 -> 164.77827 | DS14: =AV14/BN14 -> 0.0037695169 | DT14: =IFERROR(AV14/BI14,0) -> 0.0033882301 | DU14: =AV14/BM14 -> 28.819787 | DV14: =IFERROR(BA14/BN14,0) -> 0.1176379 | DW14: =IFERROR(BA14/BI14,0) -> 0.10573882 | DX14: =BA14/BM14 -> 899.39882 | DY14: =AY14/BI14 -> 0.046435438 | DZ14: =AY14/BM14 -> 394.97301 | EA14: =IFERROR(AH14/BI14,0) -> 0.024452633 | EB14: =IFERROR((AH14/BM14),0) -> 207.9905 | EC14: =IFERROR(VLOOKUP(A14,PP!$E$3:$S$130,14,0),0) -> 99
A15: 2079 | B15: 10128 | C15: Beis Yaakov | D15: =IFERROR(_xlfn.XLOOKUP($A15,CFR20252026_BenchMarkDataReport!$B:$B,CFR20252026_BenchMarkDataReport!S:S),0) -> 2445466.5 | E15: =IFERROR(_xlfn.XLOOKUP($A15,CFR20252026_BenchMarkDataReport!$B:$B,CFR20252026_BenchMarkDataReport!T:T),0) -> 0 | F15: =IFERROR(_xlfn.XLOOKUP($A15,CFR20252026_BenchMarkDataReport!$B:$B,CFR20252026_BenchMarkDataReport!U:U),0) -> 43768.4 | G15: =IFERROR(_xlfn.XLOOKUP($A15,CFR20252026_BenchMarkDataReport!$B:$B,CFR20252026_BenchMarkDataReport!V:V),0) -> 0 | H15: =IFERROR(_xlfn.XLOOKUP($A15,CFR20252026_BenchMarkDataReport!$B:$B,CFR20252026_BenchMarkDataReport!W:W),0) -> 14537.65 | I15: =IFERROR(_xlfn.XLOOKUP($A15,CFR20252026_BenchMarkDataReport!$B:$B,CFR20252026_BenchMarkDataReport!X:X),0) -> 93655.05 | J15: =IFERROR(_xlfn.XLOOKUP($A15,CFR20252026_BenchMarkDataReport!$B:$B,CFR20252026_BenchMarkDataReport!Y:Y),0) -> 230971.27 | K15: =IFERROR(_xlfn.XLOOKUP($A15,CFR20252026_BenchMarkDataReport!$B:$B,CFR20252026_BenchMarkDataReport!Z:Z),0) -> 0 | L15: =IFERROR(_xlfn.XLOOKUP($A15,CFR20252026_BenchMarkDataReport!$B:$B,CFR20252026_BenchMarkDataReport!AA:AA),0) -> 0 | M15: =IFERROR(_xlfn.XLOOKUP($A15,CFR20252026_BenchMarkDataReport!$B:$B,CFR20252026_BenchMarkDataReport!AB:AB),0) -> 0 | N15: =IFERROR(_xlfn.XLOOKUP($A15,CFR20252026_BenchMarkDataReport!$B:$B,CFR20252026_BenchMarkDataReport!AC:AC),0) -> 0 | O15: =IFERROR(_xlfn.XLOOKUP($A15,CFR20252026_BenchMarkDataReport!$B:$B,CFR20252026_BenchMarkDataReport!AD:AD),0) -> 0 | P15: =IFERROR(_xlfn.XLOOKUP($A15,CFR20252026_BenchMarkDataReport!$B:$B,CFR20252026_BenchMarkDataReport!AE:AE),0) -> 6142.94 | Q15: =IFERROR(_xlfn.XLOOKUP($A15,CFR20252026_BenchMarkDataReport!$B:$B,CFR20252026_BenchMarkDataReport!AF:AF),0) -> 0 | R15: =IFERROR(_xlfn.XLOOKUP($A15,CFR20252026_BenchMarkDataReport!$B:$B,CFR20252026_BenchMarkDataReport!AG:AG),0) -> 0 | S15: =IFERROR(_xlfn.XLOOKUP($A15,CFR20252026_BenchMarkDataReport!$B:$B,CFR20252026_BenchMarkDataReport!AH:AH),0) -> 0 | T15: =IFERROR(_xlfn.XLOOKUP($A15,CFR20252026_BenchMarkDataReport!$B:$B,CFR20252026_BenchMarkDataReport!AI:AI),0) -> 0 | U15: =IFERROR(_xlfn.XLOOKUP($A15,CFR20252026_BenchMarkDataReport!$B:$B,CFR20252026_BenchMarkDataReport!AJ:AJ),0) -> 1811282.2 | V15: =IFERROR(_xlfn.XLOOKUP($A15,CFR20252026_BenchMarkDataReport!$B:$B,CFR20252026_BenchMarkDataReport!AK:AK),0) -> 0 | W15: =IFERROR(_xlfn.XLOOKUP($A15,CFR20252026_BenchMarkDataReport!$B:$B,CFR20252026_BenchMarkDataReport!AL:AL),0) -> 180997.93 | X15: =IFERROR(_xlfn.XLOOKUP($A15,CFR20252026_BenchMarkDataReport!$B:$B,CFR20252026_BenchMarkDataReport!AM:AM),0) -> 75054.64 | Y15: =IFERROR(_xlfn.XLOOKUP($A15,CFR20252026_BenchMarkDataReport!$B:$B,CFR20252026_BenchMarkDataReport!AN:AN),0) -> 134766.33 | Z15: =IFERROR(_xlfn.XLOOKUP($A15,CFR20252026_BenchMarkDataReport!$B:$B,CFR20252026_BenchMarkDataReport!AO:AO),0) -> 0 | AA15: =IFERROR(_xlfn.XLOOKUP($A15,CFR20252026_BenchMarkDataReport!$B:$B,CFR20252026_BenchMarkDataReport!AP:AP),0) -> 30447.98 | AB15: =IFERROR(_xlfn.XLOOKUP($A15,CFR20252026_BenchMarkDataReport!$B:$B,CFR20252026_BenchMarkDataReport!AQ:AQ),0) -> 25822.76 | AC15: =IFERROR(_xlfn.XLOOKUP($A15,CFR20252026_BenchMarkDataReport!$B:$B,CFR20252026_BenchMarkDataReport!AR:AR),0) -> 14124.4 | AD15: =IFERROR(_xlfn.XLOOKUP($A15,CFR20252026_BenchMarkDataReport!$B:$B,CFR20252026_BenchMarkDataReport!AS:AS),0) -> 701.1 | AE15: =IFERROR(_xlfn.XLOOKUP($A15,CFR20252026_BenchMarkDataReport!$B:$B,CFR20252026_BenchMarkDataReport!AT:AT),0) -> 0 | AF15: =IFERROR(_xlfn.XLOOKUP($A15,CFR20252026_BenchMarkDataReport!$B:$B,CFR20252026_BenchMarkDataReport!AU:AU),0) -> 21666.39 | AG15: =IFERROR(_xlfn.XLOOKUP($A15,CFR20252026_BenchMarkDataReport!$B:$B,CFR20252026_BenchMarkDataReport!AV:AV),0) -> 0 | AH15: =IFERROR(_xlfn.XLOOKUP($A15,CFR20252026_BenchMarkDataReport!$B:$B,CFR20252026_BenchMarkDataReport!AW:AW),0) -> 87910.07 | AI15: =IFERROR(_xlfn.XLOOKUP($A15,CFR20252026_BenchMarkDataReport!$B:$B,CFR20252026_BenchMarkDataReport!AX:AX),0) -> 4531.53 | AJ15: =IFERROR(_xlfn.XLOOKUP($A15,CFR20252026_BenchMarkDataReport!$B:$B,CFR20252026_BenchMarkDataReport!AY:AY),0) -> 38399.3 | AK15: =IFERROR(_xlfn.XLOOKUP($A15,CFR20252026_BenchMarkDataReport!$B:$B,CFR20252026_BenchMarkDataReport!AZ:AZ),0) -> 35084.71 | AL15: =IFERROR(_xlfn.XLOOKUP($A15,CFR20252026_BenchMarkDataReport!$B:$B,CFR20252026_BenchMarkDataReport!BA:BA),0) -> 22834.26 | AM15: =IFERROR(_xlfn.XLOOKUP($A15,CFR20252026_BenchMarkDataReport!$B:$B,CFR20252026_BenchMarkDataReport!BB:BB),0) -> 112150.69 | AN15: =IFERROR(_xlfn.XLOOKUP($A15,CFR20252026_BenchMarkDataReport!$B:$B,CFR20252026_BenchMarkDataReport!BC:BC),0) -> 0 | AO15: =IFERROR(_xlfn.XLOOKUP($A15,CFR20252026_BenchMarkDataReport!$B:$B,CFR20252026_BenchMarkDataReport!BD:BD),0) -> 0 | AP15: =IFERROR(_xlfn.XLOOKUP($A15,CFR20252026_BenchMarkDataReport!$B:$B,CFR20252026_BenchMarkDataReport!BE:BE),0) -> 21957.5 | AQ15: =IFERROR(_xlfn.XLOOKUP($A15,CFR20252026_BenchMarkDataReport!$B:$B,CFR20252026_BenchMarkDataReport!BF:BF),0) -> 0 | AR15: =IFERROR(_xlfn.XLOOKUP($A15,CFR20252026_BenchMarkDataReport!$B:$B,CFR20252026_BenchMarkDataReport!BG:BG),0) -> 0 | AS15: =IFERROR(_xlfn.XLOOKUP($A15,CFR20252026_BenchMarkDataReport!$B:$B,CFR20252026_BenchMarkDataReport!BH:BH),0) -> 0 | AT15: =IFERROR(_xlfn.XLOOKUP($A15,CFR20252026_BenchMarkDataReport!$B:$B,CFR20252026_BenchMarkDataReport!BI:BI),0) -> 0 | AU15: =IFERROR(_xlfn.XLOOKUP($A15,CFR20252026_BenchMarkDataReport!$B:$B,CFR20252026_BenchMarkDataReport!BJ:BJ),0) -> 0 | AV15: =IFERROR(_xlfn.XLOOKUP($A15,CFR20252026_BenchMarkDataReport!$B:$B,CFR20252026_BenchMarkDataReport!BK:BK),0) -> 33270.14 | AW15: =IFERROR(_xlfn.XLOOKUP($A15,CFR20252026_BenchMarkDataReport!$B:$B,CFR20252026_BenchMarkDataReport!BL:BL),0) -> 19054.8 | AX15: =IFERROR(_xlfn.XLOOKUP($A15,CFR20252026_BenchMarkDataReport!$B:$B,CFR20252026_BenchMarkDataReport!BM:BM),0) -> 131477.15 | AY15: =IFERROR(_xlfn.XLOOKUP($A15,CFR20252026_BenchMarkDataReport!$B:$B,CFR20252026_BenchMarkDataReport!BN:BN),0) -> 35431.05 | AZ15: =IFERROR(_xlfn.XLOOKUP($A15,CFR20252026_BenchMarkDataReport!$B:$B,CFR20252026_BenchMarkDataReport!BO:BO),0) -> 0 | BA15: =IFERROR(_xlfn.XLOOKUP($A15,CFR20252026_BenchMarkDataReport!$B:$B,CFR20252026_BenchMarkDataReport!BP:BP),0) -> 37839.51 | BB15: =IFERROR(_xlfn.XLOOKUP($A15,CFR20252026_BenchMarkDataReport!$B:$B,CFR20252026_BenchMarkDataReport!BQ:BQ),0) -> 40758.44 | BC15: =IFERROR(_xlfn.XLOOKUP($A15,CFR20252026_BenchMarkDataReport!$B:$B,CFR20252026_BenchMarkDataReport!BR:BR),0) -> 0 | BD15: =IFERROR(_xlfn.XLOOKUP($A15,CFR20252026_BenchMarkDataReport!$B:$B,CFR20252026_BenchMarkDataReport!BS:BS),0) -> 0 | BE15: =IFERROR(_xlfn.XLOOKUP($A15,CFR20252026_BenchMarkDataReport!$B:$B,CFR20252026_BenchMarkDataReport!BT:BT),0) -> 0 | BF15: =IFERROR(_xlfn.XLOOKUP($A15,CFR20252026_BenchMarkDataReport!$B:$B,CFR20252026_BenchMarkDataReport!BU:BU),0) -> 0 | BG15: =IFERROR(_xlfn.XLOOKUP($A15,CFR20252026_BenchMarkDataReport!$B:$B,CFR20252026_BenchMarkDataReport!BV:BV),0) -> 0 | BH15: =SUM(D15:R15) -> 2834541.9 | BI15: =SUM(U15:BE15) -> 2915562.8 | BJ15: =BH15-BI15 -> -81020.98 | BK15: =IFERROR(_xlfn.XLOOKUP(A15,CFR20252026_BenchMarkDataReport!$B:$B,CFR20252026_BenchMarkDataReport!P:P)+_xlfn.XLOOKUP(A15,CFR20252026_BenchMarkDataReport!$B:$B,CFR20252026_BenchMarkDataReport!Q:Q),0) -> 83676.98 | BL15: =SUM(BJ15:BK15) -> 2656 | BM15: =SUMIFS(PP!I:I,PP!E:E,A15) -> 410 | BN15: =D15+E15+F15 -> 2489234.9 | BO15: P | BP15: =IFERROR(D15/BH15,0) -> 0.86273785 | BQ15: =D15/BM15 -> 5964.5526 | BR15: =E15/BH15 -> 0 | BS15: =E15/BM15 -> 0 | BT15: =F15/BH15 -> 0.015441084 | BU15: =F15/BM15 -> 106.7522 | BV15: =G15/BH15 -> 0 | BW15: =G15/BM15 -> 0 | BX15: =H15/BH15 -> 0.0051287477 | BY15: =H15/BM15 -> 35.457683 | BZ15: =I15/BH15 -> 0.03304063 | CA15: =I15/BM15 -> 228.42695 | CB15: =J15/BH15 -> 0.081484515 | CC15: =J15/BM15 -> 563.34456 | CD15: =IFERROR((K15+L15)/BH15,0) -> 0 | CE15: =IFERROR((K15+L15)/BM15,0) -> 0 | CF15: =P15/BH15 -> 0.0021671721 | CG15: =P15/BM15 -> 14.98278 | CH15: =Q15/BH15 -> 0 | CI15: =Q15/BM15 -> 0 | CJ15: =(U15+V15+AZ15)/BN15 -> 0.72764612 | CK15: =(U15+V15+AZ15)/BH15 -> 0.6390035 | CL15: =(U15+V15+AZ15)/BI15 -> 0.62124614 | CM15: =(U15+V15+AZ15)/BM15 -> 4417.7614 | CN15: =W15/BN15 -> 0.072712272 | CO15: =W15/BH15 -> 0.063854386 | CP15: =W15/BI15 -> 0.062079928 | CQ15: =W15/BM15 -> 441.45837 | CR15: =X15/BN15 -> 0.03015169 | CS15: =X15/BH15 -> 0.026478579 | CT15: =X15/BI15 -> 0.025742762 | CU15: =X15/BM15 -> 183.0601 | CV15: =Y15/BN15 -> 0.054139658 | CW15: =Y15/BH15 -> 0.047544308 | CX15: =Y15/BI15 -> 0.046223092 | CY15: =Y15/BM15 -> 328.69837 | CZ15: =(U15+V15+W15+X15+Y15+Z15+AA15)/BN15 -> 0.89688161 | DA15: =(U15+V15+W15+X15+Y15+Z15+AA15)/BH15 -> 0.78762253 | DB15: =(U15+V15+W15+X15+Y15+Z15+AA15)/BI15 -> 0.76573518 | DC15: =(U15+V15+W15+X15+Y15+Z15+AA15)/BM15 -> 5445.2416 | DD15: =AF15/BN15 -> 0.0087040358 | DE15: =AF15/BI15 -> 0.007431289 | DF15: =AF15/BM15 -> 52.844854 | DG15: =AI15/BI15 -> 0.0015542556 | DH15: =AI15/BM15 -> 11.052512 | DI15: =AJ15/BN15 -> 0.015426145 | DJ15: =AJ15/BI15 -> 0.013170459 | DK15: =AJ15/BM15 -> 93.656829 | DL15: =AL15/BN15 -> 0.009173204 | DM15: =AL15/BI15 -> 0.0078318531 | DN15: =AL15/BM15 -> 55.693317 | DO15: =AM15/BN15 -> 0.045054281 | DP15: =AM15/BH15 -> 0.03956572 | DQ15: =AM15/BI15 -> 0.038466223 | DR15: =AM15/BM15 -> 273.53827 | DS15: =AV15/BN15 -> 0.013365609 | DT15: =IFERROR(AV15/BI15,0) -> 0.011411224 | DU15: =AV15/BM15 -> 81.146683 | DV15: =IFERROR(BA15/BN15,0) -> 0.015201261 | DW15: =IFERROR(BA15/BI15,0) -> 0.012978458 | DX15: =BA15/BM15 -> 92.291488 | DY15: =AY15/BI15 -> 0.012152388 | DZ15: =AY15/BM15 -> 86.417195 | EA15: =IFERROR(AH15/BI15,0) -> 0.030152007 | EB15: =IFERROR((AH15/BM15),0) -> 214.4148 | EC15: =IFERROR(VLOOKUP(A15,PP!$E$3:$S$130,14,0),0) -> 7
A16: 3524 | B16: 11278 | C16: Beit Shvidler | D16: =IFERROR(_xlfn.XLOOKUP($A16,CFR20252026_BenchMarkDataReport!$B:$B,CFR20252026_BenchMarkDataReport!S:S),0) -> 1350343.9 | E16: =IFERROR(_xlfn.XLOOKUP($A16,CFR20252026_BenchMarkDataReport!$B:$B,CFR20252026_BenchMarkDataReport!T:T),0) -> 0 | F16: =IFERROR(_xlfn.XLOOKUP($A16,CFR20252026_BenchMarkDataReport!$B:$B,CFR20252026_BenchMarkDataReport!U:U),0) -> 139468.79 | G16: =IFERROR(_xlfn.XLOOKUP($A16,CFR20252026_BenchMarkDataReport!$B:$B,CFR20252026_BenchMarkDataReport!V:V),0) -> 0 | H16: =IFERROR(_xlfn.XLOOKUP($A16,CFR20252026_BenchMarkDataReport!$B:$B,CFR20252026_BenchMarkDataReport!W:W),0) -> 15150 | I16: =IFERROR(_xlfn.XLOOKUP($A16,CFR20252026_BenchMarkDataReport!$B:$B,CFR20252026_BenchMarkDataReport!X:X),0) -> 108743.54 | J16: =IFERROR(_xlfn.XLOOKUP($A16,CFR20252026_BenchMarkDataReport!$B:$B,CFR20252026_BenchMarkDataReport!Y:Y),0) -> 83215.49 | K16: =IFERROR(_xlfn.XLOOKUP($A16,CFR20252026_BenchMarkDataReport!$B:$B,CFR20252026_BenchMarkDataReport!Z:Z),0) -> 0 | L16: =IFERROR(_xlfn.XLOOKUP($A16,CFR20252026_BenchMarkDataReport!$B:$B,CFR20252026_BenchMarkDataReport!AA:AA),0) -> 16763.94 | M16: =IFERROR(_xlfn.XLOOKUP($A16,CFR20252026_BenchMarkDataReport!$B:$B,CFR20252026_BenchMarkDataReport!AB:AB),0) -> 88158.97 | N16: =IFERROR(_xlfn.XLOOKUP($A16,CFR20252026_BenchMarkDataReport!$B:$B,CFR20252026_BenchMarkDataReport!AC:AC),0) -> 0 | O16: =IFERROR(_xlfn.XLOOKUP($A16,CFR20252026_BenchMarkDataReport!$B:$B,CFR20252026_BenchMarkDataReport!AD:AD),0) -> 0 | P16: =IFERROR(_xlfn.XLOOKUP($A16,CFR20252026_BenchMarkDataReport!$B:$B,CFR20252026_BenchMarkDataReport!AE:AE),0) -> 100001.25 | Q16: =IFERROR(_xlfn.XLOOKUP($A16,CFR20252026_BenchMarkDataReport!$B:$B,CFR20252026_BenchMarkDataReport!AF:AF),0) -> 453271.04 | R16: =IFERROR(_xlfn.XLOOKUP($A16,CFR20252026_BenchMarkDataReport!$B:$B,CFR20252026_BenchMarkDataReport!AG:AG),0) -> 0 | S16: =IFERROR(_xlfn.XLOOKUP($A16,CFR20252026_BenchMarkDataReport!$B:$B,CFR20252026_BenchMarkDataReport!AH:AH),0) -> 0 | T16: =IFERROR(_xlfn.XLOOKUP($A16,CFR20252026_BenchMarkDataReport!$B:$B,CFR20252026_BenchMarkDataReport!AI:AI),0) -> 0 | U16: =IFERROR(_xlfn.XLOOKUP($A16,CFR20252026_BenchMarkDataReport!$B:$B,CFR20252026_BenchMarkDataReport!AJ:AJ),0) -> 1183943.9 | V16: =IFERROR(_xlfn.XLOOKUP($A16,CFR20252026_BenchMarkDataReport!$B:$B,CFR20252026_BenchMarkDataReport!AK:AK),0) -> 0 | W16: =IFERROR(_xlfn.XLOOKUP($A16,CFR20252026_BenchMarkDataReport!$B:$B,CFR20252026_BenchMarkDataReport!AL:AL),0) -> 407271.94 | X16: =IFERROR(_xlfn.XLOOKUP($A16,CFR20252026_BenchMarkDataReport!$B:$B,CFR20252026_BenchMarkDataReport!AM:AM),0) -> 42050.7 | Y16: =IFERROR(_xlfn.XLOOKUP($A16,CFR20252026_BenchMarkDataReport!$B:$B,CFR20252026_BenchMarkDataReport!AN:AN),0) -> 134670.16 | Z16: =IFERROR(_xlfn.XLOOKUP($A16,CFR20252026_BenchMarkDataReport!$B:$B,CFR20252026_BenchMarkDataReport!AO:AO),0) -> 0 | AA16: =IFERROR(_xlfn.XLOOKUP($A16,CFR20252026_BenchMarkDataReport!$B:$B,CFR20252026_BenchMarkDataReport!AP:AP),0) -> 3536.63 | AB16: =IFERROR(_xlfn.XLOOKUP($A16,CFR20252026_BenchMarkDataReport!$B:$B,CFR20252026_BenchMarkDataReport!AQ:AQ),0) -> 6316.22 | AC16: =IFERROR(_xlfn.XLOOKUP($A16,CFR20252026_BenchMarkDataReport!$B:$B,CFR20252026_BenchMarkDataReport!AR:AR),0) -> 4188.82 | AD16: =IFERROR(_xlfn.XLOOKUP($A16,CFR20252026_BenchMarkDataReport!$B:$B,CFR20252026_BenchMarkDataReport!AS:AS),0) -> 348.84 | AE16: =IFERROR(_xlfn.XLOOKUP($A16,CFR20252026_BenchMarkDataReport!$B:$B,CFR20252026_BenchMarkDataReport!AT:AT),0) -> 0 | AF16: =IFERROR(_xlfn.XLOOKUP($A16,CFR20252026_BenchMarkDataReport!$B:$B,CFR20252026_BenchMarkDataReport!AU:AU),0) -> 53152.14 | AG16: =IFERROR(_xlfn.XLOOKUP($A16,CFR20252026_BenchMarkDataReport!$B:$B,CFR20252026_BenchMarkDataReport!AV:AV),0) -> 7516.58 | AH16: =IFERROR(_xlfn.XLOOKUP($A16,CFR20252026_BenchMarkDataReport!$B:$B,CFR20252026_BenchMarkDataReport!AW:AW),0) -> 45767.29 | AI16: =IFERROR(_xlfn.XLOOKUP($A16,CFR20252026_BenchMarkDataReport!$B:$B,CFR20252026_BenchMarkDataReport!AX:AX),0) -> 7586.19 | AJ16: =IFERROR(_xlfn.XLOOKUP($A16,CFR20252026_BenchMarkDataReport!$B:$B,CFR20252026_BenchMarkDataReport!AY:AY),0) -> 32203.95 | AK16: =IFERROR(_xlfn.XLOOKUP($A16,CFR20252026_BenchMarkDataReport!$B:$B,CFR20252026_BenchMarkDataReport!AZ:AZ),0) -> 10762.76 | AL16: =IFERROR(_xlfn.XLOOKUP($A16,CFR20252026_BenchMarkDataReport!$B:$B,CFR20252026_BenchMarkDataReport!BA:BA),0) -> 73567.82 | AM16: =IFERROR(_xlfn.XLOOKUP($A16,CFR20252026_BenchMarkDataReport!$B:$B,CFR20252026_BenchMarkDataReport!BB:BB),0) -> 89671.04 | AN16: =IFERROR(_xlfn.XLOOKUP($A16,CFR20252026_BenchMarkDataReport!$B:$B,CFR20252026_BenchMarkDataReport!BC:BC),0) -> 28003.26 | AO16: =IFERROR(_xlfn.XLOOKUP($A16,CFR20252026_BenchMarkDataReport!$B:$B,CFR20252026_BenchMarkDataReport!BD:BD),0) -> 0 | AP16: =IFERROR(_xlfn.XLOOKUP($A16,CFR20252026_BenchMarkDataReport!$B:$B,CFR20252026_BenchMarkDataReport!BE:BE),0) -> 0 | AQ16: =IFERROR(_xlfn.XLOOKUP($A16,CFR20252026_BenchMarkDataReport!$B:$B,CFR20252026_BenchMarkDataReport!BF:BF),0) -> 0 | AR16: =IFERROR(_xlfn.XLOOKUP($A16,CFR20252026_BenchMarkDataReport!$B:$B,CFR20252026_BenchMarkDataReport!BG:BG),0) -> 0 | AS16: =IFERROR(_xlfn.XLOOKUP($A16,CFR20252026_BenchMarkDataReport!$B:$B,CFR20252026_BenchMarkDataReport!BH:BH),0) -> 0 | AT16: =IFERROR(_xlfn.XLOOKUP($A16,CFR20252026_BenchMarkDataReport!$B:$B,CFR20252026_BenchMarkDataReport!BI:BI),0) -> 0 | AU16: =IFERROR(_xlfn.XLOOKUP($A16,CFR20252026_BenchMarkDataReport!$B:$B,CFR20252026_BenchMarkDataReport!BJ:BJ),0) -> 0 | AV16: =IFERROR(_xlfn.XLOOKUP($A16,CFR20252026_BenchMarkDataReport!$B:$B,CFR20252026_BenchMarkDataReport!BK:BK),0) -> 25198.06 | AW16: =IFERROR(_xlfn.XLOOKUP($A16,CFR20252026_BenchMarkDataReport!$B:$B,CFR20252026_BenchMarkDataReport!BL:BL),0) -> 10003.12 | AX16: =IFERROR(_xlfn.XLOOKUP($A16,CFR20252026_BenchMarkDataReport!$B:$B,CFR20252026_BenchMarkDataReport!BM:BM),0) -> 0 | AY16: =IFERROR(_xlfn.XLOOKUP($A16,CFR20252026_BenchMarkDataReport!$B:$B,CFR20252026_BenchMarkDataReport!BN:BN),0) -> 187856.93 | AZ16: =IFERROR(_xlfn.XLOOKUP($A16,CFR20252026_BenchMarkDataReport!$B:$B,CFR20252026_BenchMarkDataReport!BO:BO),0) -> 5495 | BA16: =IFERROR(_xlfn.XLOOKUP($A16,CFR20252026_BenchMarkDataReport!$B:$B,CFR20252026_BenchMarkDataReport!BP:BP),0) -> 44686.92 | BB16: =IFERROR(_xlfn.XLOOKUP($A16,CFR20252026_BenchMarkDataReport!$B:$B,CFR20252026_BenchMarkDataReport!BQ:BQ),0) -> 21750.26 | BC16: =IFERROR(_xlfn.XLOOKUP($A16,CFR20252026_BenchMarkDataReport!$B:$B,CFR20252026_BenchMarkDataReport!BR:BR),0) -> 14955.1 | BD16: =IFERROR(_xlfn.XLOOKUP($A16,CFR20252026_BenchMarkDataReport!$B:$B,CFR20252026_BenchMarkDataReport!BS:BS),0) -> 0 | BE16: =IFERROR(_xlfn.XLOOKUP($A16,CFR20252026_BenchMarkDataReport!$B:$B,CFR20252026_BenchMarkDataReport!BT:BT),0) -> 0 | BF16: =IFERROR(_xlfn.XLOOKUP($A16,CFR20252026_BenchMarkDataReport!$B:$B,CFR20252026_BenchMarkDataReport!BU:BU),0) -> 0 | BG16: =IFERROR(_xlfn.XLOOKUP($A16,CFR20252026_BenchMarkDataReport!$B:$B,CFR20252026_BenchMarkDataReport!BV:BV),0) -> 0 | BH16: =SUM(D16:R16) -> 2355117 | BI16: =SUM(U16:BE16) -> 2440503.6 | BJ16: =BH16-BI16 -> -85386.65 | BK16: =IFERROR(_xlfn.XLOOKUP(A16,CFR20252026_BenchMarkDataReport!$B:$B,CFR20252026_BenchMarkDataReport!P:P)+_xlfn.XLOOKUP(A16,CFR20252026_BenchMarkDataReport!$B:$B,CFR20252026_BenchMarkDataReport!Q:Q),0) -> 88765 | BL16: =SUM(BJ16:BK16) -> 3378.35 | BM16: =SUMIFS(PP!I:I,PP!E:E,A16) -> 204 | BN16: =D16+E16+F16 -> 1489812.7 | BO16: P | BP16: =IFERROR(D16/BH16,0) -> 0.57336598 | BQ16: =D16/BM16 -> 6619.333 | BR16: =E16/BH16 -> 0 | BS16: =E16/BM16 -> 0 | BT16: =F16/BH16 -> 0.059219475 | BU16: =F16/BM16 -> 683.67054 | BV16: =G16/BH16 -> 0 | BW16: =G16/BM16 -> 0 | BX16: =H16/BH16 -> 0.0064328015 | BY16: =H16/BM16 -> 74.264706 | BZ16: =I16/BH16 -> 0.046173308 | CA16: =I16/BM16 -> 533.05657 | CB16: =J16/BH16 -> 0.03533391 | CC16: =J16/BM16 -> 407.91907 | CD16: =IFERROR((K16+L16)/BH16,0) -> 0.0071180923 | CE16: =IFERROR((K16+L16)/BM16,0) -> 82.176176 | CF16: =P16/BH16 -> 0.042461267 | CG16: =P16/BM16 -> 490.20221 | CH16: =Q16/BH16 -> 0.19246222 | CI16: =Q16/BM16 -> 2221.9169 | CJ16: =(U16+V16+AZ16)/BN16 -> 0.79838147 | CK16: =(U16+V16+AZ16)/BH16 -> 0.50504451 | CL16: =(U16+V16+AZ16)/BI16 -> 0.48737436 | CM16: =(U16+V16+AZ16)/BM16 -> 5830.5827 | CN16: =W16/BN16 -> 0.27337123 | CO16: =W16/BH16 -> 0.17293066 | CP16: =W16/BI16 -> 0.16688029 | CQ16: =W16/BM16 -> 1996.4311 | CR16: =X16/BN16 -> 0.028225494 | CS16: =X16/BH16 -> 0.017855037 | CT16: =X16/BI16 -> 0.017230337 | CU16: =X16/BM16 -> 206.13088 | CV16: =Y16/BN16 -> 0.090394019 | CW16: =Y16/BH16 -> 0.057181941 | CX16: =Y16/BI16 -> 0.055181299 | CY16: =Y16/BM16 -> 660.14784 | CZ16: =(U16+V16+W16+X16+Y16+Z16+AA16)/BN16 -> 1.1890577 | DA16: =(U16+V16+W16+X16+Y16+Z16+AA16)/BH16 -> 0.75218061 | DB16: =(U16+V16+W16+X16+Y16+Z16+AA16)/BI16 -> 0.72586384 | DC16: =(U16+V16+W16+X16+Y16+Z16+AA16)/BM16 -> 8683.6927 | DD16: =AF16/BN16 -> 0.035677061 | DE16: =AF16/BI16 -> 0.021779169 | DF16: =AF16/BM16 -> 260.54971 | DG16: =AI16/BI16 -> 0.0031084527 | DH16: =AI16/BM16 -> 37.187206 | DI16: =AJ16/BN16 -> 0.021616106 | DJ16: =AJ16/BI16 -> 0.013195617 | DK16: =AJ16/BM16 -> 157.8625 | DL16: =AL16/BN16 -> 0.049380582 | DM16: =AL16/BI16 -> 0.030144524 | DN16: =AL16/BM16 -> 360.62657 | DO16: =AM16/BN16 -> 0.060189471 | DP16: =AM16/BH16 -> 0.038074984 | DQ16: =AM16/BI16 -> 0.036742843 | DR16: =AM16/BM16 -> 439.56392 | DS16: =AV16/BN16 -> 0.016913575 | DT16: =IFERROR(AV16/BI16,0) -> 0.010324943 | DU16: =AV16/BM16 -> 123.5199 | DV16: =IFERROR(BA16/BN16,0) -> 0.029994991 | DW16: =IFERROR(BA16/BI16,0) -> 0.018310532 | DX16: =BA16/BM16 -> 219.05353 | DY16: =AY16/BI16 -> 0.076974658 | DZ16: =AY16/BM16 -> 920.8673 | EA16: =IFERROR(AH16/BI16,0) -> 0.018753215 | EB16: =IFERROR((AH16/BM16),0) -> 224.34946 | EC16: =IFERROR(VLOOKUP(A16,PP!$E$3:$S$130,14,0),0) -> 10
A17: 3511 | B17: 10115 | C17: Blessed Dominic RC School | D17: =IFERROR(_xlfn.XLOOKUP($A17,CFR20252026_BenchMarkDataReport!$B:$B,CFR20252026_BenchMarkDataReport!S:S),0) -> 2720762.9 | E17: =IFERROR(_xlfn.XLOOKUP($A17,CFR20252026_BenchMarkDataReport!$B:$B,CFR20252026_BenchMarkDataReport!T:T),0) -> 0 | F17: =IFERROR(_xlfn.XLOOKUP($A17,CFR20252026_BenchMarkDataReport!$B:$B,CFR20252026_BenchMarkDataReport!U:U),0) -> 166212.98 | G17: =IFERROR(_xlfn.XLOOKUP($A17,CFR20252026_BenchMarkDataReport!$B:$B,CFR20252026_BenchMarkDataReport!V:V),0) -> 0 | H17: =IFERROR(_xlfn.XLOOKUP($A17,CFR20252026_BenchMarkDataReport!$B:$B,CFR20252026_BenchMarkDataReport!W:W),0) -> 140685 | I17: =IFERROR(_xlfn.XLOOKUP($A17,CFR20252026_BenchMarkDataReport!$B:$B,CFR20252026_BenchMarkDataReport!X:X),0) -> 81593.42 | J17: =IFERROR(_xlfn.XLOOKUP($A17,CFR20252026_BenchMarkDataReport!$B:$B,CFR20252026_BenchMarkDataReport!Y:Y),0) -> 102076 | K17: =IFERROR(_xlfn.XLOOKUP($A17,CFR20252026_BenchMarkDataReport!$B:$B,CFR20252026_BenchMarkDataReport!Z:Z),0) -> 0 | L17: =IFERROR(_xlfn.XLOOKUP($A17,CFR20252026_BenchMarkDataReport!$B:$B,CFR20252026_BenchMarkDataReport!AA:AA),0) -> 56957.17 | M17: =IFERROR(_xlfn.XLOOKUP($A17,CFR20252026_BenchMarkDataReport!$B:$B,CFR20252026_BenchMarkDataReport!AB:AB),0) -> 1479.61 | N17: =IFERROR(_xlfn.XLOOKUP($A17,CFR20252026_BenchMarkDataReport!$B:$B,CFR20252026_BenchMarkDataReport!AC:AC),0) -> 0 | O17: =IFERROR(_xlfn.XLOOKUP($A17,CFR20252026_BenchMarkDataReport!$B:$B,CFR20252026_BenchMarkDataReport!AD:AD),0) -> 0 | P17: =IFERROR(_xlfn.XLOOKUP($A17,CFR20252026_BenchMarkDataReport!$B:$B,CFR20252026_BenchMarkDataReport!AE:AE),0) -> 53813.72 | Q17: =IFERROR(_xlfn.XLOOKUP($A17,CFR20252026_BenchMarkDataReport!$B:$B,CFR20252026_BenchMarkDataReport!AF:AF),0) -> 35775.54 | R17: =IFERROR(_xlfn.XLOOKUP($A17,CFR20252026_BenchMarkDataReport!$B:$B,CFR20252026_BenchMarkDataReport!AG:AG),0) -> 0 | S17: =IFERROR(_xlfn.XLOOKUP($A17,CFR20252026_BenchMarkDataReport!$B:$B,CFR20252026_BenchMarkDataReport!AH:AH),0) -> 0 | T17: =IFERROR(_xlfn.XLOOKUP($A17,CFR20252026_BenchMarkDataReport!$B:$B,CFR20252026_BenchMarkDataReport!AI:AI),0) -> 0 | U17: =IFERROR(_xlfn.XLOOKUP($A17,CFR20252026_BenchMarkDataReport!$B:$B,CFR20252026_BenchMarkDataReport!AJ:AJ),0) -> 1394122.3 | V17: =IFERROR(_xlfn.XLOOKUP($A17,CFR20252026_BenchMarkDataReport!$B:$B,CFR20252026_BenchMarkDataReport!AK:AK),0) -> 0 | W17: =IFERROR(_xlfn.XLOOKUP($A17,CFR20252026_BenchMarkDataReport!$B:$B,CFR20252026_BenchMarkDataReport!AL:AL),0) -> 604972.28 | X17: =IFERROR(_xlfn.XLOOKUP($A17,CFR20252026_BenchMarkDataReport!$B:$B,CFR20252026_BenchMarkDataReport!AM:AM),0) -> 52302.98 | Y17: =IFERROR(_xlfn.XLOOKUP($A17,CFR20252026_BenchMarkDataReport!$B:$B,CFR20252026_BenchMarkDataReport!AN:AN),0) -> 183783.93 | Z17: =IFERROR(_xlfn.XLOOKUP($A17,CFR20252026_BenchMarkDataReport!$B:$B,CFR20252026_BenchMarkDataReport!AO:AO),0) -> 0 | AA17: =IFERROR(_xlfn.XLOOKUP($A17,CFR20252026_BenchMarkDataReport!$B:$B,CFR20252026_BenchMarkDataReport!AP:AP),0) -> 14871.86 | AB17: =IFERROR(_xlfn.XLOOKUP($A17,CFR20252026_BenchMarkDataReport!$B:$B,CFR20252026_BenchMarkDataReport!AQ:AQ),0) -> 3024.02 | AC17: =IFERROR(_xlfn.XLOOKUP($A17,CFR20252026_BenchMarkDataReport!$B:$B,CFR20252026_BenchMarkDataReport!AR:AR),0) -> 9355.38 | AD17: =IFERROR(_xlfn.XLOOKUP($A17,CFR20252026_BenchMarkDataReport!$B:$B,CFR20252026_BenchMarkDataReport!AS:AS),0) -> 11214.8 | AE17: =IFERROR(_xlfn.XLOOKUP($A17,CFR20252026_BenchMarkDataReport!$B:$B,CFR20252026_BenchMarkDataReport!AT:AT),0) -> 0 | AF17: =IFERROR(_xlfn.XLOOKUP($A17,CFR20252026_BenchMarkDataReport!$B:$B,CFR20252026_BenchMarkDataReport!AU:AU),0) -> 26853.71 | AG17: =IFERROR(_xlfn.XLOOKUP($A17,CFR20252026_BenchMarkDataReport!$B:$B,CFR20252026_BenchMarkDataReport!AV:AV),0) -> 13471 | AH17: =IFERROR(_xlfn.XLOOKUP($A17,CFR20252026_BenchMarkDataReport!$B:$B,CFR20252026_BenchMarkDataReport!AW:AW),0) -> 68315.09 | AI17: =IFERROR(_xlfn.XLOOKUP($A17,CFR20252026_BenchMarkDataReport!$B:$B,CFR20252026_BenchMarkDataReport!AX:AX),0) -> 7928.47 | AJ17: =IFERROR(_xlfn.XLOOKUP($A17,CFR20252026_BenchMarkDataReport!$B:$B,CFR20252026_BenchMarkDataReport!AY:AY),0) -> 31197.56 | AK17: =IFERROR(_xlfn.XLOOKUP($A17,CFR20252026_BenchMarkDataReport!$B:$B,CFR20252026_BenchMarkDataReport!AZ:AZ),0) -> -4887.75 | AL17: =IFERROR(_xlfn.XLOOKUP($A17,CFR20252026_BenchMarkDataReport!$B:$B,CFR20252026_BenchMarkDataReport!BA:BA),0) -> 19447.58 | AM17: =IFERROR(_xlfn.XLOOKUP($A17,CFR20252026_BenchMarkDataReport!$B:$B,CFR20252026_BenchMarkDataReport!BB:BB),0) -> 95357.61 | AN17: =IFERROR(_xlfn.XLOOKUP($A17,CFR20252026_BenchMarkDataReport!$B:$B,CFR20252026_BenchMarkDataReport!BC:BC),0) -> 9981.18 | AO17: =IFERROR(_xlfn.XLOOKUP($A17,CFR20252026_BenchMarkDataReport!$B:$B,CFR20252026_BenchMarkDataReport!BD:BD),0) -> 0 | AP17: =IFERROR(_xlfn.XLOOKUP($A17,CFR20252026_BenchMarkDataReport!$B:$B,CFR20252026_BenchMarkDataReport!BE:BE),0) -> 18727.75 | AQ17: =IFERROR(_xlfn.XLOOKUP($A17,CFR20252026_BenchMarkDataReport!$B:$B,CFR20252026_BenchMarkDataReport!BF:BF),0) -> 13513.2 | AR17: =IFERROR(_xlfn.XLOOKUP($A17,CFR20252026_BenchMarkDataReport!$B:$B,CFR20252026_BenchMarkDataReport!BG:BG),0) -> 860 | AS17: =IFERROR(_xlfn.XLOOKUP($A17,CFR20252026_BenchMarkDataReport!$B:$B,CFR20252026_BenchMarkDataReport!BH:BH),0) -> 3599.31 | AT17: =IFERROR(_xlfn.XLOOKUP($A17,CFR20252026_BenchMarkDataReport!$B:$B,CFR20252026_BenchMarkDataReport!BI:BI),0) -> 15764.8 | AU17: =IFERROR(_xlfn.XLOOKUP($A17,CFR20252026_BenchMarkDataReport!$B:$B,CFR20252026_BenchMarkDataReport!BJ:BJ),0) -> 0 | AV17: =IFERROR(_xlfn.XLOOKUP($A17,CFR20252026_BenchMarkDataReport!$B:$B,CFR20252026_BenchMarkDataReport!BK:BK),0) -> 7593.37 | AW17: =IFERROR(_xlfn.XLOOKUP($A17,CFR20252026_BenchMarkDataReport!$B:$B,CFR20252026_BenchMarkDataReport!BL:BL),0) -> 18956.34 | AX17: =IFERROR(_xlfn.XLOOKUP($A17,CFR20252026_BenchMarkDataReport!$B:$B,CFR20252026_BenchMarkDataReport!BM:BM),0) -> 52345.24 | AY17: =IFERROR(_xlfn.XLOOKUP($A17,CFR20252026_BenchMarkDataReport!$B:$B,CFR20252026_BenchMarkDataReport!BN:BN),0) -> 172809.54 | AZ17: =IFERROR(_xlfn.XLOOKUP($A17,CFR20252026_BenchMarkDataReport!$B:$B,CFR20252026_BenchMarkDataReport!BO:BO),0) -> 147552.83 | BA17: =IFERROR(_xlfn.XLOOKUP($A17,CFR20252026_BenchMarkDataReport!$B:$B,CFR20252026_BenchMarkDataReport!BP:BP),0) -> 349842.72 | BB17: =IFERROR(_xlfn.XLOOKUP($A17,CFR20252026_BenchMarkDataReport!$B:$B,CFR20252026_BenchMarkDataReport!BQ:BQ),0) -> 31956.71 | BC17: =IFERROR(_xlfn.XLOOKUP($A17,CFR20252026_BenchMarkDataReport!$B:$B,CFR20252026_BenchMarkDataReport!BR:BR),0) -> 0 | BD17: =IFERROR(_xlfn.XLOOKUP($A17,CFR20252026_BenchMarkDataReport!$B:$B,CFR20252026_BenchMarkDataReport!BS:BS),0) -> 0 | BE17: =IFERROR(_xlfn.XLOOKUP($A17,CFR20252026_BenchMarkDataReport!$B:$B,CFR20252026_BenchMarkDataReport!BT:BT),0) -> 23698.5 | BF17: =IFERROR(_xlfn.XLOOKUP($A17,CFR20252026_BenchMarkDataReport!$B:$B,CFR20252026_BenchMarkDataReport!BU:BU),0) -> 0 | BG17: =IFERROR(_xlfn.XLOOKUP($A17,CFR20252026_BenchMarkDataReport!$B:$B,CFR20252026_BenchMarkDataReport!BV:BV),0) -> 0 | BH17: =SUM(D17:R17) -> 3359356.3 | BI17: =SUM(U17:BE17) -> 3398532.3 | BJ17: =BH17-BI17 -> -39176 | BK17: =IFERROR(_xlfn.XLOOKUP(A17,CFR20252026_BenchMarkDataReport!$B:$B,CFR20252026_BenchMarkDataReport!P:P)+_xlfn.XLOOKUP(A17,CFR20252026_BenchMarkDataReport!$B:$B,CFR20252026_BenchMarkDataReport!Q:Q),0) -> 272995 | BL17: =SUM(BJ17:BK17) -> 233819 | BM17: =SUMIFS(PP!I:I,PP!E:E,A17) -> 418 | BN17: =D17+E17+F17 -> 2886975.9 | BO17: P | BP17: =IFERROR(D17/BH17,0) -> 0.80990601 | BQ17: =D17/BM17 -> 6509.0021 | BR17: =E17/BH17 -> 0 | BS17: =E17/BM17 -> 0 | BT17: =F17/BH17 -> 0.049477627 | BU17: =F17/BM17 -> 397.63871 | BV17: =G17/BH17 -> 0 | BW17: =G17/BM17 -> 0 | BX17: =H17/BH17 -> 0.041878558 | BY17: =H17/BM17 -> 336.56699 | BZ17: =I17/BH17 -> 0.024288409 | CA17: =I17/BM17 -> 195.19957 | CB17: =J17/BH17 -> 0.030385583 | CC17: =J17/BM17 -> 244.20096 | CD17: =IFERROR((K17+L17)/BH17,0) -> 0.016954787 | CE17: =IFERROR((K17+L17)/BM17,0) -> 136.26117 | CF17: =P17/BH17 -> 0.016019057 | CG17: =P17/BM17 -> 128.74096 | CH17: =Q17/BH17 -> 0.010649522 | CI17: =Q17/BM17 -> 85.587416 | CJ17: =(U17+V17+AZ17)/BN17 -> 0.5340104 | CK17: =(U17+V17+AZ17)/BH17 -> 0.4589198 | CL17: =(U17+V17+AZ17)/BI17 -> 0.45362968 | CM17: =(U17+V17+AZ17)/BM17 -> 3688.218 | CN17: =W17/BN17 -> 0.20955225 | CO17: =W17/BH17 -> 0.18008577 | CP17: =W17/BI17 -> 0.17800987 | CQ17: =W17/BM17 -> 1447.3021 | CR17: =X17/BN17 -> 0.018116875 | CS17: =X17/BH17 -> 0.015569346 | CT17: =X17/BI17 -> 0.015389873 | CU17: =X17/BM17 -> 125.12675 | CV17: =Y17/BN17 -> 0.06365967 | CW17: =Y17/BH17 -> 0.054708079 | CX17: =Y17/BI17 -> 0.054077441 | CY17: =Y17/BM17 -> 439.67447 | CZ17: =(U17+V17+W17+X17+Y17+Z17+AA17)/BN17 -> 0.77938073 | DA17: =(U17+V17+W17+X17+Y17+Z17+AA17)/BH17 -> 0.66978705 | DB17: =(U17+V17+W17+X17+Y17+Z17+AA17)/BI17 -> 0.66206619 | DC17: =(U17+V17+W17+X17+Y17+Z17+AA17)/BM17 -> 5382.9028 | DD17: =AF17/BN17 -> 0.0093016746 | DE17: =AF17/BI17 -> 0.0079015609 | DF17: =AF17/BM17 -> 64.243325 | DG17: =AI17/BI17 -> 0.00233291 | DH17: =AI17/BM17 -> 18.967632 | DI17: =AJ17/BN17 -> 0.010806311 | DJ17: =AJ17/BI17 -> 0.0091797156 | DK17: =AJ17/BM17 -> 74.635311 | DL17: =AL17/BN17 -> 0.0067363154 | DM17: =AL17/BI17 -> 0.0057223466 | DN17: =AL17/BM17 -> 46.525311 | DO17: =AM17/BN17 -> 0.033030276 | DP17: =AM17/BH17 -> 0.028385679 | DQ17: =AM17/BI17 -> 0.028058468 | DR17: =AM17/BM17 -> 228.12825 | DS17: =AV17/BN17 -> 0.002630216 | DT17: =IFERROR(AV17/BI17,0) -> 0.0022343086 | DU17: =AV17/BM17 -> 18.165957 | DV17: =IFERROR(BA17/BN17,0) -> 0.12117965 | DW17: =IFERROR(BA17/BI17,0) -> 0.10293935 | DX17: =BA17/BM17 -> 836.94431 | DY17: =AY17/BI17 -> 0.050848285 | DZ17: =AY17/BM17 -> 413.41995 | EA17: =IFERROR(AH17/BI17,0) -> 0.020101351 | EB17: =IFERROR((AH17/BM17),0) -> 163.43323 | EC17: =IFERROR(VLOOKUP(A17,PP!$E$3:$S$130,14,0),0) -> 83
